 Dungeon Crawl Stone Soup version 0.30-a0-170-g85af917532 (webtiles) character file.

Game seed: 6965500218363439829

709355 qw the Bringer of Light (level 27, -14/197 HPs)
             Began as a Gargoyle Fighter on Sept 30, 2022.
             Was the Champion of the Shining One.
             Killed by divine providence
             ... invoked by a smoke demon
              (15 damage)
             ... in Pandemonium.
             The game lasted 00:45:23 (70128 turns).

qw the Bringer of Light (Gargoyle Fighter)         Turns: 70128, Time: 00:45:23

Health: -14/197    AC: 74    Str: 31      XL:     27
Magic:  0/40       EV: 13    Int:  5 (6)  God:    the Shining One [******]
Gold:   5240       SH: 25    Dex:  8      Spells: 26/26 levels left

rFire   + . .      SeeInvis .    v - +9 broad axe (holy)
rCold   + + .      Faith    .    y - +0 tower shield
rNeg    + + +      Spirit   .    M - +3 crystal plate armour "Meugur" {rF+ Dex-5 Slay+4}
rPois   inf        Reflect  +    p - +2 hat of Syruc {rCorr Str+2}
rElec   +          Harm     .    Q - +2 cloak
rCorr   +          Rampage  .    E - +4 pair of gloves of Tenacity {Str+2}
Will    ++...                    a - +2 pair of boots "Hattosoc" {Contam rPois rC++ Stlth-}
Stlth   ..........               x - amulet of reflection
HPRegen 0.00/turn                C - ring "Emmoi" {Contam +Blink rElec EV+4 Slay+4}
MPRegen 0.27/turn                K - +4 ring of protection

@: flying, inhibited regen, glowing
A: sickness immunity, AC +20, big wings, negative energy resistance 1,
electricity resistance, torment resistance 1, petrification resistance, claws 1,
agile 1, deterioration 1, dopey 2, shaggy fur 1, inhibited regeneration, weak 2,
inability to drink after injury 1
}: 5/15 runes: barnacled, silver, golden, dark, gossamer
a: Renounce Religion, Evoke Blink, Divine Shield, Cleansing Flame, Summon Divine
Warrior


You were in Pandemonium.
You worshipped the Shining One.
The Shining One was exalted by your worship.
You visited 10 branches of the dungeon, and saw 49 of its levels.
You visited Pandemonium 1 time, and saw 6 of its levels.
You visited the Abyss 2 times.

You collected 10167 gold pieces.
You spent 4927 gold pieces at shops.


Innate Abilities, Weirdness & Mutations

You are immune to sickness and miasma.
Your stone body is resilient. (AC +20)
You are immune to poison.
Your large and strong wings let you fly.
You resist negative energy. (rN+)
You are resistant to electric shocks. (rElec)
You are resistant to unholy torment.
You are immune to petrification.
You have sharp fingernails.
You are agile. (Dex +4, Str/Int -1)
Your body sometimes deteriorates upon taking damage.
You are very dopey. (Int -4)
You are covered in fur. (AC +1)
You do not regenerate when monsters are visible.
You are very weak. (Str -4)
You occasionally lose the ability to drink potions when taking damage.


   Skills:
 - Level 26.8 Fighting
 - Level 4.9 Short Blades
 - Level 18.0 Axes
 - Level 15.0 Throwing
 + Level 24.8 Armour
 - Level 9.1 Dodging
 - Level 21.0 Shields
 O Level 27 Invocations


You had 26 spell levels left.
You didn't know any spells.
Your spell library was empty.

Inventory:

Hand Weapons
 q - the +4 broad axe of the Silent Majority {speed, rF+ rC+}
   (Okawaru gifted it to you on level 5 of the Lair of Beasts)

   Attacks with this weapon are significantly faster.
   rF:        It protects you from fire.
   rC:        It protects you from cold.
 v - a +9 broad axe of holy wrath (weapon)
Missiles
 c - 34 boomerangs (quivered)
Armour
 a - the +2 pair of boots "Hattosoc" (worn) {Contam rPois rC++ Stlth-}
   (You found it on level 3 of the Tomb of the Ancients)

   rC:        It greatly protects you from cold.
   rPois:     It protects you from poison.
   Contam:    It causes magical contamination when unequipped.
   Stlth:     It makes you less stealthy.
 f - the +4 scale mail "Niozieh" {rElec rCorr MP+9 Int-2}
   (You found it on level 4 of the Vaults)

   Int:       It affects your intelligence (-2).
   rElec:     It insulates you from electricity.
   MP:        It affects your magic capacity (+9).
   rCorr:     It protects you from acid and corrosion.
 p - the +2 hat of Syruc (worn) {rCorr Str+2}
   (You found it on level 13 of the Dungeon)

   Str:       It affects your strength (+2).
   rCorr:     It protects you from acid and corrosion.
 y - a +0 tower shield (worn)
 E - the +4 pair of gloves of Tenacity (worn) {Str+2}
   (You found it on level 1 of the Shoals)

   Str:       It affects your strength (+2).
 G - the +6 ice dragon scales "Soujeet" {rF- rC++ Str+2 SInv}
   (You bought it in a shop on level 2 of the Orcish Mines)

   Str:       It affects your strength (+2).
   rF:        It makes you vulnerable to fire.
   rC:        It greatly protects you from cold.
   SInv:      It lets you see invisible.
 M - the +3 crystal plate armour "Meugur" (worn) {rF+ Dex-5 Slay+4}
   (Okawaru gifted it to you on level 3 of the Vaults)

   Dex:       It affects your dexterity (-5).
   Slay:      It affects your accuracy & damage with ranged weapons and melee
   (+4).
   rF:        It protects you from fire.
 O - a +2 helmet
 Q - a +2 cloak (worn)
 S - the +3 pair of seven-league boots {Rampage+∞}
   (You found it on level 5 of the Vaults)

   Its wearer moves as far as possible in that direction when moving towards
   enemies.
Jewellery
 t - a ring of resist corrosion
 u - a ring of resist corrosion
 x - an amulet of reflection (around neck)
 z - the ring of Fedhas, Building {rF++ Int+6 Slay-2}
   (You found it on level 4 of the Shoals)

   [ring of intelligence]

   Int:       It affects your intelligence (+6).
   Slay:      It affects your accuracy & damage with ranged weapons and melee
   (-2).
   rF:        It greatly protects you from fire.
 C - the ring "Emmoi" (left hand) {Contam +Blink rElec EV+4 Slay+4}
   (You found it on level 3 of the Crypt)

   [ring of evasion]

   EV:        It affects your evasion (+4).
   Slay:      It affects your accuracy & damage with ranged weapons and melee
   (+4).
   rElec:     It insulates you from electricity.
   +Blink:    It lets you blink.
   Contam:    It causes magical contamination when unequipped.
 H - a ring of protection from fire
 J - a ring of protection from cold
 K - a +4 ring of protection (right hand)
 L - the amulet "Ruviadgh" {RegenMP rC+ rN+ Will+ Str-4}
   (You found it on level 2 of the Depths)

   [amulet of magic regeneration]

   It increases your rate of magic regeneration.
   Str:       It affects your strength (-4).
   rC:        It protects you from cold.
   rN:        It protects you from negative energy.
   Will:      It increases your willpower.
 T - the ring "Laxzovu" {Ice Dex+4}
   (You found it on level 5 of the Vaults)

   [ring of ice]

   It enhances your ice magic.
   Dex:       It affects your dexterity (+4).
   rF:        It makes you vulnerable to fire.
   rC:        It protects you from cold.
Scrolls
 h - 10 scrolls of identify
 k - 5 scrolls of brand weapon
 A - 2 scrolls of enchant armour
Potions
 b - 11 potions of attraction
 d - 7 potions of might
 m - 32 potions of curing
 o - 2 potions of resistance
 s - 7 potions of cancellation
 w - 14 potions of lignification
 B - 7 potions of haste

Dungeon Overview and Level Annotations

Branches:
Dungeon (15/15)            Temple (0/1) D:7            Lair (5/5) D:11
 Shoals (4/4) Lair:3       Spider (4/4) Lair:2        Slime (0/5) Lair:5
    Orc (2/2) D:9             Elf (0/3) Orc:2        Vaults (5/5) D:13
  Crypt (3/3) Vaults:3       Tomb (3/3) Crypt:3      Depths (4/4) D:15
    Zot (4/5) Depths:4

Altars:
Ashenzari
Cheibriados
Dithmenos
Elyvilon
Fedhas
Gozag
Hepliaklqana
Kikubaaqudgha
Makhleb
Nemelex Xobeh
Okawaru
Qazlal
Ru
Sif Muna
Trog
Uskayaw
Vehumet
Wu Jian
Xom
Yredelemnul
Zin
The Shining One

Shops:
D:14 *(!   Orc:2 *[*:   Shoals:2 =   Shoals:3 *   Vaults:5 *

Portals:
Hell: Depths:1 Depths:2 Depths:3 Depths:4
Abyss: Depths:3
Pandemonium: Orc:2 Depths:2 Depths:3 Depths:4
Ziggurat: Depths:4

Annotations:
D:11 3 runed translucent doors, qw's ghost, journeyman GrFi
Crypt:1 2 transporters
Depths:2 3 runed translucent doors
Zot:2 2 transporters, Jiorhin's ghost, legendary TrBe
Zot:4 3 runed translucent doors, qw's ghost, veteran GrFi


Message History

The ghost moth stares at you. The ghost moth stares at you.
You feel your power leaking away.
An Executioner comes into view.
The ghost moth stares at you.
You feel your power leaking away.
The Executioner moves out of view.
The ghost moth stares at you.
You feel your power leaking away. The smoke demon gestures at you.
Something smites you! The ghost moth stares at you.
The ghost moth stares at you.
You feel your power leaking away. The ghost moth stares at you.
The smoke demon gestures at you. Something smites you!
The ghost moth stares at you.
You feel your power leaking away. The ghost moth stares at you.
The ghost moth stares at you. The smoke demon gestures at you.
Something smites you! The ghost moth stares at you.
The ghost moth stares at you.
You feel your power leaking away. The ghost moth stares at you.
The ghost moth stares at you.
You feel your power leaking away. The ghost moth stares at you.
The ghost moth stares at you. The smoke demon gestures at you.
Something smites you! The ghost moth stares at you.
You feel your power leaking away. The ghost moth stares at you.
The ghost moth stares at you. The ghost moth stares at you.
You feel your power leaking away. The ghost moth stares at you.
The smoke demon gestures at you. Something smites you!
You die...

.###......((......#
##.#######)..###..#
.###(...(##).#3#..#
..........).)###..#
..............(...###############
....................(............
.......###....#.....(............
.......#y#....##.................
.......###.....#@................
.............?.#...%.............
...............#............)....
...\....(.....###..........)..###
...........#y#.............#
..........###........)....#
..........?#..............#
..........)#..............###
......###.##.................


You could see a ghost moth (invisible) and a smoke demon.

Vanquished Creatures
  Gloorx Vloq (Pan)
  2 ancient liches (Abyss:2)
  Khufu (Tomb:3)
  Mara (Depths:3)
  An orb of fire (Zot:4)
  3 pandemonium lords (Pan)
  24 royal mummies
  2 juggernauts (Depths:3)
  Boris (5 times) (Vaults:3 Vaults:4 Depths:1 Depths:3 Crypt:2)
  Vv (Crypt:1)
  Frederick (Crypt:2)
  Bai Suzhen (Depths:1)
  Margery (Vaults:3)
  2 caustic shrikes
  4 curse toes
  Jory (Vaults:4)
  5 golden dragons
  A bone dragon (Abyss:2)
  3 doom hounds (Crypt:1)
  4 Brimstone Fiends (Pan)
  A Tzitzimitl (Pan)
  2 electric golems (Zot:1)
  Zenata (Crypt:1)
  An Ice Fiend (Pan)
  15 tentacled monstrosities
  4 liches
  Grunn (Crypt:1)
  7 deep elf blademasters
  5 quicksilver dragons
  A walking divine tome (Depths:2)
  5 acid blobs (Depths:2)
  3 deep elf master archers
  A walking frostbound tome (Depths:3)
  15 titans
  17 Executioners (Pan)
  6 ancient champions
  A kraken (Shoals:3)
  Frances (Spider:1)
  A tentacled starspawn (Abyss:2)
  9 tengu reavers (Vaults:5)
  14 shadow dragons
  9 death cobs
  13 storm dragons
  10 sphinxes
  Gastronok (D:8)
  2 demonspawn warmongers (Pan)
  26 fire giants
  5 rockslimes (Depths:2)
  4 azure jellies (Depths:2)
  Donald (Spider:1)
  4 draconian monks
  2 draconian knights
  A revenant (Vaults:3)
  4 emperor scorpions (Spider:4)
  24 frost giants
  6 balrugs
  3 draconian scorchers (Zot:1)
  11 vault wardens
  A caustic shrike zombie (Crypt:3)
  3 iron dragons
  5 cacodemons (Pan)
  A deep elf sorcerer (Vaults:5)
  5 ghost moths
  A juggernaut zombie (Depths:3)
  5 draconian shifters
  An angel (Pan)
  A quicksilver ooze (shapeshifter) (Vaults:5)
  3 demonspawn corrupters (Pan)
  2 spriggan defenders (Depths:4)
  3 orc warlords
  7 draconian stormcallers
  2 ghouls
  A war gargoyle (Vaults:5)
  9 draconian annihilators
  A caustic shrike skeleton (Crypt:3)
  3 curse skulls
  19 ironbound preservers
  A demonspawn blood saint (Pan)
  29 stone giants
  3 broodmothers
  6 reapers
  5 ironbound thunderhulks
  13 very ugly things
  13 green draconians
  9 demonspawn black suns (Pan)
  9 bennus
  A juggernaut skeleton (Depths:2)
  10 black draconians
  Azrael (D:14)
  6 vampire knights
  7 white draconians
  2 deep elf annihilators (Vaults:5)
  3 minotaurs (Shoals:4)
  7 spark wasps
  8 yellow draconians
  3 deep elf demonologists (Vaults:5)
  14 lorocyprocas (Pan)
  A bunyip (shapeshifter) (Depths:1)
  Snorg (Orc:1)
  19 dire elephants
  6 purple draconians
  13 red draconians
  5 green deaths (Pan)
  7 eidola
  8 blizzard demons (Pan)
  18 ettins
  8 deep elf death magi
  3 merfolk javelineers
  Josephine (D:10)
  2 crystal guardians (Vaults:1)
  9 entropy weavers
  10 merfolk impalers
  5 fire dragons
  A quicksilver dragon zombie (Depths:2)
  13 yaktaur captains
  16 mummy priests
  6 jiangshi
  5 great orbs of eyes
  A deep elf high priest (Vaults:5)
  27 vault guards
  5 spriggan zombies (Crypt:3)
  A hydra (shapeshifter) (Vaults:5)
  2 demonspawn (Orc:2)
  2 peacekeepers
  Harold (D:9)
  6 hydras
  4 ice dragons
  4 rakshasas
  5 hell beasts
  5 spriggan air magi
  3 ogre magi
  3 merfolk aquamancers
  4 catoblepae
  6 spriggan skeletons
  9 ironbound frosthearts
  10 centaur warriors
  An anaconda (shapeshifter) (Depths:1)
  A fenstrider witch skeleton (Abyss:2)
  An alligator snapping turtle (Shoals:4)
  12 boulder beetles
  A jorogumo (Spider:4)
  3 two-headed ogres
  4 merfolk avatars
  5 radroaches
  A death knight (Crypt:1)
  9 satyrs
  6 deep troll shamans
  32 death scarabs
  9 vampire magi
  A tengu warrior (Depths:1)
  5 death yaks
  9 deep troll earth magi
  5 hell knights
  An orc high priest (Orc:2)
  A spectral dire elephant (Lair:5)
  A titan zombie (Tomb:2)
  4 spriggan berserkers (Depths:1)
  10 deep elf knights
  36 soul eaters
  2 spriggans (Depths:4)
  17 iron trolls
  26 sun demons
  A spectral death yak (Lair:5)
  Sonja (Lair:2)
  3 titan skeletons
  A wretched star (Abyss:2)
  14 sixfirhies
  5 sun moths
  2 flayed ghosts
  11 skeletal warriors
  4 pharaoh ants
  8 shadow demons (Pan)
  4 glowing orange brains
  A death drake (shapeshifter) (Depths:2)
  A swamp dragon (shapeshifter) (Vaults:5)
  5 shadow wraiths (Pan)
  2 storm dragon skeletons
  9 orb spiders
  7 steelbarb worms
  8 sea snakes
  58 deep trolls
  4 salamander mystics (Depths:3)
  5 wizards
  2 shadow dragon zombies
  An obsidian statue (Lair:5)
  A spectral anaconda (Lair:5)
  16 deep elf pyromancers
  7 deep elf archers
  10 orc knights
  A bog body (Crypt:2)
  A quicksilver dragon simulacrum (Depths:4)
  A lindwurm (shapeshifter) (Vaults:5)
  2 wolf spider zombies (D:15)
  27 necromancers
  Pikel (D:5)
  4 lindwurms (Vaults:1)
  2 anaconda skeletons
  19 ironbound convokers
  An iron dragon zombie (Depths:3)
  20 phantasmal warriors
  4 deep elf zephyrmancers
  21 manticores
  12 cyclopes
  24 harpies
  9 salamanders
  2 stone giant zombies (Crypt:3)
  12 fauns
  A goliath frog skeleton (Crypt:2)
  14 wolf spiders
  11 orc sorcerers
  A worldbinder (Abyss:2)
  40 ugly things
  A faun (shapeshifter) (Depths:1)
  34 moths of wrath
  5 merfolk sirens
  2 iron dragon skeletons (Depths:2)
  A jorogumo skeleton (Crypt:1)
  19 elephants
  3 dire elephant zombies
  5 water nymphs
  13 vault sentinels
  3 rust devils
  19 smoke demons
  2 apocalypse crabs (Abyss:2)
  A gargoyle (D:12)
  A naga mage (D:15)
  A titan simulacrum (Vaults:1)
  10 centaur zombies
  4 black mambas
  A frost giant skeleton (Crypt:1)
  A torpor snail (Spider:1)
  7 orange demons
  2 centaur skeletons
  2 unseen horrors (Pan)
  A shock serpent skeleton (Crypt:1)
  A yaktaur zombie (Vaults:1)
  25 demonic crawlers
  12 yaktaurs
  A steelbarb worm zombie (Crypt:1)
  A human skeleton (Vaults:4)
  23 hellions
  5 rime drakes
  An alligator snapping turtle skeleton (Pan)
  2 kobold demonologists (D:11)
  A tormentor (Depths:3)
  18 cane toads
  7 freezing wraiths
  2 ice devils
  5 efreet
  A death yak skeleton (Crypt:2)
  18 komodo dragons
  13 hellwings
  A minotaur skeleton (Crypt:2)
  A komodo dragon (shapeshifter) (Depths:1)
  A silent spectre (Abyss:2)
  39 guardian mummies
  4 tengu conjurers
  5 harpy zombies
  An ancient zyme (Abyss:2)
  4 red devils
  A yaktaur skeleton (Vaults:4)
  12 trolls
  44 merfolk
  A hornet (shapeshifter) (Abyss:2)
  9 wind drakes
  2 elf skeletons
  5 harpy skeletons
  5 raiju (Abyss:2)
  9 meliai
  2 ettin zombies
  24 tarantellas
  2 hydra skeletons
  44 slime creatures
  A fire dragon zombie (Crypt:1)
  A spectral elephant (Lair:5)
  2 hornets (Depths:4)
  10 blink frogs
  A slime creature (shapeshifter) (Depths:2)
  A stone giant simulacrum (Vaults:4)
  A dream sheep (shapeshifter) (Vaults:5)
  10 snapping turtles
  24 jumping spiders
  A blink frog (shapeshifter) (Orc:2)
  28 culicivoras
  11 dream sheep
  2 centaur simulacra
  22 flying skulls
  A satyr skeleton (Crypt:2)
  29 large abominations
  3 meliai zombies
  A vampire (D:13)
  A wind drake zombie (Crypt:1)
  33 ynoxinuls
  64 yaks
  12 wraiths
  A dire elephant simulacrum (Lair:5)
  17 ushabtiu
  2 ettin skeletons
  7 wyverns
  2 shadows
  18 humans (D:13)
  Eustachio (D:5)
  A fire elemental (D:14)
  A black mamba skeleton (Pan)
  11 water elementals
  A death yak simulacrum (Lair:5)
  6 vampire mosquitoes
  8 basilisks
  50 redbacks
  19 chaos spawn
  12 neqoxecs
  2 wargs (Orc:1)
  A naga zombie (Abyss:2)
  A glowing shapeshifter zombie (Vaults:1)
  3 hell hounds (D:14)
  A glowing shapeshifter skeleton (Depths:3)
  4 small abominations (Abyss:2)
  3 acid dragons
  A floating eye (shapeshifter) (Depths:1)
  13 water moccasins
  A naga skeleton (Tomb:1)
  2 floating eyes
  46 orc warriors
  2 black bears
  An ice beast (D:6)
  13 ogres
  4 boggarts (Vaults:3)
  A wolf (Lair:2)
  An elephant skeleton (Lair:5)
  17 centaurs
  2 phantoms
  Blork the orc (D:5)
  5 kobold brigands
  4 lemures (D:5)
  A human zombie (Vaults:4)
  14 bullfrogs
  3 necrophages
  7 scorpions
  A glowing shapeshifter simulacrum (Depths:3)
  2 gnoll sergeants
  5 wyvern skeletons (Crypt:3)
  10 wights (D:9)
  A cyclops skeleton (Crypt:1)
  4 killer bees (D:7)
  10 howler monkeys
  An electric eel (Lair:3)
  5 starcursed masses (Abyss:2)
  2 jellies
  7 iron imps
  24 orc priests
  7 hounds
  A gnoll bouda (D:5)
  A boggart zombie (D:11)
  4 iguanas
  25 orc wizards
  2 hell rats (Lair:3)
  30 mummies
  10 gnolls
  12 adders
  6 river rats (Lair:3)
  3 white imps
  2 ufetubi
  3 worms
  5 dart slugs
  65 orcs
  7 bats
  6 endoplasms
  6 giant cockroaches
  11 hobgoblins
  A jackal (shapeshifter) (Vaults:5)
  3 jackals (D:1)
  23 kobolds
  5 quokkas
  3 ball pythons
  6 frilled lizards
  6 goblins
  A hobgoblin zombie (Crypt:2)
  5 rats
  4 starspawn tentacles (Abyss:2)
  3 tentacles (Shoals:3)
  2 withered plants (Lair:5)
2803 creatures vanquished.

Vanquished Creatures (collateral kills)
  A dread lich (Crypt:3)
  8 royal mummies
  Boris (Tomb:2)
  A Tzitzimitl (Pan)
  2 Brimstone Fiends (Pan)
  An Ice Fiend (Tomb:3)
  2 pandemonium lords (Pan)
  A Hell Sentinel (Pan)
  A deep elf blademaster (Tomb:1)
  2 liches
  A titan (Tomb:1)
  3 Executioners (Pan)
  A revenant (Tomb:2)
  A fire giant (Tomb:2)
  2 balrugs (Pan)
  2 ghost moths (Pan)
  A cacodemon (Pan)
  A stone giant (Tomb:1)
  A bennu (Tomb:3)
  2 lorocyprocas (Pan)
  A demonspawn black sun (Pan)
  A white draconian (Tomb:1)
  4 mummy priests
  An eidolon (Crypt:2)
  4 blizzard demons (Pan)
  2 hell beasts (Pan)
  A rakshasa (Pan)
  A death scarab (Tomb:1)
  5 sun demons (Pan)
  2 soul eaters (Pan)
  A sixfirhy (Pan)
  A deep elf archer (Tomb:2)
  A shadow demon (Pan)
  An orange demon (Pan)
  A stone giant skeleton (Crypt:3)
  3 smoke demons (Pan)
  4 demonic crawlers (Pan)
  An ice devil (Pan)
  8 guardian mummies
  A red devil (Pan)
  A harpy skeleton (Tomb:2)
  A boulder beetle zombie (Crypt:2)
  5 flying skulls
  3 large abominations (Pan)
  6 ushabtiu
  4 ynoxinuls (Pan)
  3 neqoxecs (Pan)
  6 chaos spawn (Pan)
  7 mummies
115 creatures vanquished.

Vanquished Creatures (others)
  A lich (Depths:2)
  A spriggan defender (Depths:2)
  A fire dragon (Depths:2)
  A two-headed ogre (D:14)
  A redback (Spider:4)
  An electric eel (D:15)
  39 fungi
  128 plants
  A starspawn tentacle (Abyss:2)
  9 tentacles (Shoals:3)
  34 withered plants
217 creatures vanquished.

Grand Total: 3135 creatures vanquished

Notes
Turn   | Place    | Note
-------+----------+-------------------------------------------
     0 | D:1      | qw the Gargoyle Fighter began the quest for the Orb.
     0 | D:1      | Reached XP level 1. HP: 14/14 MP: 1/1
     0 | D:1      | 0 ||| qw: Version: 0.2-a-12-gaebbb33
     0 | D:1      | 0 ||| qw: Game counter: 1597
     0 | D:1      | 0 ||| qw: Always use a shield: true
     0 | D:1      | 0 ||| qw: God list: Okawaru
     0 | D:1      | 0 ||| qw: Allow faded altars: false
     0 | D:1      | 0 ||| qw: Do Orc after D:15 true
     0 | D:1      | 0 ||| qw: Do second Lair branch before Depths: true
     0 | D:1      | 0 ||| qw: Lair rune preference: random
     0 | D:1      | 0 ||| qw: Plans: Normal, Zot:1-4, God:TSO, Crypt, Tomb,
                  | Pan, Slime:5, Hells, Abyss, Orb
     0 | D:1      | 0 ||| PLANNING D:1-11
    15 | D:1      | 15 ||| Stepping ~*~*~tactically~*~*~ (hiding).
    16 | D:1      | 16 ||| Stepping ~*~*~tactically~*~*~ (hiding).
    16 | D:1      | Found a faded altar of an unknown god.
   153 | D:1      | 153 ||| Stepping ~*~*~tactically~*~*~ (stealth).
   155 | D:1      | 155 ||| Stepping ~*~*~tactically~*~*~ (stealth).
   162 | D:1      | Reached XP level 2. HP: 19/19 MP: 2/2
   176 | D:1      | 176 ||| Stepping ~*~*~tactically~*~*~ (stealth).
   186 | D:1      | 186 ||| Stepping ~*~*~tactically~*~*~ (stealth).
   315 | D:1      | 315 ||| Stepping ~*~*~tactically~*~*~ (stealth).
   326 | D:1      | Reached skill level 3 in Axes
   423 | D:1      | Reached XP level 3. HP: 23/23 MP: 3/3
   721 | D:1      | 721 ||| Stepping ~*~*~tactically~*~*~ (hiding).
   792 | D:1      | 792 ||| Stepping ~*~*~tactically~*~*~ (stealth).
   795 | D:1      | 795 ||| Stepping ~*~*~tactically~*~*~ (stealth).
   796 | D:1      | 796 ||| Stepping ~*~*~tactically~*~*~ (stealth).
  1094 | D:1      | 1094 ||| UPGRADING to +0 pearl dragon scales.
  1104 | D:1      | 1104 ||| DROPPING +0 scale mail.
  1105 | D:1      | 1105 ||| UPGRADING to amulet of regeneration.
  1110 | D:1      | 1110 ||| UPGRADING to ring of protection from fire.
  1111 | D:1      | 1111 ||| READING scroll labelled ELOMPYEBRI.
  1112 | D:1      | 1112 ||| READING scroll labelled TAVAHOIMEZU.
  1113 | D:1      | 1113 ||| READING scroll labelled XUDA JEUSKI.
  1114 | D:1      | 1114 ||| READING scroll labelled GOFRUACAHY.
  1477 | D:2      | Reached XP level 4. HP: 28/28 MP: 4/4
  1573 | D:2      | 1573 ||| Stepping ~*~*~tactically~*~*~ (stealth).
  1575 | D:2      | 1575 ||| Stepping ~*~*~tactically~*~*~ (stealth).
  1577 | D:2      | 1577 ||| Stepping ~*~*~tactically~*~*~ (stealth).
  1584 | D:2      | 1584 ||| Stepping ~*~*~tactically~*~*~ (stealth).
  2048 | D:2      | 2048 ||| READING scroll labelled DIFRUG IVUODGHA.
  2049 | D:2      | 2049 ||| READING scroll labelled PIAKKE AGIRHOH.
  2050 | D:2      | 2050 ||| READING 2 scrolls labelled QYSIAFA ZANGE.
  2051 | D:2      | 2051 ||| READING scroll labelled EHIARGH PEALEMA.
  2052 | D:2      | 2052 ||| READING scroll labelled XINA WEOSMASTRO.
  2053 | D:2      | 2053 ||| DRINKING 2 bubbling ruby potions.
  2054 | D:2      | 2054 ||| DROPPING potion of invisibility.
  2055 | D:2      | 2055 ||| DROPPING scroll of fear.
  2226 | D:3      | Found a broken altar of Ashenzari.
  2284 | D:3      | 2284 ||| READING scroll of enchant armour.
  2284 | D:3      | 2284 ||| ENCHANTING +0 pearl dragon scales.
  2439 | D:3      | Found a sparkling altar of Nemelex Xobeh.
  2542 | D:3      | Found a white marble altar of Elyvilon.
  2583 | D:3      | 2583 ||| Stepping ~*~*~tactically~*~*~ (hiding).
  2738 | D:3      | 2738 ||| READING 2 scrolls labelled LULYLE QUTUICK.
  2745 | D:3      | 2745 ||| READING scroll labelled NEULEL QUCA.
  2746 | D:3      | 2746 ||| READING scroll labelled ESI BEYTUV.
  2747 | D:3      | 2747 ||| DRINKING 2 murky red potions.
  2848 | D:3      | 2848 ||| DRINKING 2 smoky golden potions.
  2849 | D:3      | 2849 ||| DROPPING potion of ambrosia.
  2885 | D:4      | Reached XP level 5. HP: 32/32 MP: 5/5
  2930 | D:4      | Found a hide-covered altar of Uskayaw.
  3073 | D:4      | Reached XP level 6. HP: 38/38 MP: 6/6
  3104 | D:4      | Reached skill level 1 in Throwing
  3171 | D:4      | Noticed a black bear
  3178 | D:4      | Killed a black bear
  3283 | D:4      | Reached skill level 1 in Dodging
  3453 | D:4      | Reached XP level 7. HP: 43/44 MP: 7/7
  3480 | D:4      | 3480 ||| Stepping ~*~*~tactically~*~*~ (stealth).
  3481 | D:4      | 3481 ||| Stepping ~*~*~tactically~*~*~ (stealth).
  3520 | D:4      | Found a radiant altar of Vehumet.
  3692 | D:4      | 3692 ||| UPGRADING to +0 pair of gloves.
  3697 | D:4      | 3697 ||| READING scroll labelled RYLLEA ORAO.
  3698 | D:4      | 3698 ||| READING 2 scrolls of identify.
  3698 | D:4      | 3698 ||| IDENTIFYING emerald potion
  3707 | D:5      | Entered Level 5 of the Dungeon
  3716 | D:5      | Reached skill level 6 in Axes
  3729 | D:5      | 3729 ||| Stepping ~*~*~tactically~*~*~ (stealth).
  3750 | D:5      | Found a burning altar of Makhleb.
  3798 | D:5      | 3798 ||| Stepping ~*~*~tactically~*~*~ (stealth).
  3806 | D:5      | 3806 ||| Stepping ~*~*~tactically~*~*~ (stealth).
  3917 | D:5      | Noticed Blork the orc
  3918 | D:5      | 3918 ||| Stepping ~*~*~tactically~*~*~ (hiding).
  3919 | D:5      | 3919 ||| Stepping ~*~*~tactically~*~*~ (hiding).
  3933 | D:5      | Killed Blork the orc
  4099 | D:5      | Noticed Pikel
  4099 | D:5      | 4099 ||| Stepping ~*~*~tactically~*~*~ (stealth).
  4156 | D:5      | Killed Pikel
  4157 | D:5      | Reached XP level 8. HP: 41/49 MP: 8/8
  4167 | D:5      | 4167 ||| DROPPING +0 whip.
  4205 | D:5      | Noticed Eustachio
  4224 | D:5      | 4224 ||| Stepping ~*~*~tactically~*~*~ (hiding).
  4252 | D:5      | 4252 ||| Stepping ~*~*~tactically~*~*~ (hiding).
  4281 | D:5      | 4281 ||| FLEEEEING.
  4284 | D:5      | 4284 ||| Stepping ~*~*~tactically~*~*~ (stealth).
  4315 | D:5      | Killed Eustachio
  4369 | D:5      | Reached XP level 9. HP: 47/54 MP: 9/9
  4379 | D:5      | 4379 ||| DROPPING +1 whip of flaming.
  4423 | D:5      | 4423 ||| Stepping ~*~*~tactically~*~*~ (stealth).
  4456 | D:5      | 4456 ||| Stepping ~*~*~tactically~*~*~ (stealth).
  4472 | D:5      | Reached skill level 6 in Fighting
  4706 | D:5      | Found a shimmering blue altar of Sif Muna.
  4760 | D:5      | 4760 ||| DRINKING 2 viscous white potions.
  4898 | D:6      | Found an iron altar of Okawaru.
  4899 | D:6      | 4899 ||| PLANNING OKAWARU WORSHIP
  4922 | D:6      | Reached skill level 9 in Axes
  4923 | D:6      | Became a worshipper of Warmaster Okawaru
  4924 | D:6      | 4924 ||| PLANNING D:1-11
  5174 | D:6      | 5174 ||| Stepping ~*~*~tactically~*~*~ (stealth).
  5328 | D:6      | Found a sacrificial altar of Ru.
  5560 | D:6      | 5560 ||| UPGRADING to ring of resist corrosion.
  5561 | D:6      | 5561 ||| DRINKING 2 golden potions.
  5562 | D:6      | 5562 ||| READING 2 scrolls of identify.
  5562 | D:6      | 5562 ||| IDENTIFYING dark potion
  5563 | D:6      | 5563 ||| DROPPING potion of flight.
  5631 | D:7      | Identified the -1 pair of boots of the Elven Halls {-Tele
                  | *Slow rC+++ Stlth+}
  6037 | D:7      | Found a staircase to the Ecumenical Temple.
  6625 | D:7      | 6625 ||| DRINKING 2 sapphire potions.
  6626 | D:7      | 6626 ||| READING 3 scrolls of identify.
  6626 | D:7      | 6626 ||| IDENTIFYING sedimented cyan potion
  6627 | D:7      | 6627 ||| READING 2 scrolls of identify.
  6627 | D:7      | 6627 ||| IDENTIFYING silvery potion
  6628 | D:7      | 6628 ||| DROPPING potion of berserk rage.
  6629 | D:7      | 6629 ||| DROPPING potion of degeneration.
  6653 | D:8      | 6653 ||| STAIRDANCE
  6661 | D:8      | 6661 ||| STAIRDANCE
  6676 | D:7      | Reached XP level 10. HP: 61/63 MP: 10/10
  6680 | D:8      | 6680 ||| STAIRDANCE
  6708 | D:8      | Reached * piety under Okawaru
  6756 | D:8      | Noticed Gastronok
  6757 | D:8      | 6757 ||| INVOKING Heroism.
  6758 | D:8      | 6758 ||| INVOKING Heroism.
  6770 | D:8      | 6770 ||| INVOKING Heroism.
  6786 | D:8      | Killed Gastronok
  6847 | D:8      | Found an opulent altar of Gozag.
  6888 | D:8      | Found an ornate altar of the Wu Jian Council.
  6908 | D:8      | 6908 ||| Stepping ~*~*~tactically~*~*~ (stealth).
  6915 | D:8      | 6915 ||| Stepping ~*~*~tactically~*~*~ (stealth).
  6921 | D:8      | Found a shimmering altar of Xom.
  6922 | D:8      | Found a shimmering altar of Xom.
  6930 | D:8      | Reached skill level 1 in Invocations
  6930 | D:8      | Reached ** piety under Okawaru
  6954 | D:8      | Found a shimmering altar of Xom.
  7130 | D:8      | Found a shimmering altar of Xom.
  7132 | D:8      | Found a shimmering altar of Xom.
  7133 | D:8      | Noticed a torpor snail
  7294 | D:8      | Noticed a moth of wrath
  7323 | D:8      | Found a glowing silver altar of Zin.
  7525 | D:8      | 7525 ||| UPGRADING to +0 kite shield.
  7535 | D:8      | 7535 ||| DROPPING +0 buckler.
  7536 | D:8      | 7536 ||| DROPPING amulet of faith.
  7582 | D:9      | 7582 ||| INVOKING Heroism.
  7587 | D:9      | Reached skill level 2 in Invocations
  7599 | D:9      | 7599 ||| STAIRDANCE
  7634 | D:9      | 7634 ||| INVOKING Heroism.
  7645 | D:9      | Reached skill level 3 in Invocations
  7652 | D:9      | 7652 ||| INVOKING Heroism.
  7691 | D:9      | Noticed Harold
  7692 | D:9      | 7692 ||| Stepping ~*~*~tactically~*~*~ (hiding).
  7696 | D:9      | 7696 ||| INVOKING Heroism.
  7715 | D:9      | Killed Harold
  7715 | D:9      | Reached *** piety under Okawaru
  7716 | D:9      | Reached skill level 6 in Shields
  7716 | D:9      | Reached skill level 4 in Invocations
  7837 | D:9      | 7837 ||| INVOKING Heroism.
  7892 | D:9      | Found a bloodstained altar of Trog.
  7909 | D:9      | 7909 ||| Stepping ~*~*~tactically~*~*~ (stealth).
  7911 | D:9      | 7911 ||| Stepping ~*~*~tactically~*~*~ (hiding).
  7917 | D:9      | 7917 ||| Stepping ~*~*~tactically~*~*~ (stealth).
  7936 | D:9      | 7936 ||| Stepping ~*~*~tactically~*~*~ (stealth).
  7938 | D:9      | 7938 ||| Stepping ~*~*~tactically~*~*~ (hiding).
  7949 | D:9      | 7949 ||| INVOKING Heroism.
  7959 | D:9      | Reached XP level 11. HP: 65/69 MP: 12/14
  8048 | D:9      | 8048 ||| Stepping ~*~*~tactically~*~*~ (stealth).
  8152 | D:9      | Found a shadowy altar of Dithmenos.
  8257 | D:9      | Found a stormy altar of Qazlal.
  8258 | D:9      | 8258 ||| INVOKING Heroism.
  8303 | D:9      | Found an ancient bone altar of Kikubaaqudgha.
  8306 | D:9      | Found a blossoming altar of Fedhas.
  8327 | D:9      | 8327 ||| INVOKING Heroism.
  8435 | D:9      | 8435 ||| Stepping ~*~*~tactically~*~*~ (stealth).
  8437 | D:9      | 8437 ||| INVOKING Heroism.
  8440 | D:9      | 8440 ||| Stepping ~*~*~tactically~*~*~ (stealth).
  8455 | D:9      | 8455 ||| Stepping ~*~*~tactically~*~*~ (stealth).
  8626 | D:9      | Found a staircase to the Orcish Mines.
  8687 | D:9      | 8687 ||| READING scroll labelled NICUUS JEJEUVY.
  8700 | D:9      | 8700 ||| READING 2 scrolls of identify.
  8700 | D:9      | 8700 ||| IDENTIFYING glowing pink potion
  8718 | D:10     | Entered Level 10 of the Dungeon
  8758 | D:10     | Noticed Josephine
  8760 | D:10     | 8760 ||| INVOKING Heroism.
  8771 | D:10     | Reached skill level 9 in Shields
  8776 | D:10     | Killed Josephine
  8776 | D:10     | Received a gift from Okawaru
  8958 | D:10     | 8958 ||| INVOKING Heroism.
  8960 | D:10     | 8960 ||| Stepping ~*~*~tactically~*~*~ (stealth).
  8961 | D:10     | 8961 ||| Stepping ~*~*~tactically~*~*~ (stealth).
  9000 | D:10     | 9000 ||| READING scroll of enchant armour.
  9000 | D:10     | 9000 ||| ENCHANTING +1 pearl dragon scales.
  9031 | D:10     | 9031 ||| INVOKING Heroism.
  9036 | D:10     | Reached **** piety under Okawaru
  9043 | D:10     | Reached skill level 6 in Armour
  9043 | D:10     | Reached skill level 5 in Invocations
  9102 | D:10     | 9102 ||| INVOKING Heroism.
  9151 | D:10     | Found a basalt altar of Yredelemnul.
  9154 | D:10     | 9154 ||| DROPPING +1 chain mail of fire resistance.
  9155 | D:10     | 9155 ||| READING scroll labelled REIFRI EHAO.
  9156 | D:10     | 9156 ||| DROPPING +0 flail.
  9157 | D:10     | 9157 ||| INVOKING Heroism.
  9192 | D:10     | Found a snail-covered altar of Cheibriados.
  9305 | D:10     | Found a hazy altar of Hepliaklqana.
  9390 | D:10     | Noticed a brown ugly thing
  9402 | D:10     | 9402 ||| INVOKING Heroism.
  9412 | D:10     | Killed a brown ugly thing
  9412 | D:10     | Received a gift from Okawaru
  9418 | D:10     | Reached skill level 6 in Invocations
  9425 | D:10     | Noticed a boulder beetle
  9431 | D:10     | 9431 ||| INVOKING Heroism.
  9455 | D:10     | 9455 ||| INVOKING Heroism.
  9474 | D:10     | 9474 ||| INVOKING Heroism.
  9547 | D:10     | Found a glowing golden altar of the Shining One.
  9674 | D:11     | 9674 ||| Stepping ~*~*~tactically~*~*~ (stealth).
  9686 | D:11     | 9686 ||| INVOKING Heroism.
  9720 | D:11     | Found a staircase to the Lair.
  9722 | D:11     | 9722 ||| INVOKING Heroism.
  9785 | D:11     | 9785 ||| INVOKING Heroism.
  9786 | D:11     | 9786 ||| Stepping ~*~*~tactically~*~*~ (stealth).
  9910 | D:11     | Noticed qw's ghost (journeyman GrFi)
  9942 | D:11     | Found a runed translucent gate.
  9942 | D:11     | Found a runed translucent gate.
  9942 | D:11     | Found a runed translucent gate.
 10078 | D:11     | 10078 ||| Stepping ~*~*~tactically~*~*~ (stealth).
 10080 | D:11     | 10080 ||| Stepping ~*~*~tactically~*~*~ (hiding).
 10097 | D:11     | Reached skill level 7 in Invocations
 10129 | D:11     | Reached XP level 12. HP: 75/75 MP: 17/17
 10142 | D:11     | 10142 ||| Stepping ~*~*~tactically~*~*~ (stealth).
 10142 | D:11     | Found a basalt altar of Yredelemnul.
 10170 | D:11     | Reached skill level 8 in Invocations
 10209 | D:11     | Reached skill level 9 in Fighting
 10223 | D:11     | Reached ***** piety under Okawaru
 10295 | D:11     | 10295 ||| Stepping ~*~*~tactically~*~*~ (stealth).
 10296 | D:11     | 10296 ||| Stepping ~*~*~tactically~*~*~ (stealth).
 10306 | D:11     | 10306 ||| Stepping ~*~*~tactically~*~*~ (stealth).
 10361 | D:11     | 10361 ||| INVOKING Heroism.
 10426 | D:11     | 10426 ||| INVOKING Heroism.
 10440 | D:11     | Reached skill level 9 in Invocations
 10720 | D:11     | 10720 ||| PLANNING LAIR
 10720 | D:11     | 10720 ||| READING scroll labelled ACEBOS FAFRE.
 10771 | Lair:1   | Entered Level 1 of the Lair of Beasts
 10774 | Lair:1   | 10774 ||| INVOKING Heroism.
 10847 | Lair:1   | 10847 ||| INVOKING Heroism.
 10855 | Lair:1   | Received a gift from Okawaru
 10863 | Lair:1   | 10863 ||| SWAPPING to +5 broad axe of flaming.
 10864 | Lair:1   | 10864 ||| DROPPING +1 war axe of flaming.
 11048 | Lair:1   | 11048 ||| Stepping ~*~*~tactically~*~*~ (hiding).
 11060 | Lair:1   | Reached skill level 10 in Invocations
 11126 | Lair:1   | Reached skill level 12 in Axes
 11210 | Lair:1   | 11210 ||| Stepping ~*~*~tactically~*~*~ (hiding).
 11211 | Lair:1   | 11211 ||| Stepping ~*~*~tactically~*~*~ (hiding).
 11586 | Lair:1   | 11586 ||| UPGRADING to +0 helmet.
 11619 | Lair:2   | 11619 ||| READING scroll of enchant armour.
 11619 | Lair:2   | 11619 ||| ENCHANTING +2 pearl dragon scales.
 11703 | Lair:2   | 11703 ||| INVOKING Heroism.
 11712 | Lair:2   | 11712 ||| Stepping ~*~*~tactically~*~*~ (stealth).
 11715 | Lair:2   | 11715 ||| Stepping ~*~*~tactically~*~*~ (stealth).
 11751 | Lair:2   | 11751 ||| Stepping ~*~*~tactically~*~*~ (stealth).
 11752 | Lair:2   | 11752 ||| Stepping ~*~*~tactically~*~*~ (stealth).
 11753 | Lair:2   | 11753 ||| INVOKING Heroism.
 11766 | Lair:2   | Reached XP level 13. HP: 73/80 MP: 18/20
 11781 | Lair:2   | 11781 ||| Stepping ~*~*~tactically~*~*~ (stealth).
 11807 | Lair:2   | 11807 ||| INVOKING Heroism.
 11813 | Lair:2   | 11813 ||| Stepping ~*~*~tactically~*~*~ (stealth).
 11819 | Lair:2   | 11819 ||| Stepping ~*~*~tactically~*~*~ (stealth).
 11820 | Lair:2   | 11820 ||| Stepping ~*~*~tactically~*~*~ (stealth).
 11822 | Lair:2   | 11822 ||| Stepping ~*~*~tactically~*~*~ (stealth).
 11825 | Lair:2   | 11825 ||| INVOKING Heroism.
 11843 | Lair:2   | Received a gift from Okawaru
 11870 | Lair:2   | Found a hole to the Spider Nest.
 11919 | Lair:2   | 11919 ||| INVOKING Heroism.
 11923 | Lair:2   | 11923 ||| Stepping ~*~*~tactically~*~*~ (stealth).
 11986 | Lair:2   | 11986 ||| INVOKING Heroism.
 12030 | Lair:2   | Noticed Sonja
 12031 | Lair:2   | 12031 ||| INVOKING Finesse.
 12033 | Lair:2   | 12033 ||| INVOKING Heroism.
 12040 | Lair:2   | Killed Sonja
 12040 | Lair:2   | Identified the +1 robe of Tobbaol {rC+} (Okawaru gifted it
                  | to you on level 2 of the Lair of Beasts)
 12040 | Lair:2   | Received a gift from Okawaru
 12117 | Lair:2   | 12117 ||| INVOKING Heroism.
 12151 | Lair:2   | 12151 ||| READING scroll of brand weapon.
 12151 | Lair:2   | 12151 ||| BRANDING +5 broad axe of flaming.
 12435 | Lair:2   | 12435 ||| READING 3 scrolls of identify.
 12435 | Lair:2   | 12435 ||| IDENTIFYING cyan potion
 12436 | Lair:2   | 12436 ||| DROPPING potion of brilliance.
 12466 | Lair:3   | 12466 ||| Stepping ~*~*~tactically~*~*~ (stealth).
 12537 | Lair:3   | 12537 ||| INVOKING Heroism.
 12542 | Lair:3   | 12542 ||| Stepping ~*~*~tactically~*~*~ (water).
 12548 | Lair:3   | 12548 ||| Stepping ~*~*~tactically~*~*~ (stealth).
 12549 | Lair:3   | 12549 ||| Stepping ~*~*~tactically~*~*~ (stealth).
 12550 | Lair:3   | 12550 ||| Stepping ~*~*~tactically~*~*~ (stealth).
 12557 | Lair:3   | 12557 ||| Stepping ~*~*~tactically~*~*~ (stealth).
 12559 | Lair:3   | 12559 ||| Stepping ~*~*~tactically~*~*~ (stealth).
 12620 | Lair:3   | 12620 ||| INVOKING Heroism.
 12621 | Lair:3   | 12621 ||| Stepping ~*~*~tactically~*~*~ (stealth).
 12650 | Lair:3   | 12650 ||| Stepping ~*~*~tactically~*~*~ (stealth).
 12653 | Lair:3   | 12653 ||| Stepping ~*~*~tactically~*~*~ (stealth).
 12655 | Lair:3   | 12655 ||| Stepping ~*~*~tactically~*~*~ (stealth).
 12658 | Lair:3   | 12658 ||| Stepping ~*~*~tactically~*~*~ (stealth).
 12666 | Lair:3   | 12666 ||| Stepping ~*~*~tactically~*~*~ (stealth).
 12708 | Lair:3   | You fall into a shaft and drop 1 floor!
 12753 | Lair:4   | 12753 ||| UPGRADING to +0 cloak.
 12764 | Lair:4   | 12764 ||| Stepping ~*~*~tactically~*~*~ (stealth).
 12767 | Lair:4   | 12767 ||| Stepping ~*~*~tactically~*~*~ (stealth).
 12769 | Lair:4   | 12769 ||| INVOKING Heroism.
 12772 | Lair:4   | 12772 ||| Stepping ~*~*~tactically~*~*~ (stealth).
 12781 | Lair:4   | Reached skill level 9 in Armour
 12822 | Lair:3   | 12822 ||| INVOKING Heroism.
 12851 | Lair:3   | 12851 ||| SWAPPING to +0 morningstar.
 12852 | Lair:3   | 12852 ||| INVOKING Finesse.
 12866 | Lair:3   | 12866 ||| SWAPPING to +5 broad axe of venom.
 12926 | Lair:3   | 12926 ||| INVOKING Heroism.
 12935 | Lair:3   | 12935 ||| SWAPPING to +0 morningstar.
 12936 | Lair:3   | 12936 ||| INVOKING Finesse.
 12943 | Lair:3   | Received a gift from Okawaru
 12950 | Lair:3   | 12950 ||| Stepping ~*~*~tactically~*~*~ (outnumbered).
 12951 | Lair:3   | 12951 ||| Stepping ~*~*~tactically~*~*~ (outnumbered).
 12958 | Lair:3   | Gained mutation: Your large and strong wings let you fly.
                  | [Gargoyle growth]
 12958 | Lair:3   | Reached XP level 14. HP: 69/88 MP: 16/21
 12970 | Lair:3   | 12970 ||| SWAPPING to +5 broad axe of venom.
 13389 | Lair:3   | Identified the +2 kite shield of Cikhakh {-Cast Regen+
                  | Dex+2 Slay+2} (Okawaru gifted it to you on level 3 of the
                  | Lair of Beasts)
 13389 | Lair:3   | Received a gift from Okawaru
 13528 | Lair:3   | Found a staircase to the Shoals.
 13529 | Lair:3   | 13529 ||| Stepping ~*~*~tactically~*~*~ (hiding).
 13562 | Lair:3   | 13562 ||| UPGRADING to +2 kite shield of Cikhakh {-Cast
                  | Regen+ Dex+2 Slay+2}.
 13572 | Lair:3   | 13572 ||| DROPPING +0 kite shield.
 13573 | Lair:3   | 13573 ||| READING 3 scrolls of identify.
 13573 | Lair:3   | 13573 ||| IDENTIFYING fizzy golden potion
 13747 | Lair:4   | Reached skill level 3 in Dodging
 13900 | Lair:4   | 13900 ||| Stepping ~*~*~tactically~*~*~ (hiding).
 13903 | Lair:4   | 13903 ||| INVOKING Heroism.
 13904 | Lair:4   | 13904 ||| INVOKING Finesse.
 13964 | Lair:4   | 13964 ||| INVOKING Heroism.
 13965 | Lair:4   | 13965 ||| INVOKING Finesse.
 13986 | Lair:4   | Reached skill level 12 in Shields
 14211 | Lair:4   | 14211 ||| READING 2 scrolls of identify.
 14211 | Lair:4   | 14211 ||| IDENTIFYING amethyst potion
 14240 | Lair:5   | Entered Level 5 of the Lair of Beasts
 14260 | Lair:5   | 14260 ||| Stepping ~*~*~tactically~*~*~ (hiding).
 14261 | Lair:5   | 14261 ||| INVOKING Heroism.
 14262 | Lair:5   | 14262 ||| INVOKING Finesse.
 14416 | Lair:5   | 14416 ||| READING scroll of brand weapon.
 14416 | Lair:5   | 14416 ||| BRANDING +5 broad axe of venom.
 14440 | Lair:5   | Found a staircase to the Slime Pits.
 14451 | Lair:5   | 14451 ||| Stepping ~*~*~tactically~*~*~ (stealth).
 14629 | Lair:5   | 14629 ||| Stepping ~*~*~tactically~*~*~ (stealth).
 14635 | Lair:5   | 14635 ||| Stepping ~*~*~tactically~*~*~ (stealth).
 14638 | Lair:5   | 14638 ||| Stepping ~*~*~tactically~*~*~ (stealth).
 14639 | Lair:5   | 14639 ||| Stepping ~*~*~tactically~*~*~ (stealth).
 14643 | Lair:5   | 14643 ||| Stepping ~*~*~tactically~*~*~ (stealth).
 14743 | Lair:5   | Noticed a dire elephant
 14762 | Lair:5   | Noticed a dire elephant
 14763 | Lair:5   | 14763 ||| Stepping ~*~*~tactically~*~*~ (stealth).
 14765 | Lair:5   | 14765 ||| INVOKING Heroism.
 14766 | Lair:5   | 14766 ||| INVOKING Finesse.
 14775 | Lair:5   | Killed a dire elephant
 14891 | Lair:5   | 14891 ||| INVOKING Heroism.
 14902 | Lair:5   | Killed a dire elephant
 14953 | Lair:5   | 14953 ||| INVOKING Heroism.
 14954 | Lair:5   | 14954 ||| INVOKING Finesse.
 14986 | Lair:5   | Identified the +4 broad axe of the Silent Majority {speed,
                  | rF+ rC+} (Okawaru gifted it to you on level 5 of the Lair
                  | of Beasts)
 14986 | Lair:5   | Received a gift from Okawaru
 15013 | Lair:5   | 15013 ||| SWAPPING to +4 broad axe of the Silent Majority
                  | {speed, rF+ rC+}.
 15014 | Lair:5   | 15014 ||| DROPPING +5 broad axe of freezing.
 15077 | Lair:5   | Reached skill level 15 in Axes
 15276 | Lair:5   | 15276 ||| INVOKING Heroism.
 15292 | Lair:5   | Reached XP level 15. HP: 86/96 MP: 20/22
 15327 | Lair:5   | Found a shimmering blue altar of Sif Muna.
 15339 | Lair:5   | 15339 ||| Stepping ~*~*~tactically~*~*~ (hiding).
 15497 | Lair:5   | 15497 ||| Stepping ~*~*~tactically~*~*~ (stealth).
 15500 | Lair:5   | 15500 ||| Stepping ~*~*~tactically~*~*~ (stealth).
 15501 | Lair:5   | 15501 ||| Stepping ~*~*~tactically~*~*~ (stealth).
 15614 | Lair:5   | 15614 ||| PLANNING D
 15614 | Lair:5   | 15614 ||| READING scroll labelled ETEBRA NUERYR.
 15849 | D:12     | 15849 ||| FLEEEEING.
 15850 | D:12     | 15850 ||| FLEEEEING.
 15851 | D:12     | 15851 ||| FLEEEEING.
 15854 | D:12     | Reached skill level 12 in Fighting
 15933 | D:12     | 15933 ||| INVOKING Heroism.
 15954 | D:12     | Found a broken altar of Ashenzari.
 15981 | D:12     | 15981 ||| FLEEEEING.
 15982 | D:12     | 15982 ||| FLEEEEING.
 16166 | D:12     | Identified a scroll of acquirement
 16185 | D:12     | 16185 ||| READING scroll of acquirement.
 16185 | D:12     | 16185 ||| ACQUIRING 527 gold pieces
 16185 | D:12     | Acquired 527 gold pieces
 16313 | D:13     | 16313 ||| INVOKING Heroism.
 16316 | D:13     | 16316 ||| INVOKING Finesse.
 16319 | D:13     | 16319 ||| SWAPPING to +0 morningstar.
 16340 | D:13     | 16340 ||| SWAPPING to +4 broad axe of the Silent Majority
                  | {speed, rF+ rC+}.
 16385 | D:13     | Received a gift from Okawaru
 16401 | D:13     | 16401 ||| INVOKING Heroism.
 16456 | D:13     | 16456 ||| Stepping ~*~*~tactically~*~*~ (stealth).
 16465 | D:13     | 16465 ||| Stepping ~*~*~tactically~*~*~ (stealth).
 16491 | D:13     | 16491 ||| Stepping ~*~*~tactically~*~*~ (stealth).
 16494 | D:13     | 16494 ||| Stepping ~*~*~tactically~*~*~ (stealth).
 16497 | D:13     | 16497 ||| INVOKING Heroism.
 16500 | D:13     | 16500 ||| Stepping ~*~*~tactically~*~*~ (hiding).
 16510 | D:13     | 16510 ||| Stepping ~*~*~tactically~*~*~ (hiding).
 16521 | Abyss:2  | Cast into level 2 of the Abyss (a wizard)
 16692 | Abyss:2  | 16692 ||| Stepping ~*~*~tactically~*~*~ (hiding).
 16701 | Abyss:2  | 16701 ||| INVOKING Heroism.
 16703 | Abyss:2  | Gained mutation: Your spells are a little easier to cast,
                  | but a little less powerful. [a neqoxec]
 16709 | Abyss:2  | Paralysed by accursed screaming for 1 turns
 16710 | Abyss:2  | Noticed a tentacled starspawn
 16714 | Abyss:2  | Noticed a bone dragon
 16747 | Abyss:2  | 16747 ||| INVOKING Finesse.
 16751 | Abyss:2  | 16751 ||| Stepping ~*~*~tactically~*~*~ (hiding).
 16757 | Abyss:2  | Killed a bone dragon
 16757 | Abyss:2  | Received a gift from Okawaru
 16758 | Abyss:2  | Killed a tentacled starspawn
 16771 | Abyss:2  | 16771 ||| INVOKING Heroism.
 16829 | Abyss:2  | 16829 ||| Stepping ~*~*~tactically~*~*~ (hiding).
 16831 | Abyss:2  | 16831 ||| Stepping randomly (cloudy).
 16832 | Abyss:2  | 16832 ||| Stepping randomly (cloudy).
 16861 | Abyss:2  | 16861 ||| Stepping ~*~*~tactically~*~*~ (stealth).
 16868 | Abyss:2  | 16868 ||| Stepping ~*~*~tactically~*~*~ (hiding).
 16869 | Abyss:2  | 16869 ||| Stepping ~*~*~tactically~*~*~ (stealth).
 16870 | Abyss:2  | 16870 ||| Stepping ~*~*~tactically~*~*~ (hiding).
 16883 | Abyss:2  | 16883 ||| INVOKING Heroism.
 16891 | Abyss:2  | Identified the +0 animal skin of Okawaru's Generosity {Fly}
                  | (Okawaru gifted it to you on level 2 of the Abyss)
 16891 | Abyss:2  | Received a gift from Okawaru
 16892 | Abyss:2  | Reached skill level 6 in Throwing
 16905 | Abyss:2  | 16905 ||| Stepping ~*~*~tactically~*~*~ (stealth).
 16906 | Abyss:2  | 16906 ||| Stepping ~*~*~tactically~*~*~ (stealth).
 16964 | Abyss:2  | Gained mutation: Armour fits poorly on your strangely
                  | shaped body. [a neqoxec]
 16965 | Abyss:2  | Gained mutation: You are occasionally teleported next to
                  | monsters. [a neqoxec]
 16975 | Abyss:2  | Gained mutation: You are clumsy. (Dex -2) [a neqoxec]
 16981 | Abyss:2  | 16981 ||| DRINKING potion of mutation.
 16981 | Abyss:2  | Lost mutation: Armour fits poorly on your strangely shaped
                  | body. [potion of mutation]
 16981 | Abyss:2  | Lost mutation: You are occasionally teleported next to
                  | monsters. [potion of mutation]
 16981 | Abyss:2  | Lost mutation: You are clumsy. (Dex -2) [potion of
                  | mutation]
 16981 | Abyss:2  | Gained mutation: You are agile. (Dex +4, Str/Int -1)
                  | [potion of mutation]
 16981 | Abyss:2  | Gained mutation: Armour fits poorly on your strangely
                  | shaped body. [potion of mutation]
 16981 | Abyss:2  | Gained mutation: You are vulnerable to cold. (rC-) [potion
                  | of mutation]
 16983 | D:13     | Escaped the Abyss
 17003 | D:13     | 17003 ||| Stepping ~*~*~tactically~*~*~ (stealth).
 17024 | D:13     | 17024 ||| Stepping ~*~*~tactically~*~*~ (stealth).
 17038 | D:13     | 17038 ||| INVOKING Heroism.
 17135 | D:13     | 17135 ||| Stepping ~*~*~tactically~*~*~ (hiding).
 17136 | D:13     | 17136 ||| Stepping ~*~*~tactically~*~*~ (hiding).
 17137 | D:13     | 17137 ||| Stepping ~*~*~tactically~*~*~ (hiding).
 17261 | D:13     | 17261 ||| Stepping ~*~*~tactically~*~*~ (hiding).
 17279 | D:13     | Found a gate to the Vaults.
 17292 | D:13     | Identified the +2 hat of Syruc {rCorr Str+2}
 17487 | D:13     | 17487 ||| UPGRADING to +0 pair of boots.
 17492 | D:13     | 17492 ||| UPGRADING to +2 hat of Syruc {rCorr Str+2}.
 17502 | D:13     | 17502 ||| REMOVING ring of resist corrosion.
 17503 | D:13     | 17503 ||| DROPPING +0 helmet.
 17517 | D:14     | 17517 ||| INVOKING Heroism.
 17519 | D:14     | 17519 ||| STAIRDANCE
 17571 | D:14     | Found Gesan's Distillery.
 17585 | D:14     | 17585 ||| BUYING potion of attraction (54 gold).
 17585 | D:14     | Bought a potion of attraction for 54 gold pieces
 17585 | D:14     | 17585 ||| BUYING potion of attraction (54 gold).
 17585 | D:14     | Bought a potion of attraction for 54 gold pieces
 17585 | D:14     | 17585 ||| BUYING potion of curing (54 gold).
 17585 | D:14     | Bought a potion of curing for 54 gold pieces
 17585 | D:14     | 17585 ||| BUYING potion of curing (54 gold).
 17585 | D:14     | Bought a potion of curing for 54 gold pieces
 17585 | D:14     | 17585 ||| BUYING potion of heal wounds (90 gold).
 17585 | D:14     | Bought a potion of heal wounds for 90 gold pieces
 17594 | D:14     | Noticed Azrael
 17595 | D:14     | 17595 ||| INVOKING Heroism.
 17596 | D:14     | 17596 ||| INVOKING Finesse.
 17630 | D:14     | Killed Azrael
 17697 | D:14     | Found Kukanoaz's Assorted Antiques.
 17705 | D:14     | 17705 ||| BUYING potion of might (96 gold).
 17705 | D:14     | Bought a potion of might for 96 gold pieces
 17705 | D:14     | 17705 ||| BUYING scroll of teleportation (72 gold).
 17705 | D:14     | Bought a scroll of teleportation for 72 gold pieces
 17705 | D:14     | 17705 ||| BUYING tourmaline ring (120 gold).
 17705 | D:14     | Bought a tourmaline ring for 120 gold pieces
 17705 | D:14     | 17705 ||| BUYING twisted emerald amulet (120 gold).
 17705 | D:14     | Bought a twisted emerald amulet for 120 gold pieces
 17727 | D:14     | 17727 ||| Stepping ~*~*~tactically~*~*~ (stealth).
 17738 | D:14     | 17738 ||| INVOKING Heroism.
 17755 | D:14     | Reached XP level 16. HP: 99/101 MP: 21/23
 17802 | D:14     | 17802 ||| Stepping ~*~*~tactically~*~*~ (hiding).
 17935 | D:14     | 17935 ||| Stepping ~*~*~tactically~*~*~ (hiding).
 17948 | D:14     | 17948 ||| Stepping ~*~*~tactically~*~*~ (hiding).
 17963 | D:14     | 17963 ||| INVOKING Heroism.
 17964 | D:14     | 17964 ||| Stepping ~*~*~tactically~*~*~ (hiding).
 17965 | D:14     | 17965 ||| Stepping ~*~*~tactically~*~*~ (stealth).
 17986 | D:14     | 17986 ||| SWAPPING to +0 morningstar.
 17987 | D:14     | 17987 ||| INVOKING Finesse.
 17994 | D:14     | 17994 ||| SWAPPING to +4 broad axe of the Silent Majority
                  | {speed, rF+ rC+}.
 18042 | D:14     | 18042 ||| Stepping ~*~*~tactically~*~*~ (hiding).
 18048 | D:14     | Received a gift from Okawaru
 18234 | D:14     | Found Vygemy's Antique Weapon Emporium.
 18259 | D:14     | 18259 ||| UPGRADING to amulet of reflection.
 18269 | D:14     | 18269 ||| DROPPING amulet of regeneration.
 18270 | D:14     | 18270 ||| UPGRADING to ring of see invisible.
 18274 | D:15     | Entered Level 15 of the Dungeon
 18310 | D:15     | 18310 ||| Stepping ~*~*~tactically~*~*~ (stealth).
 18320 | D:15     | 18320 ||| INVOKING Heroism.
 18355 | D:15     | 18355 ||| Stepping ~*~*~tactically~*~*~ (hiding).
 18356 | D:15     | 18356 ||| Stepping ~*~*~tactically~*~*~ (hiding).
 18614 | D:15     | 18614 ||| INVOKING Heroism.
 18617 | D:15     | Received a gift from Okawaru
 18648 | D:15     | Found a staircase to the Depths.
 18663 | D:15     | 18663 ||| INVOKING Heroism.
 18752 | D:15     | Found the -2 hat of the Alchemist {rElec rPois rF+ rC+ rN+
                  | Will+ rMut rCorr}
 18762 | D:15     | 18762 ||| READING 11 scrolls of identify.
 18762 | D:15     | 18762 ||| IDENTIFYING metallic emerald potion
 18763 | D:15     | 18763 ||| READING 5 scrolls of teleportation.
 18846 | D:15     | 18846 ||| Stepping ~*~*~tactically~*~*~ (hiding).
 18847 | D:15     | 18847 ||| Stepping ~*~*~tactically~*~*~ (hiding).
 19071 | D:15     | 19071 ||| PLANNING ORC
 19190 | Orc:1    | Entered Level 1 of the Orcish Mines
 19191 | Orc:1    | 19191 ||| INVOKING Heroism.
 19229 | Orc:1    | Found a burning altar of Makhleb.
 19319 | Orc:1    | 19319 ||| Stepping ~*~*~tactically~*~*~ (stealth).
 19322 | Orc:1    | 19322 ||| Stepping ~*~*~tactically~*~*~ (hiding).
 19323 | Orc:1    | 19323 ||| Stepping ~*~*~tactically~*~*~ (stealth).
 19390 | Orc:1    | Noticed Snorg
 19391 | Orc:1    | 19391 ||| INVOKING Finesse.
 19393 | Orc:1    | 19393 ||| INVOKING Heroism.
 19403 | Orc:1    | Killed Snorg
 19465 | Orc:1    | 19465 ||| INVOKING Heroism.
 19468 | Orc:1    | 19468 ||| INVOKING Finesse.
 19543 | Orc:1    | 19543 ||| Stepping ~*~*~tactically~*~*~ (hiding).
 19544 | Orc:1    | 19544 ||| Stepping ~*~*~tactically~*~*~ (hiding).
 19549 | Orc:1    | 19549 ||| INVOKING Heroism.
 19567 | Orc:1    | 19567 ||| Stepping ~*~*~tactically~*~*~ (stealth).
 19568 | Orc:1    | 19568 ||| Stepping ~*~*~tactically~*~*~ (stealth).
 19743 | Orc:1    | Found a frozen archway.
 19850 | Orc:2    | Entered Level 2 of the Orcish Mines
 19862 | Orc:2    | 19862 ||| INVOKING Heroism.
 19888 | Orc:2    | 19888 ||| Stepping ~*~*~tactically~*~*~ (hiding).
 19889 | Orc:2    | 19889 ||| Stepping ~*~*~tactically~*~*~ (hiding).
 19909 | Orc:2    | 19909 ||| INVOKING Heroism.
 20054 | Orc:2    | 20054 ||| INVOKING Heroism.
 20173 | Orc:2    | 20173 ||| INVOKING Heroism.
 20182 | Orc:2    | Found Nuydaq's General Store.
 20194 | Orc:2    | Found Anigom's General Store.
 20207 | Orc:2    | 20207 ||| Stepping ~*~*~tactically~*~*~ (hiding).
 20210 | Orc:2    | 20210 ||| Stepping ~*~*~tactically~*~*~ (hiding).
 20226 | Orc:2    | 20226 ||| FLEEEEING.
 20229 | Orc:2    | 20229 ||| FLEEEEING.
 20230 | Orc:2    | 20230 ||| FLEEEEING.
 20231 | Orc:2    | 20231 ||| FLEEEEING.
 20232 | Orc:2    | 20232 ||| FLEEEEING.
 20233 | Orc:2    | 20233 ||| FLEEEEING.
 20234 | Orc:2    | 20234 ||| FLEEEEING.
 20267 | Orc:2    | 20267 ||| Stepping ~*~*~tactically~*~*~ (stealth).
 20275 | Orc:2    | 20275 ||| BUYING 2 potions of lignification (102 gold).
 20275 | Orc:2    | Bought 2 potions of lignification for 102 gold pieces
 20275 | Orc:2    | 20275 ||| BUYING potion of lignification (51 gold).
 20275 | Orc:2    | Bought a potion of lignification for 51 gold pieces
 20275 | Orc:2    | 20275 ||| BUYING scroll of teleportation (51 gold).
 20275 | Orc:2    | Bought a scroll of teleportation for 51 gold pieces
 20277 | Orc:2    | 20277 ||| BUYING +6 ring of dexterity (576 gold).
 20277 | Orc:2    | Bought a +6 ring of dexterity for 576 gold pieces
 20279 | Orc:2    | 20279 ||| Stepping ~*~*~tactically~*~*~ (hiding).
 20292 | Orc:2    | 20292 ||| Stepping ~*~*~tactically~*~*~ (stealth).
 20294 | Orc:2    | 20294 ||| Stepping ~*~*~tactically~*~*~ (stealth).
 20295 | Orc:2    | 20295 ||| Stepping ~*~*~tactically~*~*~ (stealth).
 20299 | Orc:2    | 20299 ||| Stepping ~*~*~tactically~*~*~ (stealth).
 20340 | Orc:2    | Found a staircase to the Elven Halls.
 20364 | Orc:2    | 20364 ||| Stepping ~*~*~tactically~*~*~ (stealth).
 20366 | Orc:2    | 20366 ||| Stepping ~*~*~tactically~*~*~ (stealth).
 20373 | Orc:2    | 20373 ||| Stepping ~*~*~tactically~*~*~ (stealth).
 20384 | Orc:2    | 20384 ||| Stepping ~*~*~tactically~*~*~ (hiding).
 20636 | Orc:2    | 20636 ||| Stepping ~*~*~tactically~*~*~ (hiding).
 20639 | Orc:2    | 20639 ||| Stepping ~*~*~tactically~*~*~ (hiding).
 20755 | Orc:2    | 20755 ||| Stepping ~*~*~tactically~*~*~ (hiding).
 20766 | Orc:2    | 20766 ||| INVOKING Heroism.
 20784 | Orc:2    | 20784 ||| Stepping ~*~*~tactically~*~*~ (hiding).
 20795 | Orc:2    | 20795 ||| Stepping ~*~*~tactically~*~*~ (hiding).
 20797 | Orc:2    | 20797 ||| Stepping ~*~*~tactically~*~*~ (hiding).
 20808 | Orc:2    | 20808 ||| Stepping ~*~*~tactically~*~*~ (hiding).
 20814 | Orc:2    | 20814 ||| Stepping ~*~*~tactically~*~*~ (hiding).
 20840 | Orc:2    | Paralysed by an orc sorcerer for 5 turns
 20846 | Orc:2    | 20846 ||| INVOKING Heroism.
 20874 | Orc:2    | 20874 ||| FLEEEEING.
 20875 | Orc:2    | 20875 ||| FLEEEEING.
 20876 | Orc:2    | 20876 ||| FLEEEEING.
 20881 | Orc:2    | 20881 ||| FLEEEEING.
 20882 | Orc:2    | 20882 ||| FLEEEEING.
 20883 | Orc:2    | 20883 ||| FLEEEEING.
 20884 | Orc:2    | 20884 ||| FLEEEEING.
 20907 | Orc:2    | 20907 ||| INVOKING Heroism.
 20993 | Orc:2    | 20993 ||| Stepping ~*~*~tactically~*~*~ (hiding).
 20997 | Orc:2    | 20997 ||| INVOKING Heroism.
 20999 | Orc:2    | Received a gift from Okawaru
 21013 | Orc:2    | Found Eplu's Book Shoppe.
 21013 | Orc:2    | Found Peakkec's Antique Armour Emporium.
 21014 | Orc:2    | Found a one-way gate leading to the halls of Pandemonium.
 21018 | Orc:2    | 21018 ||| SHOPLISTING transparent ice dragon scales (1560
                  | gold, have 1204).
 21027 | Orc:2    | 21027 ||| Stepping ~*~*~tactically~*~*~ (hiding).
 21227 | Orc:2    | 21227 ||| PLANNING SHOALS:1-3
 21227 | Orc:2    | 21227 ||| UPGRADING to +6 ring of dexterity.
 21381 | Shoals:1 | Entered Level 1 of the Shoals
 21473 | Shoals:1 | 21473 ||| Stepping ~*~*~tactically~*~*~ (stealth).
 21475 | Shoals:1 | 21475 ||| Stepping ~*~*~tactically~*~*~ (stealth).
 21489 | Shoals:1 | Received a gift from Okawaru
 21680 | Shoals:1 | Identified the +9 hand axe of the Demagogue {freeze, Fly}
 21711 | Shoals:1 | Reached skill level 6 in Dodging
 21714 | Shoals:1 | 21714 ||| Stepping ~*~*~tactically~*~*~ (stealth).
 21726 | Shoals:1 | Reached XP level 17. HP: 92/108 MP: 24/24
 21836 | Shoals:1 | Identified the +4 pair of gloves of Tenacity {Str+2}
 21844 | Shoals:1 | Received a gift from Okawaru
 22138 | Shoals:1 | 22138 ||| UPGRADING to +4 pair of gloves of Tenacity
                  | {Str+2}.
 22148 | Shoals:1 | 22148 ||| DROPPING +0 pair of gloves.
 22170 | Shoals:2 | 22170 ||| Stepping ~*~*~tactically~*~*~ (stealth).
 22183 | Shoals:2 | 22183 ||| FLEEEEING.
 22184 | Shoals:2 | 22184 ||| STAIRDANCE
 22210 | Shoals:2 | 22210 ||| INVOKING Heroism.
 22219 | Shoals:2 | Reached skill level 18 in Axes
 22258 | Shoals:2 | 22258 ||| Stepping ~*~*~tactically~*~*~ (hiding).
 22259 | Shoals:2 | 22259 ||| INVOKING Heroism.
 22288 | Shoals:2 | 22288 ||| INVOKING Finesse.
 22300 | Shoals:2 | 22300 ||| INVOKING Heroism.
 22333 | Shoals:2 | Found Geic's Jewellery Shop.
 22343 | Shoals:2 | 22343 ||| INVOKING Heroism.
 22452 | Shoals:2 | 22452 ||| Stepping ~*~*~tactically~*~*~ (hiding).
 22461 | Shoals:2 | Reached skill level 12 in Armour
 22484 | Shoals:2 | 22484 ||| Stepping ~*~*~tactically~*~*~ (stealth).
 22486 | Shoals:2 | 22486 ||| Stepping ~*~*~tactically~*~*~ (hiding).
 22487 | Shoals:2 | 22487 ||| Stepping ~*~*~tactically~*~*~ (hiding).
 22488 | Shoals:2 | 22488 ||| Stepping ~*~*~tactically~*~*~ (hiding).
 22489 | Shoals:2 | 22489 ||| Stepping ~*~*~tactically~*~*~ (hiding).
 22490 | Shoals:2 | 22490 ||| Stepping ~*~*~tactically~*~*~ (hiding).
 22543 | Shoals:2 | 22543 ||| Stepping ~*~*~tactically~*~*~ (stealth).
 22561 | Shoals:2 | 22561 ||| INVOKING Heroism.
 22599 | Shoals:2 | Received a gift from Okawaru
 22669 | Shoals:2 | 22669 ||| INVOKING Heroism.
 23243 | Shoals:2 | 23243 ||| DROPPING +2 pair of gloves of hurling.
 23244 | Shoals:2 | 23244 ||| DROPPING scarf of shadows.
 23259 | Shoals:3 | 23259 ||| INVOKING Heroism.
 23260 | Shoals:3 | 23260 ||| INVOKING Finesse.
 23318 | Shoals:3 | 23318 ||| Stepping ~*~*~tactically~*~*~ (hiding).
 23320 | Shoals:3 | 23320 ||| Stepping ~*~*~tactically~*~*~ (hiding).
 23358 | Shoals:3 | 23358 ||| INVOKING Heroism.
 23361 | Shoals:3 | Identified the +1 steam dragon scales "Asink" {rF+}
                  | (Okawaru gifted it to you on level 3 of the Shoals)
 23361 | Shoals:3 | Received a gift from Okawaru
 23426 | Shoals:3 | 23426 ||| INVOKING Heroism.
 23460 | Shoals:3 | 23460 ||| INVOKING Finesse.
 23521 | Shoals:3 | 23521 ||| INVOKING Heroism.
 23522 | Shoals:3 | 23522 ||| INVOKING Finesse.
 23571 | Shoals:3 | 23571 ||| INVOKING Heroism.
 23572 | Shoals:3 | 23572 ||| INVOKING Finesse.
 23684 | Shoals:3 | 23684 ||| INVOKING Heroism.
 23727 | Shoals:3 | Noticed a kraken
 23731 | Shoals:3 | 23731 ||| INVOKING Heroism.
 23742 | Shoals:3 | Killed a kraken
 23755 | Shoals:3 | 23755 ||| Stepping ~*~*~tactically~*~*~ (hiding).
 24046 | Shoals:3 | 24046 ||| INVOKING Heroism.
 24293 | Shoals:3 | 24293 ||| INVOKING Heroism.
 24340 | Shoals:3 | Found Myohul's Assorted Antiques.
 24349 | Shoals:3 | 24349 ||| BUYING 2 potions of attraction (156 gold).
 24349 | Shoals:3 | Bought 2 potions of attraction for 156 gold pieces
 24349 | Shoals:3 | 24349 ||| BUYING potion of curing (78 gold).
 24349 | Shoals:3 | Bought a potion of curing for 78 gold pieces
 24379 | Shoals:3 | 24379 ||| DROPPING scarf of shadows.
 24416 | Shoals:2 | 24416 ||| SHOPLISTING +4 ring of slaying (1326 gold, have
                  | 1309).
 24416 | Shoals:2 | 24416 ||| BUYING ring of positive energy (340 gold).
 24416 | Shoals:2 | Bought a ring of positive energy for 340 gold pieces
 24416 | Shoals:2 | 24416 ||| BUYING ring of protection from fire (425 gold).
 24416 | Shoals:2 | Bought a ring of protection from fire for 425 gold pieces
 24416 | Shoals:2 | 24416 ||| PLANNING SPIDER:1-3
 24416 | Shoals:2 | 24416 ||| DROPPING ring of fire.
 24516 | Spider:1 | Entered Level 1 of the Spider Nest
 24568 | Spider:1 | 24568 ||| INVOKING Heroism.
 24589 | Spider:1 | Noticed Donald
 24590 | Spider:1 | 24590 ||| INVOKING Finesse.
 24598 | Spider:1 | 24598 ||| INVOKING Heroism.
 24620 | Spider:1 | Killed Donald
 24631 | Spider:1 | 24631 ||| Stepping ~*~*~tactically~*~*~ (stealth).
 24633 | Spider:1 | Noticed Frances
 24639 | Spider:1 | 24639 ||| Stepping ~*~*~tactically~*~*~ (hiding).
 24641 | Spider:1 | 24641 ||| Stepping ~*~*~tactically~*~*~ (hiding).
 24663 | Spider:1 | Killed Frances
 24666 | Spider:1 | 24666 ||| Stepping ~*~*~tactically~*~*~ (stealth).
 24667 | Spider:1 | 24667 ||| Stepping ~*~*~tactically~*~*~ (stealth).
 24668 | Spider:1 | 24668 ||| Stepping ~*~*~tactically~*~*~ (stealth).
 24694 | Spider:1 | 24694 ||| DRINKING potion of mutation.
 24694 | Spider:1 | Lost mutation: Your spells are a little easier to cast, but
                  | a little less powerful. [potion of mutation]
 24694 | Spider:1 | Lost mutation: You are vulnerable to cold. (rC-) [potion of
                  | mutation]
 24694 | Spider:1 | Lost mutation: Armour fits poorly on your strangely shaped
                  | body. [potion of mutation]
 24694 | Spider:1 | Lost mutation: You are agile. (Dex +4, Str/Int -1) [potion
                  | of mutation]
 24694 | Spider:1 | Gained mutation: You sometimes lose your temper in combat.
                  | [potion of mutation]
 24694 | Spider:1 | Gained mutation: You have sharp toenails. [potion of
                  | mutation]
 24752 | Spider:1 | 24752 ||| Stepping ~*~*~tactically~*~*~ (stealth).
 24754 | Spider:1 | 24754 ||| INVOKING Heroism.
 24764 | Spider:1 | Reached skill level 15 in Fighting
 24786 | Spider:1 | 24786 ||| Stepping ~*~*~tactically~*~*~ (stealth).
 24793 | Spider:1 | 24793 ||| Stepping ~*~*~tactically~*~*~ (stealth).
 24813 | Spider:1 | 24813 ||| Stepping ~*~*~tactically~*~*~ (stealth).
 24831 | Spider:1 | Reached XP level 18. HP: 119/119 MP: 25/25
 24841 | Spider:1 | 24841 ||| DROPPING +0 morningstar.
 24880 | Spider:1 | 24880 ||| Stepping ~*~*~tactically~*~*~ (stealth).
 24971 | Spider:1 | 24971 ||| Stepping ~*~*~tactically~*~*~ (stealth).
 24974 | Spider:1 | 24974 ||| INVOKING Heroism.
 24999 | Spider:1 | 24999 ||| Stepping ~*~*~tactically~*~*~ (stealth).
 25057 | Spider:1 | 25057 ||| INVOKING Heroism.
 25387 | Spider:1 | 25387 ||| Stepping ~*~*~tactically~*~*~ (stealth).
 25388 | Spider:1 | 25388 ||| Stepping ~*~*~tactically~*~*~ (stealth).
 25389 | Spider:1 | 25389 ||| Stepping ~*~*~tactically~*~*~ (stealth).
 25390 | Spider:1 | 25390 ||| Stepping ~*~*~tactically~*~*~ (stealth).
 26217 | Spider:2 | 26217 ||| INVOKING Finesse.
 26220 | Spider:2 | 26220 ||| INVOKING Heroism.
 26342 | Spider:2 | 26342 ||| DRINKING potion of mutation.
 26342 | Spider:2 | Lost mutation: You sometimes lose your temper in combat.
                  | [potion of mutation]
 26342 | Spider:2 | Lost mutation: You have sharp toenails. [potion of
                  | mutation]
 26342 | Spider:2 | Gained mutation: You have sharp fingernails. [potion of
                  | mutation]
 26342 | Spider:2 | Gained mutation: Your muscles are strong. (Str +4, Int/Dex
                  | -1) [potion of mutation]
 26553 | Spider:3 | 26553 ||| STAIRDANCE
 26559 | Spider:3 | 26559 ||| DRINKING 15 potions of curing.
 26559 | Spider:3 | 26559 ||| (to cure confusion)
 26560 | Spider:3 | 26560 ||| INVOKING Heroism.
 26605 | Spider:3 | Reached skill level 15 in Shields
 26670 | Spider:3 | 26670 ||| INVOKING Heroism.
 26973 | Spider:3 | 26973 ||| Stepping ~*~*~tactically~*~*~ (hiding).
 27040 | Spider:3 | 27040 ||| INVOKING Heroism.
 27142 | Spider:3 | 27142 ||| Stepping ~*~*~tactically~*~*~ (stealth).
 27147 | Spider:3 | 27147 ||| INVOKING Heroism.
 27211 | Spider:3 | 27211 ||| INVOKING Heroism.
 27257 | Spider:3 | Identified the +1 robe "Qiapir" {Int+5} (Okawaru gifted it
                  | to you on level 3 of the Spider Nest)
 27257 | Spider:3 | Received a gift from Okawaru
 27430 | Spider:3 | 27430 ||| INVOKING Heroism.
 27434 | Spider:3 | 27434 ||| INVOKING Finesse.
 27500 | Spider:3 | 27500 ||| PLANNING SHOALS:4
 27673 | Shoals:4 | Entered Level 4 of the Shoals
 27674 | Shoals:4 | 27674 ||| INVOKING Heroism.
 27693 | Shoals:4 | 27693 ||| STAIRDANCE
 27711 | Shoals:4 | 27711 ||| STAIRDANCE
 27739 | Shoals:4 | 27739 ||| Stepping ~*~*~tactically~*~*~ (stealth).
 27741 | Shoals:4 | 27741 ||| Stepping ~*~*~tactically~*~*~ (stealth).
 27746 | Shoals:4 | 27746 ||| Stepping ~*~*~tactically~*~*~ (stealth).
 27761 | Shoals:4 | 27761 ||| Stepping ~*~*~tactically~*~*~ (stealth).
 27762 | Shoals:4 | 27762 ||| Stepping ~*~*~tactically~*~*~ (stealth).
 27763 | Shoals:4 | 27763 ||| Stepping ~*~*~tactically~*~*~ (stealth).
 27766 | Shoals:4 | 27766 ||| INVOKING Heroism.
 27785 | Shoals:4 | 27785 ||| Stepping ~*~*~tactically~*~*~ (hiding).
 27795 | Shoals:4 | 27795 ||| Stepping ~*~*~tactically~*~*~ (hiding).
 27801 | Shoals:4 | 27801 ||| INVOKING Finesse.
 27819 | Shoals:4 | 27819 ||| INVOKING Heroism.
 27929 | Shoals:4 | 27929 ||| Stepping ~*~*~tactically~*~*~ (stealth).
 27931 | Shoals:4 | 27931 ||| Stepping ~*~*~tactically~*~*~ (hiding).
 27934 | Shoals:4 | 27934 ||| INVOKING Heroism.
 27951 | Shoals:4 | 27951 ||| Stepping ~*~*~tactically~*~*~ (stealth).
 28016 | Shoals:4 | 28016 ||| Stepping ~*~*~tactically~*~*~ (hiding).
 28018 | Shoals:4 | 28018 ||| Stepping ~*~*~tactically~*~*~ (hiding).
 28021 | Shoals:4 | 28021 ||| INVOKING Heroism.
 28022 | Shoals:4 | 28022 ||| Stepping ~*~*~tactically~*~*~ (hiding).
 28022 | Shoals:4 | Identified the ring of Fedhas, Building {rF++ Int+6 Slay-2}
 28028 | Shoals:4 | Reached XP level 19. HP: 128/128 MP: 23/26
 28047 | Shoals:4 | 28047 ||| Stepping ~*~*~tactically~*~*~ (stealth).
 28110 | Shoals:4 | 28110 ||| INVOKING Heroism.
 28122 | Shoals:4 | 28122 ||| Stepping ~*~*~tactically~*~*~ (stealth).
 28124 | Shoals:4 | 28124 ||| Stepping ~*~*~tactically~*~*~ (stealth).
 28138 | Shoals:4 | 28138 ||| FLEEEEING.
 28173 | Shoals:4 | 28173 ||| Stepping ~*~*~tactically~*~*~ (hiding).
 28177 | Shoals:4 | 28177 ||| Stepping ~*~*~tactically~*~*~ (hiding).
 28218 | Shoals:4 | 28218 ||| Stepping ~*~*~tactically~*~*~ (stealth).
 28220 | Shoals:4 | 28220 ||| Stepping ~*~*~tactically~*~*~ (hiding).
 28228 | Shoals:4 | Received a gift from Okawaru
 28261 | Shoals:4 | 28261 ||| Stepping ~*~*~tactically~*~*~ (stealth).
 28280 | Shoals:4 | Got a barnacled rune of Zot
 28334 | Shoals:4 | 28334 ||| INVOKING Heroism.
 28397 | Shoals:4 | 28397 ||| Stepping ~*~*~tactically~*~*~ (hiding).
 28398 | Shoals:4 | 28398 ||| Stepping ~*~*~tactically~*~*~ (hiding).
 28585 | Shoals:4 | 28585 ||| INVOKING Heroism.
 28586 | Shoals:4 | 28586 ||| INVOKING Finesse.
 28761 | Shoals:4 | 28761 ||| PLANNING VAULTS:1-4
 28761 | Shoals:4 | 28761 ||| DROPPING amulet of the acrobat.
 28995 | Vaults:1 | Entered Level 1 of the Vaults
 29089 | Vaults:1 | 29089 ||| Stepping ~*~*~tactically~*~*~ (stealth).
 29093 | Vaults:1 | 29093 ||| INVOKING Heroism.
 29119 | Vaults:1 | Reached skill level 9 in Throwing
 29121 | Vaults:1 | Received a gift from Okawaru
 29133 | Vaults:1 | 29133 ||| INVOKING Finesse.
 29390 | Vaults:1 | 29390 ||| INVOKING Heroism.
 29391 | Vaults:1 | 29391 ||| INVOKING Finesse.
 29394 | Vaults:1 | Received a gift from Okawaru
 29404 | Vaults:1 | Reached skill level 15 in Armour
 29603 | Vaults:1 | 29603 ||| Stepping ~*~*~tactically~*~*~ (hiding).
 29613 | Vaults:1 | 29613 ||| Stepping ~*~*~tactically~*~*~ (hiding).
 29621 | Vaults:1 | 29621 ||| INVOKING Heroism.
 29682 | Vaults:1 | 29682 ||| INVOKING Heroism.
 29694 | Vaults:1 | Identified the +8 broad axe of Ebletuc {flame, *Rage rN+
                  | Will++ SInv} (Okawaru gifted it to you on level 1 of the
                  | Vaults)
 29694 | Vaults:1 | Received a gift from Okawaru
 29700 | Vaults:1 | 29700 ||| DROPPING +8 broad axe of Ebletuc {flame, *Rage
                  | rN+ Will++ SInv}.
 29748 | Vaults:1 | 29748 ||| INVOKING Heroism.
 29749 | Vaults:1 | 29749 ||| Stepping ~*~*~tactically~*~*~ (stealth).
 29750 | Vaults:1 | 29750 ||| Stepping ~*~*~tactically~*~*~ (stealth).
 29796 | Vaults:1 | 29796 ||| Stepping ~*~*~tactically~*~*~ (hiding).
 29990 | Vaults:1 | 29990 ||| Stepping ~*~*~tactically~*~*~ (hiding).
 30067 | Vaults:1 | 30067 ||| INVOKING Heroism.
 30418 | Vaults:1 | 30418 ||| DROPPING +0 broad axe of flaming.
 30532 | Vaults:1 | 30532 ||| Stepping ~*~*~tactically~*~*~ (hiding).
 30569 | Vaults:1 | 30569 ||| DROPPING ring of positive energy.
 30658 | Vaults:2 | Received a gift from Okawaru
 30770 | Vaults:2 | 30770 ||| Stepping ~*~*~tactically~*~*~ (stealth).
 30772 | Vaults:2 | 30772 ||| Stepping ~*~*~tactically~*~*~ (stealth).
 30775 | Vaults:2 | 30775 ||| Stepping ~*~*~tactically~*~*~ (stealth).
 30777 | Vaults:2 | Reached skill level 9 in Dodging
 30778 | Vaults:2 | 30778 ||| INVOKING Heroism.
 30865 | Vaults:2 | 30865 ||| FLEEEEING.
 30866 | Vaults:2 | 30866 ||| FLEEEEING.
 30867 | Vaults:2 | 30867 ||| FLEEEEING.
 30868 | Vaults:2 | 30868 ||| FLEEEEING.
 30869 | Vaults:2 | 30869 ||| FLEEEEING.
 30870 | Vaults:2 | 30870 ||| FLEEEEING.
 30871 | Vaults:2 | 30871 ||| FLEEEEING.
 30872 | Vaults:2 | 30872 ||| FLEEEEING.
 30873 | Vaults:2 | 30873 ||| FLEEEEING.
 30874 | Vaults:2 | 30874 ||| FLEEEEING.
 30875 | Vaults:2 | 30875 ||| FLEEEEING.
 30876 | Vaults:2 | 30876 ||| FLEEEEING.
 30877 | Vaults:2 | 30877 ||| FLEEEEING.
 30892 | Vaults:2 | 30892 ||| FLEEEEING.
 30893 | Vaults:2 | 30893 ||| FLEEEEING.
 30894 | Vaults:2 | 30894 ||| FLEEEEING.
 30895 | Vaults:2 | 30895 ||| FLEEEEING.
 30896 | Vaults:2 | 30896 ||| FLEEEEING.
 30897 | Vaults:2 | 30897 ||| FLEEEEING.
 30898 | Vaults:2 | 30898 ||| FLEEEEING.
 30899 | Vaults:2 | 30899 ||| FLEEEEING.
 30900 | Vaults:2 | 30900 ||| FLEEEEING.
 30901 | Vaults:2 | 30901 ||| FLEEEEING.
 30902 | Vaults:2 | 30902 ||| FLEEEEING.
 30903 | Vaults:2 | 30903 ||| FLEEEEING.
 30904 | Vaults:2 | 30904 ||| FLEEEEING.
 30909 | Vaults:2 | 30909 ||| FLEEEEING.
 30910 | Vaults:2 | 30910 ||| FLEEEEING.
 30911 | Vaults:2 | 30911 ||| FLEEEEING.
 30912 | Vaults:2 | 30912 ||| FLEEEEING.
 30913 | Vaults:2 | 30913 ||| FLEEEEING.
 30914 | Vaults:2 | 30914 ||| FLEEEEING.
 30915 | Vaults:2 | 30915 ||| FLEEEEING.
 30916 | Vaults:2 | 30916 ||| FLEEEEING.
 30917 | Vaults:2 | 30917 ||| FLEEEEING.
 30918 | Vaults:2 | 30918 ||| FLEEEEING.
 30919 | Vaults:2 | 30919 ||| FLEEEEING.
 30920 | Vaults:2 | 30920 ||| FLEEEEING.
 30921 | Vaults:2 | 30921 ||| FLEEEEING.
 30922 | Vaults:2 | 30922 ||| FLEEEEING.
 31041 | Vaults:2 | 31041 ||| Stepping ~*~*~tactically~*~*~ (stealth).
 31089 | Vaults:2 | 31089 ||| Stepping ~*~*~tactically~*~*~ (hiding).
 31095 | Vaults:2 | 31095 ||| Stepping ~*~*~tactically~*~*~ (hiding).
 31180 | Vaults:2 | 31180 ||| Stepping ~*~*~tactically~*~*~ (stealth).
 31182 | Vaults:2 | 31182 ||| Stepping ~*~*~tactically~*~*~ (stealth).
 31209 | Vaults:2 | 31209 ||| Stepping ~*~*~tactically~*~*~ (hiding).
 31217 | Vaults:2 | 31217 ||| DRINKING 15 potions of curing.
 31217 | Vaults:2 | 31217 ||| (to cure confusion)
 31221 | Vaults:2 | Reached XP level 20. HP: 136/136 MP: 27/27
 31237 | Vaults:2 | 31237 ||| Stepping ~*~*~tactically~*~*~ (hiding).
 31696 | Vaults:2 | 31696 ||| INVOKING Heroism.
 31710 | Vaults:2 | Reached skill level 18 in Fighting
 31802 | Vaults:2 | 31802 ||| Stepping ~*~*~tactically~*~*~ (hiding).
 31837 | Vaults:2 | 31837 ||| Stepping ~*~*~tactically~*~*~ (stealth).
 31841 | Vaults:2 | Received a gift from Okawaru
 32169 | Vaults:3 | 32169 ||| STAIRDANCE
 32184 | Vaults:3 | 32184 ||| STAIRDANCE
 32193 | Vaults:3 | 32193 ||| STAIRDANCE
 32241 | Vaults:3 | 32241 ||| STAIRDANCE
 32476 | Vaults:3 | 32476 ||| Stepping ~*~*~tactically~*~*~ (hiding).
 32477 | Vaults:3 | 32477 ||| Stepping ~*~*~tactically~*~*~ (stealth).
 32478 | Vaults:3 | 32478 ||| Stepping ~*~*~tactically~*~*~ (hiding).
 32479 | Vaults:3 | 32479 ||| Stepping ~*~*~tactically~*~*~ (hiding).
 32480 | Vaults:3 | 32480 ||| Stepping ~*~*~tactically~*~*~ (hiding).
 32482 | Vaults:3 | 32482 ||| INVOKING Heroism.
 32562 | Vaults:3 | 32562 ||| FLEEEEING.
 32563 | Vaults:3 | 32563 ||| FLEEEEING.
 32564 | Vaults:3 | 32564 ||| FLEEEEING.
 32565 | Vaults:3 | 32565 ||| FLEEEEING.
 32566 | Vaults:3 | 32566 ||| FLEEEEING.
 32567 | Vaults:3 | 32567 ||| FLEEEEING.
 32568 | Vaults:3 | 32568 ||| FLEEEEING.
 32569 | Vaults:3 | 32569 ||| FLEEEEING.
 32574 | Vaults:3 | 32574 ||| FLEEEEING.
 32575 | Vaults:3 | 32575 ||| FLEEEEING.
 32576 | Vaults:3 | 32576 ||| FLEEEEING.
 32587 | Vaults:3 | 32587 ||| FLEEEEING.
 32588 | Vaults:3 | 32588 ||| FLEEEEING.
 32589 | Vaults:3 | 32589 ||| FLEEEEING.
 32592 | Vaults:3 | 32592 ||| STAIRDANCE
 32798 | Vaults:3 | 32798 ||| STAIRDANCE
 32813 | Vaults:3 | 32813 ||| STAIRDANCE
 32923 | Vaults:3 | 32923 ||| STAIRDANCE
 32936 | Vaults:3 | Noticed Boris
 32937 | Vaults:3 | 32937 ||| STAIRDANCE
 32946 | Vaults:3 | 32946 ||| INVOKING Heroism.
 32947 | Vaults:3 | 32947 ||| INVOKING Finesse.
 32959 | Vaults:3 | Killed Boris
 32959 | Vaults:3 | Received a gift from Okawaru
 32965 | Vaults:3 | Noticed Margery
 32966 | Vaults:3 | 32966 ||| DRINKING 3 potions of resistance.
 32971 | Vaults:3 | 32971 ||| Stepping ~*~*~tactically~*~*~ (hiding).
 32989 | Vaults:3 | Killed Margery
 33097 | Vaults:3 | 33097 ||| INVOKING Heroism.
 33127 | Vaults:3 | Identified the +3 crystal plate armour "Meugur" {rF+ Dex-5
                  | Slay+4} (Okawaru gifted it to you on level 3 of the Vaults)
 33127 | Vaults:3 | Received a gift from Okawaru
 33476 | Vaults:3 | 33476 ||| INVOKING Heroism.
 33499 | Vaults:3 | 33499 ||| Stepping ~*~*~tactically~*~*~ (hiding).
 33507 | Vaults:3 | 33507 ||| INVOKING Finesse.
 33528 | Vaults:3 | 33528 ||| INVOKING Heroism.
 33679 | Vaults:3 | 33679 ||| Stepping ~*~*~tactically~*~*~ (hiding).
 33887 | Vaults:3 | Found a staircase to the Crypt.
 33888 | Vaults:3 | 33888 ||| Stepping ~*~*~tactically~*~*~ (hiding).
 33892 | Vaults:3 | 33892 ||| INVOKING Heroism.
 34221 | Vaults:3 | 34221 ||| INVOKING Heroism.
 34264 | Vaults:3 | 34264 ||| INVOKING Finesse.
 34455 | Vaults:3 | 34455 ||| UPGRADING to +1 pair of boots of flying.
 34465 | Vaults:3 | 34465 ||| DROPPING +0 pair of boots.
 34466 | Vaults:3 | 34466 ||| DROPPING +10 plate armour of ponderousness.
 34467 | Vaults:3 | 34467 ||| DROPPING +3 plate armour of fire resistance.
 34468 | Vaults:3 | 34468 ||| DROPPING +2 plate armour of cold resistance.
 34469 | Vaults:3 | 34469 ||| UPGRADING to +3 crystal plate armour "Meugur"
                  | {rF+ Dex-5 Slay+4}.
 34479 | Vaults:3 | 34479 ||| DROPPING +3 pearl dragon scales.
 34480 | Vaults:3 | 34480 ||| DROPPING +6 ring of dexterity.
 34481 | Vaults:3 | 34481 ||| UPGRADING to +4 ring of evasion.
 34534 | Vaults:4 | 34534 ||| STAIRDANCE
 34587 | Vaults:4 | Identified the +11 short sword of Ymmuch {vorpal, Fly rC-
                  | Str+6}
 34602 | Vaults:4 | 34602 ||| FLEEEEING.
 34820 | Vaults:4 | Noticed Jory
 34821 | Vaults:4 | 34821 ||| Stepping ~*~*~tactically~*~*~ (hiding).
 34837 | Vaults:4 | 34837 ||| INVOKING Heroism.
 34856 | Vaults:4 | Killed Jory
 34936 | Vaults:4 | 34936 ||| INVOKING Heroism.
 35044 | Vaults:4 | Identified the +4 scale mail "Niozieh" {rElec rCorr MP+9
                  | Int-2}
 35051 | Vaults:4 | 35051 ||| Stepping ~*~*~tactically~*~*~ (stealth).
 35058 | Vaults:4 | 35058 ||| Stepping ~*~*~tactically~*~*~ (stealth).
 35062 | Vaults:4 | 35062 ||| Stepping ~*~*~tactically~*~*~ (hiding).
 35063 | Vaults:4 | 35063 ||| Stepping ~*~*~tactically~*~*~ (hiding).
 35083 | Vaults:4 | 35083 ||| INVOKING Heroism.
 35085 | Vaults:4 | 35085 ||| Stepping ~*~*~tactically~*~*~ (hiding).
 35127 | Vaults:4 | 35127 ||| INVOKING Heroism.
 35161 | Vaults:4 | Reached XP level 21. HP: 72/144 MP: 28/28
 35380 | Vaults:4 | 35380 ||| Stepping ~*~*~tactically~*~*~ (hiding).
 35381 | Vaults:4 | 35381 ||| Stepping ~*~*~tactically~*~*~ (hiding).
 35507 | Vaults:4 | 35507 ||| INVOKING Heroism.
 35665 | Vaults:4 | 35665 ||| Stepping ~*~*~tactically~*~*~ (hiding).
 35687 | Vaults:4 | 35687 ||| INVOKING Heroism.
 35709 | Vaults:4 | Received a gift from Okawaru
 35710 | Vaults:4 | Reached skill level 18 in Armour
 35711 | Vaults:4 | Noticed Boris
 35712 | Vaults:4 | 35712 ||| INVOKING Finesse.
 35729 | Vaults:4 | 35729 ||| INVOKING Heroism.
 35736 | Vaults:4 | Killed Boris
 36076 | Vaults:4 | 36076 ||| FLEEEEING.
 36077 | Vaults:4 | 36077 ||| FLEEEEING.
 36078 | Vaults:4 | 36078 ||| FLEEEEING.
 36079 | Vaults:4 | 36079 ||| FLEEEEING.
 36080 | Vaults:4 | 36080 ||| FLEEEEING.
 36091 | Vaults:4 | 36091 ||| FLEEEEING.
 36092 | Vaults:4 | 36092 ||| FLEEEEING.
 36093 | Vaults:4 | 36093 ||| FLEEEEING.
 36094 | Vaults:4 | 36094 ||| FLEEEEING.
 36095 | Vaults:4 | 36095 ||| STAIRDANCE
 36360 | Vaults:4 | 36360 ||| PLANNING SPIDER:4
 36709 | Spider:4 | Entered Level 4 of the Spider Nest
 36710 | Spider:4 | 36710 ||| STAIRDANCE
 36741 | Spider:4 | 36741 ||| STAIRDANCE
 36752 | Spider:4 | 36752 ||| STAIRDANCE
 36763 | Spider:4 | 36763 ||| STAIRDANCE
 36794 | Spider:4 | 36794 ||| STAIRDANCE
 36801 | Spider:4 | 36801 ||| STAIRDANCE
 36803 | Spider:3 | 36803 ||| INVOKING Heroism.
 36829 | Spider:4 | 36829 ||| STAIRDANCE
 36834 | Spider:3 | Received a gift from Okawaru
 36836 | Spider:3 | 36836 ||| DROPPING +0 broad axe of freezing.
 36839 | Spider:4 | 36839 ||| STAIRDANCE
 36858 | Spider:4 | 36858 ||| STAIRDANCE
 36871 | Spider:4 | 36871 ||| Stepping ~*~*~tactically~*~*~ (hiding).
 36872 | Spider:4 | 36872 ||| Stepping ~*~*~tactically~*~*~ (hiding).
 36934 | Spider:4 | 36934 ||| Stepping ~*~*~tactically~*~*~ (stealth).
 36942 | Spider:4 | 36942 ||| INVOKING Heroism.
 37028 | Spider:4 | 37028 ||| INVOKING Heroism.
 37042 | Spider:4 | Received a gift from Okawaru
 37140 | Spider:4 | 37140 ||| READING scroll of enchant armour.
 37140 | Spider:4 | 37140 ||| ENCHANTING +1 pair of boots of flying.
 37152 | Spider:4 | 37152 ||| READING scroll of acquirement.
 37152 | Spider:4 | 37152 ||| ACQUIRING ring "Iruomnodd" {Ice Dex+4}
 37152 | Spider:4 | Acquired the ring "Iruomnodd" {Ice Dex+4}
 37337 | Spider:4 | 37337 ||| Stepping ~*~*~tactically~*~*~ (stealth).
 37338 | Spider:4 | 37338 ||| Stepping ~*~*~tactically~*~*~ (stealth).
 37501 | Spider:4 | 37501 ||| INVOKING Heroism.
 37510 | Spider:4 | 37510 ||| Stepping ~*~*~tactically~*~*~ (stealth).
 37575 | Spider:4 | Got a gossamer rune of Zot
 37661 | Spider:4 | Identified the +1 hat of Instinct {rF- Int+3 Dex+4}
 37719 | Spider:4 | 37719 ||| PLANNING DEPTHS
 37719 | Spider:4 | 37719 ||| DROPPING +1 hat of Instinct {rF- Int+3 Dex+4}.
 37983 | Depths:1 | Entered Level 1 of the Depths
 37984 | Depths:1 | 37984 ||| INVOKING Heroism.
 37985 | Depths:1 | 37985 ||| INVOKING Finesse.
 38076 | Depths:1 | 38076 ||| Stepping ~*~*~tactically~*~*~ (hiding).
 38077 | Depths:1 | 38077 ||| Stepping ~*~*~tactically~*~*~ (hiding).
 38092 | Depths:1 | 38092 ||| Stepping ~*~*~tactically~*~*~ (stealth).
 38175 | Depths:1 | 38175 ||| Stepping ~*~*~tactically~*~*~ (hiding).
 38247 | Depths:1 | Noticed a caustic shrike
 38248 | Depths:1 | 38248 ||| Stepping ~*~*~tactically~*~*~ (hiding).
 38251 | Depths:1 | 38251 ||| INVOKING Heroism.
 38252 | Depths:1 | 38252 ||| INVOKING Finesse.
 38260 | Depths:1 | Killed a caustic shrike
 38333 | Depths:1 | 38333 ||| Stepping ~*~*~tactically~*~*~ (stealth).
 38339 | Depths:1 | 38339 ||| Stepping ~*~*~tactically~*~*~ (stealth).
 38342 | Depths:1 | 38342 ||| Stepping ~*~*~tactically~*~*~ (stealth).
 38349 | Depths:1 | 38349 ||| INVOKING Heroism.
 38350 | Depths:1 | 38350 ||| INVOKING Finesse.
 38376 | Depths:1 | 38376 ||| Stepping ~*~*~tactically~*~*~ (stealth).
 38405 | Depths:1 | 38405 ||| INVOKING Heroism.
 38406 | Depths:1 | 38406 ||| Stepping ~*~*~tactically~*~*~ (hiding).
 38527 | Depths:1 | 38527 ||| INVOKING Heroism.
 38528 | Depths:1 | 38528 ||| INVOKING Finesse.
 38601 | Depths:1 | 38601 ||| INVOKING Finesse.
 38602 | Depths:1 | 38602 ||| Stepping ~*~*~tactically~*~*~ (stealth).
 38603 | Depths:1 | 38603 ||| Stepping ~*~*~tactically~*~*~ (hiding).
 38607 | Depths:1 | Reached skill level 21 in Armour
 38612 | Depths:1 | 38612 ||| INVOKING Heroism.
 38633 | Depths:1 | Received a gift from Okawaru
 38697 | Depths:1 | Found a white marble altar of Elyvilon.
 38867 | Depths:1 | Found a gateway to Hell.
 38894 | Depths:1 | Noticed Boris
 38895 | Depths:1 | 38895 ||| Stepping ~*~*~tactically~*~*~ (hiding).
 38897 | Depths:1 | 38897 ||| INVOKING Heroism.
 38898 | Depths:1 | 38898 ||| INVOKING Finesse.
 38909 | Depths:1 | Killed Boris
 38910 | Depths:1 | Reached XP level 22. HP: 143/149 MP: 22/29
 39013 | Depths:1 | Noticed Bai Suzhen
 39017 | Depths:1 | 39017 ||| Stepping ~*~*~tactically~*~*~ (hiding).
 39027 | Depths:1 | Killed Bai Suzhen
 39029 | Depths:1 | 39029 ||| INVOKING Heroism.
 39040 | Depths:1 | Received a gift from Okawaru
 39227 | Depths:1 | 39227 ||| DROPPING +6 ring of dexterity.
 39258 | Depths:2 | 39258 ||| Stepping ~*~*~tactically~*~*~ (hiding).
 39259 | Depths:2 | 39259 ||| Stepping ~*~*~tactically~*~*~ (hiding).
 39371 | Depths:2 | 39371 ||| INVOKING Finesse.
 39376 | Depths:2 | 39376 ||| Stepping ~*~*~tactically~*~*~ (hiding).
 39379 | Depths:2 | 39379 ||| INVOKING Heroism.
 39499 | Depths:2 | 39499 ||| INVOKING Heroism.
 39534 | Depths:2 | 39534 ||| INVOKING Finesse.
 39582 | Depths:2 | Found a runed translucent gate.
 39582 | Depths:2 | Found a runed translucent gate.
 39582 | Depths:2 | Found a runed translucent gate.
 39612 | Depths:2 | 39612 ||| INVOKING Heroism.
 39645 | Depths:2 | 39645 ||| INVOKING Finesse.
 39795 | Depths:2 | 39795 ||| Stepping ~*~*~tactically~*~*~ (hiding).
 39846 | Depths:2 | 39846 ||| Stepping ~*~*~tactically~*~*~ (stealth).
 39847 | Depths:2 | 39847 ||| Stepping ~*~*~tactically~*~*~ (stealth).
 39849 | Depths:2 | 39849 ||| Stepping ~*~*~tactically~*~*~ (hiding).
 39867 | Depths:2 | Found a runed translucent door.
 39868 | Depths:2 | 39868 ||| INVOKING Heroism.
 39870 | Depths:2 | 39870 ||| INVOKING Finesse.
 40077 | Depths:2 | 40077 ||| FLEEEEING.
 40078 | Depths:2 | 40078 ||| FLEEEEING.
 40082 | Depths:2 | 40082 ||| STAIRDANCE
 40184 | Depths:1 | 40184 ||| DROPPING ring of ice.
 40375 | Depths:2 | Found a runed translucent gate.
 40375 | Depths:2 | Found a runed translucent gate.
 40375 | Depths:2 | Found a runed translucent gate.
 40452 | Depths:2 | 40452 ||| INVOKING Heroism.
 40453 | Depths:2 | 40453 ||| INVOKING Finesse.
 40796 | Depths:2 | 40796 ||| INVOKING Heroism.
 40797 | Depths:2 | 40797 ||| INVOKING Finesse.
 40868 | Depths:2 | Identified the amulet "Ruviadgh" {RegenMP rC+ rN+ Will+
                  | Str-4}
 40880 | Depths:2 | Identified the +2 ring mail "Hisemuz" {Rampage rElec Dex+4}
 40951 | Depths:2 | 40951 ||| INVOKING Heroism.
 40972 | Depths:2 | 40972 ||| INVOKING Heroism.
 40994 | Depths:2 | Received a gift from Okawaru
 41000 | Depths:2 | HP: 29/152 [azure jelly (11)]
 41001 | Depths:2 | 41001 ||| READING 9 scrolls of teleportation.
 41002 | Depths:2 | 41002 ||| DRINKING 13 potions of heal wounds.
 41003 | Depths:2 | 41003 ||| DRINKING 12 potions of heal wounds.
 41117 | Depths:2 | 41117 ||| READING 8 scrolls of teleportation.
 41119 | Depths:2 | 41119 ||| FLEEEEING.
 41151 | Depths:2 | 41151 ||| INVOKING Heroism.
 41159 | Depths:2 | 41159 ||| Stepping ~*~*~tactically~*~*~ (stealth).
 41171 | Depths:2 | Received a gift from Okawaru
 41201 | Depths:2 | Identified the ring "Fieng" {Fire Drain rN++ Int+3 Stlth+}
 41237 | Depths:3 | Noticed Boris
 41238 | Depths:3 | 41238 ||| INVOKING Heroism.
 41239 | Depths:3 | 41239 ||| INVOKING Finesse.
 41252 | Depths:3 | Killed Boris
 41303 | Depths:3 | 41303 ||| Stepping ~*~*~tactically~*~*~ (hiding).
 41316 | Depths:3 | 41316 ||| INVOKING Heroism.
 41324 | Depths:3 | Paralysed by a sphinx for 3 turns
 41329 | Depths:3 | 41329 ||| STAIRDANCE
 41347 | Depths:3 | 41347 ||| STAIRDANCE
 41386 | Depths:3 | Noticed a caustic shrike
 41387 | Depths:3 | 41387 ||| INVOKING Heroism.
 41388 | Depths:3 | 41388 ||| INVOKING Finesse.
 41395 | Depths:3 | Killed a caustic shrike
 41448 | Depths:3 | 41448 ||| Stepping ~*~*~tactically~*~*~ (hiding).
 41459 | Depths:3 | Noticed a juggernaut
 41460 | Depths:3 | 41460 ||| INVOKING Heroism.
 41461 | Depths:3 | Noticed a golden dragon
 41462 | Depths:3 | 41462 ||| Stepping ~*~*~tactically~*~*~ (stealth).
 41466 | Depths:3 | 41466 ||| INVOKING Finesse.
 41473 | Depths:3 | Killed a juggernaut
 41483 | Depths:3 | Killed a golden dragon
 41527 | Depths:3 | Noticed a juggernaut
 41527 | Depths:3 | 41527 ||| INVOKING Heroism.
 41528 | Depths:3 | 41528 ||| INVOKING Finesse.
 41547 | Depths:3 | Received a gift from Okawaru
 41555 | Depths:3 | Killed a juggernaut
 41556 | Depths:3 | Reached XP level 23. HP: 132/158 MP: 24/30
 41568 | Depths:3 | Reached skill level 21 in Fighting
 41583 | Depths:3 | Reached skill level 18 in Shields
 41678 | Depths:3 | Identified the +10 whip "Earthworm" {spect, rF+ Will+
                  | Stlth-}
 41750 | Depths:3 | Noticed Mara
 41751 | Depths:3 | 41751 ||| INVOKING Heroism.
 41752 | Depths:3 | 41752 ||| INVOKING Finesse.
 41757 | Depths:3 | Noticed qw's illusion
 41763 | Depths:3 | Killed Mara
 41763 | Depths:3 | Received a gift from Okawaru
 41765 | Depths:3 | 41765 ||| Stepping ~*~*~tactically~*~*~ (hiding).
 41766 | Depths:3 | 41766 ||| Stepping ~*~*~tactically~*~*~ (hiding).
 41888 | Depths:3 | Found a one-way gate to the infinite horrors of the Abyss.
 41921 | Depths:3 | 41921 ||| Stepping ~*~*~tactically~*~*~ (stealth).
 41924 | Depths:3 | 41924 ||| Stepping ~*~*~tactically~*~*~ (stealth).
 41926 | Depths:3 | 41926 ||| INVOKING Heroism.
 41975 | Depths:3 | 41975 ||| INVOKING Heroism.
 41986 | Depths:3 | Reached skill level 12 in Throwing
 42043 | Depths:3 | 42043 ||| INVOKING Heroism.
 42301 | Depths:3 | 42301 ||| INVOKING Heroism.
 42302 | Depths:3 | 42302 ||| INVOKING Finesse.
 42308 | Depths:3 | Received a gift from Okawaru
 42455 | Depths:4 | Entered Level 4 of the Depths
 42474 | Depths:4 | 42474 ||| INVOKING Heroism.
 42556 | Depths:4 | 42556 ||| INVOKING Heroism.
 42557 | Depths:4 | 42557 ||| INVOKING Finesse.
 42593 | Depths:4 | Identified the +1 spear of the Snake Pit {elec, Str+4}
 42611 | Depths:4 | 42611 ||| Stepping ~*~*~tactically~*~*~ (stealth).
 42613 | Depths:4 | 42613 ||| Stepping ~*~*~tactically~*~*~ (hiding).
 42665 | Depths:4 | Found a one-way gateway to a ziggurat.
 42667 | Depths:4 | 42667 ||| INVOKING Heroism.
 42775 | Depths:4 | 42775 ||| INVOKING Heroism.
 42933 | Depths:4 | 42933 ||| Stepping ~*~*~tactically~*~*~ (hiding).
 42996 | Depths:4 | 42996 ||| INVOKING Heroism.
 43026 | Depths:4 | Received a gift from Okawaru
 43049 | Depths:4 | Found a gate to the Realm of Zot.
 43234 | Depths:4 | 43234 ||| INVOKING Heroism.
 43320 | Depths:4 | 43320 ||| INVOKING Heroism.
 43385 | Depths:4 | Found an iron altar of Okawaru.
 43397 | Depths:4 | 43397 ||| PLANNING VAULTS:5
 43722 | Vaults:5 | Entered Level 5 of the Vaults
 43723 | Vaults:5 | 43723 ||| INVOKING Heroism.
 43724 | Vaults:5 | 43724 ||| STAIRDANCE
 43740 | Vaults:5 | 43740 ||| STAIRDANCE
 43746 | Vaults:4 | Received a gift from Okawaru
 43758 | Vaults:5 | 43758 ||| STAIRDANCE
 43762 | Vaults:4 | 43762 ||| INVOKING Heroism.
 43786 | Vaults:5 | 43786 ||| STAIRDANCE
 43816 | Vaults:5 | 43816 ||| STAIRDANCE
 43831 | Vaults:5 | 43831 ||| INVOKING Heroism.
 43869 | Vaults:5 | 43869 ||| Stepping ~*~*~tactically~*~*~ (hiding).
 43892 | Vaults:5 | 43892 ||| INVOKING Heroism.
 43902 | Vaults:5 | Received a gift from Okawaru
 43903 | Vaults:5 | 43903 ||| Stepping ~*~*~tactically~*~*~ (stealth).
 43962 | Vaults:5 | 43962 ||| INVOKING Finesse.
 43966 | Vaults:5 | 43966 ||| Stepping ~*~*~tactically~*~*~ (hiding).
 43966 | Vaults:5 | Found Xusih's Assorted Antiques.
 43967 | Vaults:5 | 43967 ||| Stepping ~*~*~tactically~*~*~ (hiding).
 43968 | Vaults:5 | 43968 ||| Stepping ~*~*~tactically~*~*~ (hiding).
 43970 | Vaults:5 | 43970 ||| INVOKING Heroism.
 43991 | Vaults:5 | 43991 ||| Stepping ~*~*~tactically~*~*~ (hiding).
 44011 | Vaults:5 | Received a gift from Okawaru
 44039 | Vaults:5 | 44039 ||| Stepping ~*~*~tactically~*~*~ (stealth).
 44049 | Vaults:5 | 44049 ||| INVOKING Heroism.
 44064 | Vaults:5 | Reached XP level 24. HP: 148/166 MP: 29/30
 44072 | Vaults:5 | 44072 ||| Stepping ~*~*~tactically~*~*~ (stealth).
 44083 | Vaults:5 | 44083 ||| READING scroll of enchant armour.
 44083 | Vaults:5 | 44083 ||| ENCHANTING +0 cloak.
 44094 | Vaults:5 | 44094 ||| Stepping ~*~*~tactically~*~*~ (stealth).
 44125 | Vaults:5 | 44125 ||| BUYING 2 potions of mutation (528 gold).
 44125 | Vaults:5 | Bought 2 potions of mutation for 528 gold pieces
 44125 | Vaults:5 | 44125 ||| BUYING potion of attraction (99 gold).
 44125 | Vaults:5 | Bought a potion of attraction for 99 gold pieces
 44125 | Vaults:5 | 44125 ||| BUYING scroll of enchant weapon (247 gold).
 44125 | Vaults:5 | Bought a scroll of enchant weapon for 247 gold pieces
 44162 | Vaults:5 | 44162 ||| Stepping ~*~*~tactically~*~*~ (hiding).
 44181 | Vaults:5 | Received a gift from Okawaru
 44187 | Vaults:5 | 44187 ||| Stepping ~*~*~tactically~*~*~ (hiding).
 44338 | Vaults:5 | 44338 ||| Stepping ~*~*~tactically~*~*~ (hiding).
 44340 | Vaults:5 | 44340 ||| INVOKING Heroism.
 44355 | Vaults:5 | 44355 ||| Stepping ~*~*~tactically~*~*~ (hiding).
 44391 | Vaults:5 | 44391 ||| Stepping ~*~*~tactically~*~*~ (stealth).
 44392 | Vaults:5 | 44392 ||| Stepping ~*~*~tactically~*~*~ (stealth).
 44393 | Vaults:5 | 44393 ||| Stepping ~*~*~tactically~*~*~ (stealth).
 44431 | Vaults:5 | 44431 ||| Stepping ~*~*~tactically~*~*~ (hiding).
 44485 | Vaults:5 | 44485 ||| INVOKING Heroism.
 44528 | Vaults:5 | Identified the +9 falchion of the Ghost {vorpal, Will+
                  | Str+3}
 44544 | Vaults:5 | 44544 ||| INVOKING Heroism.
 44574 | Vaults:5 | Identified the +9 quarterstaff of Karma {holy, Fragile
                  | rF+++ Dex+6 Stlth+}
 44603 | Abyss:2  | Cast into level 2 of the Abyss (a deep elf demonologist)
 44608 | Abyss:2  | 44608 ||| Stepping ~*~*~tactically~*~*~ (hiding).
 44623 | Abyss:2  | Noticed an ancient lich
 44624 | Abyss:2  | 44624 ||| INVOKING Heroism.
 44625 | Abyss:2  | 44625 ||| INVOKING Finesse.
 44634 | Abyss:2  | Killed an ancient lich
 44660 | Abyss:2  | 44660 ||| Stepping ~*~*~tactically~*~*~ (hiding).
 44664 | Abyss:2  | 44664 ||| Stepping ~*~*~tactically~*~*~ (hiding).
 44667 | Abyss:2  | Gained mutation: You are clumsy. (Dex -2) [a neqoxec]
 44687 | Abyss:2  | Noticed an ancient lich
 44688 | Abyss:2  | 44688 ||| Stepping ~*~*~tactically~*~*~ (hiding).
 44690 | Abyss:2  | 44690 ||| Stepping ~*~*~tactically~*~*~ (hiding).
 44692 | Abyss:2  | 44692 ||| Stepping ~*~*~tactically~*~*~ (hiding).
 44693 | Abyss:2  | 44693 ||| INVOKING Heroism.
 44705 | Abyss:2  | Killed an ancient lich
 44705 | Abyss:2  | Received a gift from Okawaru
 44747 | Vaults:5 | Escaped the Abyss
 44754 | Vaults:5 | 44754 ||| INVOKING Finesse.
 44766 | Vaults:5 | 44766 ||| INVOKING Heroism.
 44774 | Vaults:5 | Reached skill level 24 in Fighting
 44850 | Vaults:5 | 44850 ||| Stepping ~*~*~tactically~*~*~ (stealth).
 44857 | Vaults:5 | 44857 ||| Stepping ~*~*~tactically~*~*~ (hiding).
 45014 | Vaults:5 | Identified the ring "Cieliet" {rN+ rCorr Str+2 Dex-5}
 45147 | Vaults:5 | Got a silver rune of Zot
 45233 | Vaults:5 | 45233 ||| Stepping ~*~*~tactically~*~*~ (hiding).
 45248 | Vaults:5 | Received a gift from Okawaru
 45251 | Vaults:5 | 45251 ||| Stepping ~*~*~tactically~*~*~ (hiding).
 45253 | Vaults:5 | 45253 ||| Stepping ~*~*~tactically~*~*~ (hiding).
 45254 | Vaults:5 | 45254 ||| Stepping ~*~*~tactically~*~*~ (hiding).
 45255 | Vaults:5 | 45255 ||| Stepping ~*~*~tactically~*~*~ (hiding).
 45256 | Vaults:5 | 45256 ||| INVOKING Heroism.
 45390 | Vaults:5 | Found the +3 pair of seven-league boots {Rampage+∞}
 45412 | Vaults:5 | 45412 ||| INVOKING Heroism.
 45545 | Vaults:5 | Identified the +0 chain mail "Afarghu" {Harm +Inv rC+}
 45615 | Vaults:5 | Identified the ring "Laxzovu" {Ice Dex+4}
 45702 | Vaults:5 | 45702 ||| PLANNING SHOPPING SPREE
 45702 | Vaults:5 | 45702 ||| DROPPING +1 cloak.
 45703 | Vaults:5 | 45703 ||| UPGRADING to +3 pair of seven-league boots
                  | {Rampage+∞}.
 45713 | Vaults:5 | 45713 ||| DROPPING +2 pair of boots of flying.
 45714 | Vaults:5 | 45714 ||| DROPPING ring "Cieliet" {rN+ rCorr Str+2 Dex-5}.
 45739 | Vaults:5 | 45739 ||| READING 12 scrolls of teleportation.
 46362 | Orc:2    | 46362 ||| BUYING transparent ice dragon scales (1560 gold).
 46362 | Orc:2    | Bought transparent ice dragon scales for 1560 gold pieces
 46362 | Orc:2    | Identified the +6 ice dragon scales "Soujeet" {rF- rC++
                  | Str+2 SInv} (You bought it in a shop on level 2 of the
                  | Orcish Mines)
 46362 | Orc:2    | 46362 ||| PLANNING ZOT:1-4
 46642 | Zot:1    | Entered Level 1 of the Realm of Zot
 46650 | Zot:1    | 46650 ||| INVOKING Heroism.
 46781 | Zot:1    | 46781 ||| Stepping ~*~*~tactically~*~*~ (stealth).
 46803 | Zot:1    | 46803 ||| Stepping ~*~*~tactically~*~*~ (hiding).
 46806 | Zot:1    | 46806 ||| INVOKING Heroism.
 46825 | Zot:1    | 46825 ||| Stepping ~*~*~tactically~*~*~ (hiding).
 46826 | Zot:1    | Noticed a curse toe
 46827 | Zot:1    | 46827 ||| INVOKING Heroism.
 46859 | Zot:1    | Killed a curse toe
 46873 | Zot:1    | Identified the +5 broad axe of Tender Mercy {venom, rN+
                  | Dex+4} (Okawaru gifted it to you on level 1 of the Realm of
                  | Zot)
 46873 | Zot:1    | Received a gift from Okawaru
 46897 | Zot:1    | 46897 ||| INVOKING Heroism.
 46925 | Zot:1    | 46925 ||| Stepping ~*~*~tactically~*~*~ (stealth).
 46926 | Zot:1    | 46926 ||| Stepping ~*~*~tactically~*~*~ (stealth).
 47026 | Zot:1    | 47026 ||| DROPPING +5 broad axe of Tender Mercy {venom, rN+
                  | Dex+4}.
 47324 | Zot:1    | 47324 ||| Stepping ~*~*~tactically~*~*~ (hiding).
 47326 | Zot:1    | 47326 ||| INVOKING Heroism.
 47331 | Zot:1    | 47331 ||| Stepping ~*~*~tactically~*~*~ (hiding).
 47339 | Zot:1    | Reached XP level 25. HP: 159/181 MP: 29/30
 47339 | Zot:1    | 47339 ||| Stepping ~*~*~tactically~*~*~ (hiding).
 48050 | Zot:1    | 48050 ||| UPGRADING to +2 cloak.
 48060 | Zot:1    | 48060 ||| DROPPING +1 cloak.
 48061 | Zot:1    | 48061 ||| DROPPING amulet of magic regeneration.
 48112 | Zot:2    | 48112 ||| FLEEEEING.
 48113 | Zot:2    | 48113 ||| FLEEEEING.
 48114 | Zot:2    | 48114 ||| FLEEEEING.
 48115 | Zot:2    | 48115 ||| STAIRDANCE
 48277 | Zot:2    | 48277 ||| INVOKING Heroism.
 48385 | Zot:2    | 48385 ||| READING 14 scrolls of teleportation.
 48389 | Zot:2    | 48389 ||| FLEEEEING.
 48390 | Zot:2    | 48390 ||| FLEEEEING.
 48482 | Zot:2    | 48482 ||| INVOKING Heroism.
 48533 | Zot:2    | 48533 ||| Stepping ~*~*~tactically~*~*~ (hiding).
 48535 | Zot:2    | 48535 ||| Stepping ~*~*~tactically~*~*~ (hiding).
 48547 | Zot:2    | Received a gift from Okawaru
 48548 | Zot:2    | 48548 ||| Stepping ~*~*~tactically~*~*~ (hiding).
 48571 | Zot:2    | 48571 ||| Stepping ~*~*~tactically~*~*~ (hiding).
 48614 | Zot:2    | 48614 ||| Stepping ~*~*~tactically~*~*~ (hiding).
 48619 | Zot:2    | 48619 ||| INVOKING Heroism.
 48651 | Zot:2    | Reached ****** piety under Okawaru
 48727 | Zot:2    | 48727 ||| INVOKING Heroism.
 48746 | Zot:2    | Reached skill level 15 in Throwing
 48949 | Zot:2    | Found a transporter.
 48952 | Zot:2    | Noticed Jiorhin's ghost (legendary TrBe)
 48953 | Zot:2    | Noticed a shard shrike
 48971 | Zot:2    | Found a transporter.
 48974 | Zot:2    | Noticed a shard shrike
 48975 | Zot:2    | Noticed a shard shrike
 48976 | Zot:2    | Noticed a shard shrike
 49082 | Zot:3    | 49082 ||| STAIRDANCE
 49094 | Zot:2    | Received a gift from Okawaru
 49216 | Zot:3    | 49216 ||| STAIRDANCE
 49234 | Zot:3    | 49234 ||| STAIRDANCE
 49242 | Zot:3    | 49242 ||| INVOKING Heroism.
 49260 | Zot:3    | 49260 ||| Stepping ~*~*~tactically~*~*~ (hiding).
 49270 | Zot:3    | 49270 ||| Stepping ~*~*~tactically~*~*~ (hiding).
 49358 | Zot:3    | 49358 ||| Stepping ~*~*~tactically~*~*~ (hiding).
 49359 | Zot:3    | 49359 ||| Stepping ~*~*~tactically~*~*~ (hiding).
 49360 | Zot:3    | 49360 ||| INVOKING Heroism.
 49450 | Zot:3    | 49450 ||| Stepping ~*~*~tactically~*~*~ (stealth).
 49511 | Zot:3    | Received a gift from Okawaru
 49545 | Zot:3    | 49545 ||| INVOKING Heroism.
 49636 | Zot:3    | 49636 ||| INVOKING Heroism.
 49646 | Zot:3    | 49646 ||| Stepping ~*~*~tactically~*~*~ (hiding).
 49656 | Zot:3    | HP: 34/182 [yellow draconian annihilator/crystal spear
                  | (58)]
 49657 | Zot:3    | 49657 ||| READING 13 scrolls of teleportation.
 49658 | Zot:3    | 49658 ||| DRINKING 14 potions of heal wounds.
 49661 | Zot:3    | 49661 ||| DRINKING 13 potions of heal wounds.
 49790 | Zot:3    | 49790 ||| Stepping ~*~*~tactically~*~*~ (hiding).
 49792 | Zot:3    | 49792 ||| Stepping ~*~*~tactically~*~*~ (hiding).
 49803 | Zot:3    | Received a gift from Okawaru
 49916 | Zot:3    | 49916 ||| DROPPING +1 hat of willpower.
 49917 | Zot:3    | 49917 ||| READING 12 scrolls of teleportation.
 49920 | Zot:3    | 49920 ||| FLEEEEING.
 49980 | Zot:3    | 49980 ||| Stepping ~*~*~tactically~*~*~ (stealth).
 49983 | Zot:3    | 49983 ||| Stepping ~*~*~tactically~*~*~ (stealth).
 49991 | Zot:3    | 49991 ||| Stepping ~*~*~tactically~*~*~ (hiding).
 50013 | Zot:3    | 50013 ||| Stepping ~*~*~tactically~*~*~ (hiding).
 50029 | Zot:3    | 50029 ||| Stepping ~*~*~tactically~*~*~ (hiding).
 50038 | Zot:3    | 50038 ||| INVOKING Heroism.
 50042 | Zot:3    | 50042 ||| Stepping ~*~*~tactically~*~*~ (hiding).
 50059 | Zot:3    | Received a gift from Okawaru
 50093 | Zot:3    | Received a gift from Okawaru
 50107 | Zot:3    | 50107 ||| READING 11 scrolls of teleportation.
 50126 | Zot:3    | 50126 ||| READING 10 scrolls of teleportation.
 50173 | Zot:3    | 50173 ||| READING 9 scrolls of teleportation.
 50176 | Zot:3    | 50176 ||| FLEEEEING.
 50177 | Zot:3    | 50177 ||| FLEEEEING.
 50178 | Zot:3    | 50178 ||| FLEEEEING.
 50265 | Zot:3    | 50265 ||| INVOKING Heroism.
 50275 | Zot:3    | Identified the +10 hand crossbow of Okawaru's Grace {elec,
                  | rPois Int+6} (Okawaru gifted it to you on level 3 of the
                  | Realm of Zot)
 50275 | Zot:3    | Received a gift from Okawaru
 50283 | Zot:3    | 50283 ||| READING 8 scrolls of teleportation.
 50392 | Zot:3    | 50392 ||| INVOKING Heroism.
 50403 | Zot:3    | 50403 ||| READING 7 scrolls of teleportation.
 50452 | Zot:3    | 50452 ||| READING 6 scrolls of teleportation.
 50460 | Zot:3    | 50460 ||| FLEEEEING.
 50461 | Zot:3    | 50461 ||| FLEEEEING.
 50490 | Zot:3    | 50490 ||| READING 5 scrolls of teleportation.
 50619 | Zot:4    | 50619 ||| INVOKING Heroism.
 50620 | Zot:4    | 50620 ||| STAIRDANCE
 50629 | Zot:4    | 50629 ||| STAIRDANCE
 50696 | Zot:4    | 50696 ||| INVOKING Heroism.
 50697 | Zot:4    | 50697 ||| STAIRDANCE
 50865 | Zot:4    | 50865 ||| INVOKING Heroism.
 50991 | Zot:4    | 50991 ||| Stepping ~*~*~tactically~*~*~ (hiding).
 51023 | Zot:4    | Reached XP level 26. HP: 192/192 MP: 31/31
 51028 | Zot:4    | 51028 ||| Stepping ~*~*~tactically~*~*~ (hiding).
 51045 | Zot:4    | 51045 ||| INVOKING Heroism.
 51048 | Zot:4    | Reached skill level 11 in Invocations
 51147 | Zot:4    | Found a runed translucent gate.
 51147 | Zot:4    | Found a runed translucent gate.
 51148 | Zot:4    | Found a runed translucent gate.
 51148 | Zot:4    | Noticed an ancient lich
 51150 | Zot:4    | Noticed qw's ghost (veteran GrFi)
 51174 | Zot:4    | Noticed an orb of fire
 51175 | Zot:4    | 51175 ||| DRINKING 4 potions of resistance.
 51176 | Zot:4    | 51176 ||| INVOKING Heroism.
 51176 | Zot:4    | Gained mutation: You are frail. (-10% HP) [an orb of fire]
 51177 | Zot:4    | 51177 ||| INVOKING Finesse.
 51197 | Zot:4    | Gained mutation: You occasionally lose the ability to drink
                  | potions when taking damage. [an orb of fire]
 51198 | Zot:4    | Killed an orb of fire
 51206 | Zot:4    | 51206 ||| DRINKING 8 potions of mutation.
 51206 | Zot:4    | Lost mutation: You are frail. (-10% HP) [potion of
                  | mutation]
 51206 | Zot:4    | Lost mutation: You have sharp fingernails. [potion of
                  | mutation]
 51206 | Zot:4    | Lost mutation: You are clumsy. (Dex -2) [potion of
                  | mutation]
 51206 | Zot:4    | Gained mutation: You have sharp toenails. [potion of
                  | mutation]
 51206 | Zot:4    | Gained mutation: You are covered in fur. (AC +1) [potion of
                  | mutation]
 51222 | Zot:4    | 51222 ||| DRINKING 7 potions of mutation.
 51222 | Zot:4    | Lost mutation: You occasionally lose the ability to drink
                  | potions when taking damage. [potion of mutation]
 51222 | Zot:4    | Lost mutation: You have sharp toenails. [potion of
                  | mutation]
 51222 | Zot:4    | Lost mutation: You are covered in fur. (AC +1) [potion of
                  | mutation]
 51222 | Zot:4    | Gained mutation: You have very sharp teeth. [potion of
                  | mutation]
 51222 | Zot:4    | Gained mutation: You are agile. (Dex +4, Str/Int -1)
                  | [potion of mutation]
 51222 | Zot:4    | Gained mutation: You have sharp fingernails. [potion of
                  | mutation]
 51222 | Zot:4    | Gained mutation: You are very agile. (Dex +8, Str/Int -2)
                  | [potion of mutation]
 51294 | Zot:4    | 51294 ||| Stepping ~*~*~tactically~*~*~ (stealth).
 51296 | Zot:4    | 51296 ||| Stepping ~*~*~tactically~*~*~ (hiding).
 51403 | Zot:4    | 51403 ||| PLANNING THE SHINING ONE WORSHIP
 51403 | Zot:4    | 51403 ||| UPGRADING to +0 tower shield.
 51413 | Zot:4    | 51413 ||| DROPPING +2 kite shield of Cikhakh {-Cast Regen+
                  | Dex+2 Slay+2}.
 51439 | Zot:3    | 51439 ||| Stepping ~*~*~tactically~*~*~ (stealth).
 51756 | D:10     | Fell from the grace of Okawaru
 51756 | D:10     | Became a worshipper of the Shining One
 51757 | D:10     | 51757 ||| PLANNING CRYPT
 52053 | Crypt:1  | Entered Level 1 of the Crypt
 52195 | Crypt:1  | 52195 ||| Stepping ~*~*~tactically~*~*~ (stealth).
 52200 | Crypt:1  | 52200 ||| Stepping ~*~*~tactically~*~*~ (hiding).
 52204 | Crypt:1  | Reached * piety under the Shining One
 52212 | Crypt:1  | 52212 ||| Stepping ~*~*~tactically~*~*~ (hiding).
 52214 | Crypt:1  | 52214 ||| Stepping ~*~*~tactically~*~*~ (hiding).
 52242 | Crypt:1  | 52242 ||| Stepping ~*~*~tactically~*~*~ (stealth).
 52244 | Crypt:1  | Reached skill level 12 in Invocations
 52254 | Crypt:1  | Reached ** piety under the Shining One
 52255 | Crypt:1  | 52255 ||| REMOVING ring of see invisible.
 52336 | Crypt:1  | Found a transporter.
 52449 | Crypt:1  | 52449 ||| Stepping ~*~*~tactically~*~*~ (stealth).
 52697 | Crypt:1  | 52697 ||| Stepping ~*~*~tactically~*~*~ (stealth).
 52701 | Crypt:1  | 52701 ||| Stepping ~*~*~tactically~*~*~ (hiding).
 52702 | Crypt:1  | 52702 ||| Stepping ~*~*~tactically~*~*~ (hiding).
 52851 | Crypt:1  | 52851 ||| Stepping ~*~*~tactically~*~*~ (hiding).
 52856 | Crypt:1  | Reached *** piety under the Shining One
 52923 | Crypt:1  | Noticed Zenata
 52940 | Crypt:1  | Killed Zenata
 52983 | Crypt:1  | Noticed Grunn
 52991 | Crypt:1  | 52991 ||| INVOKING Cleansing Flame.
 52992 | Crypt:1  | 52992 ||| INVOKING Cleansing Flame.
 52993 | Crypt:1  | 52993 ||| INVOKING Cleansing Flame.
 52994 | Crypt:1  | Reached skill level 13 in Invocations
 53001 | Crypt:1  | Killed Grunn
 53076 | Crypt:1  | Noticed Vv
 53077 | Crypt:1  | 53077 ||| Stepping ~*~*~tactically~*~*~ (hiding).
 53082 | Crypt:1  | 53082 ||| DRINKING 3 potions of resistance.
 53109 | Crypt:1  | Killed Vv
 53264 | Crypt:1  | Found a transporter.
 53361 | Crypt:1  | 53361 ||| DROPPING +1 helmet of see invisible.
 53362 | Crypt:1  | 53362 ||| DROPPING ring of see invisible.
 53363 | Crypt:1  | 53363 ||| UPGRADING to ring of protection from fire.
 53364 | Crypt:1  | 53364 ||| UPGRADING to ring of protection from cold.
 53366 | Crypt:1  | 53366 ||| UPGRADING to ring "Iruomnodd" {Ice Dex+4}.
 53368 | Crypt:1  | 53368 ||| UPGRADING to +4 ring of protection.
 53427 | Crypt:2  | Noticed Frederick
 53439 | Crypt:2  | Killed Frederick
 53466 | Crypt:2  | Reached **** piety under the Shining One
 53507 | Crypt:2  | Reached skill level 14 in Invocations
 53569 | Crypt:2  | 53569 ||| DROPPING +0 war axe.
 53594 | Crypt:2  | 53594 ||| Stepping ~*~*~tactically~*~*~ (hiding).
 53595 | Crypt:2  | 53595 ||| Stepping ~*~*~tactically~*~*~ (hiding).
 53596 | Crypt:2  | 53596 ||| Stepping ~*~*~tactically~*~*~ (hiding).
 53599 | Crypt:2  | 53599 ||| Stepping ~*~*~tactically~*~*~ (hiding).
 53714 | Crypt:2  | Reached ***** piety under the Shining One
 53719 | Crypt:2  | 53719 ||| Stepping ~*~*~tactically~*~*~ (stealth).
 53720 | Crypt:2  | 53720 ||| Stepping ~*~*~tactically~*~*~ (stealth).
 53721 | Crypt:2  | 53721 ||| Stepping ~*~*~tactically~*~*~ (stealth).
 53746 | Crypt:2  | 53746 ||| Stepping ~*~*~tactically~*~*~ (hiding).
 53757 | Crypt:2  | 53757 ||| Stepping ~*~*~tactically~*~*~ (hiding).
 53760 | Crypt:2  | 53760 ||| Stepping ~*~*~tactically~*~*~ (hiding).
 53986 | Crypt:2  | 53986 ||| Stepping ~*~*~tactically~*~*~ (hiding).
 53988 | Crypt:2  | Noticed Boris
 53989 | Crypt:2  | 53989 ||| INVOKING Summon Divine Warrior.
 54009 | Crypt:2  | Killed Boris
 54129 | Crypt:2  | 54129 ||| INVOKING Cleansing Flame.
 54211 | Crypt:2  | Found a basalt altar of Yredelemnul.
 54214 | Crypt:2  | 54214 ||| INVOKING Cleansing Flame.
 54418 | Crypt:2  | 54418 ||| DROPPING +1 cloak.
 54435 | Crypt:3  | Entered Level 3 of the Crypt
 54445 | Crypt:3  | 54445 ||| Stepping ~*~*~tactically~*~*~ (hiding).
 54446 | Crypt:3  | 54446 ||| Stepping ~*~*~tactically~*~*~ (hiding).
 54564 | Crypt:3  | 54564 ||| FLEEEEING.
 54565 | Crypt:3  | 54565 ||| FLEEEEING.
 54566 | Crypt:3  | 54566 ||| FLEEEEING.
 54567 | Crypt:3  | 54567 ||| FLEEEEING.
 54568 | Crypt:3  | 54568 ||| FLEEEEING.
 54569 | Crypt:3  | 54569 ||| FLEEEEING.
 54574 | Crypt:3  | 54574 ||| FLEEEEING.
 54575 | Crypt:3  | 54575 ||| FLEEEEING.
 54576 | Crypt:3  | 54576 ||| FLEEEEING.
 54577 | Crypt:3  | 54577 ||| FLEEEEING.
 54578 | Crypt:3  | 54578 ||| FLEEEEING.
 54579 | Crypt:3  | 54579 ||| FLEEEEING.
 54580 | Crypt:3  | 54580 ||| FLEEEEING.
 54581 | Crypt:3  | 54581 ||| FLEEEEING.
 54582 | Crypt:3  | 54582 ||| FLEEEEING.
 54583 | Crypt:3  | 54583 ||| FLEEEEING.
 54584 | Crypt:3  | 54584 ||| FLEEEEING.
 54585 | Crypt:3  | 54585 ||| FLEEEEING.
 54586 | Crypt:3  | 54586 ||| FLEEEEING.
 54587 | Crypt:3  | 54587 ||| FLEEEEING.
 54588 | Crypt:3  | 54588 ||| FLEEEEING.
 54589 | Crypt:3  | 54589 ||| FLEEEEING.
 54590 | Crypt:3  | 54590 ||| FLEEEEING.
 54591 | Crypt:3  | 54591 ||| FLEEEEING.
 54592 | Crypt:3  | 54592 ||| FLEEEEING.
 54593 | Crypt:3  | 54593 ||| STAIRDANCE
 54646 | Crypt:3  | 54646 ||| STAIRDANCE
 54751 | Crypt:3  | 54751 ||| STAIRDANCE
 54880 | Crypt:3  | Reached ****** piety under the Shining One
 54885 | Crypt:3  | 54885 ||| INVOKING Brand Weapon With Holy Wrath.
 54885 | Crypt:3  | Identified a +2 broad axe of holy wrath (a +0 broad axe
                  | blessed by the Shining One)
 54885 | Crypt:3  | Received a gift from the Shining One
 55037 | Crypt:3  | 55037 ||| Stepping ~*~*~tactically~*~*~ (hiding).
 55038 | Crypt:3  | 55038 ||| Stepping ~*~*~tactically~*~*~ (hiding).
 55039 | Crypt:3  | 55039 ||| Stepping ~*~*~tactically~*~*~ (hiding).
 55107 | Crypt:3  | 55107 ||| Stepping ~*~*~tactically~*~*~ (hiding).
 55112 | Crypt:3  | Reached skill level 15 in Invocations
 55327 | Crypt:3  | Found a staircase to the Tomb.
 55327 | Crypt:3  | Noticed a royal mummy
 55328 | Crypt:3  | 55328 ||| INVOKING Summon Divine Warrior.
 55331 | Crypt:3  | 55331 ||| INVOKING Cleansing Flame.
 55332 | Crypt:3  | 55332 ||| INVOKING Cleansing Flame.
 55333 | Crypt:3  | 55333 ||| INVOKING Cleansing Flame.
 55334 | Crypt:3  | 55334 ||| INVOKING Cleansing Flame.
 55339 | Crypt:3  | Killed a royal mummy
 55544 | Crypt:3  | Found an ancient bone altar of Kikubaaqudgha.
 55546 | Crypt:3  | 55546 ||| Stepping ~*~*~tactically~*~*~ (hiding).
 55547 | Crypt:3  | 55547 ||| Stepping ~*~*~tactically~*~*~ (hiding).
 55595 | Crypt:3  | 55595 ||| Stepping ~*~*~tactically~*~*~ (hiding).
 55900 | Crypt:3  | Noticed a dread lich
 55901 | Crypt:3  | 55901 ||| INVOKING Summon Divine Warrior.
 55902 | Crypt:3  | 55902 ||| INVOKING Cleansing Flame.
 55905 | Crypt:3  | Paralysed by a dread lich for 4 turns
 55906 | Crypt:3  | Killed a dread lich
 55911 | Crypt:3  | Identified the +7 mace "Jeokiwk" {freeze, Str+5 Stlth+}
 55927 | Crypt:3  | Identified the ring "Emmoi" {Contam +Blink rElec EV+4
                  | Slay+4}
 56325 | Crypt:3  | 56325 ||| INVOKING Summon Divine Warrior.
 56531 | Crypt:3  | 56531 ||| PLANNING TOMB
 56531 | Crypt:3  | 56531 ||| UPGRADING to ring "Emmoi" {Contam +Blink rElec
                  | EV+4 Slay+4}.
 56533 | Crypt:3  | 56533 ||| DROPPING ring of protection from fire.
 56534 | Crypt:3  | 56534 ||| DROPPING ring "Iruomnodd" {Ice Dex+4}.
 56535 | Crypt:3  | 56535 ||| DROPPING ring "Fieng" {Fire Drain rN++ Int+3
                  | Stlth+}.
 56536 | Crypt:3  | 56536 ||| DROPPING +4 ring of evasion.
 56617 | Tomb:1   | Entered Level 1 of the Tomb of the Ancients
 56811 | Tomb:1   | Reached XP level 27. HP: 175/197 MP: 34/34
 56893 | Tomb:1   | Noticed a royal mummy
 56894 | Tomb:1   | 56894 ||| INVOKING Summon Divine Warrior.
 56899 | Tomb:1   | 56899 ||| INVOKING Cleansing Flame.
 56900 | Tomb:1   | 56900 ||| INVOKING Cleansing Flame.
 56901 | Tomb:1   | 56901 ||| INVOKING Cleansing Flame.
 56902 | Tomb:1   | 56902 ||| INVOKING Cleansing Flame.
 56903 | Tomb:1   | 56903 ||| INVOKING Cleansing Flame.
 56903 | Tomb:1   | Killed a royal mummy
 56904 | Tomb:1   | Noticed a royal mummy
 56908 | Tomb:1   | Reached skill level 16 in Invocations
 56908 | Tomb:1   | 56908 ||| INVOKING Cleansing Flame.
 56915 | Tomb:1   | Killed a royal mummy
 56916 | Tomb:1   | 56916 ||| INVOKING Cleansing Flame.
 56920 | Tomb:1   | 56920 ||| DRINKING 8 potions of magic.
 56921 | Tomb:1   | 56921 ||| INVOKING Summon Divine Warrior.
 57569 | Tomb:1   | 57569 ||| Stepping ~*~*~tactically~*~*~ (stealth).
 57572 | Tomb:1   | 57572 ||| INVOKING Cleansing Flame.
 57582 | Tomb:1   | Noticed a royal mummy
 57583 | Tomb:1   | 57583 ||| INVOKING Cleansing Flame.
 57584 | Tomb:1   | 57584 ||| INVOKING Summon Divine Warrior.
 57589 | Tomb:1   | Killed a royal mummy
 57909 | Tomb:2   | 57909 ||| DRINKING 9 potions of haste.
 57909 | Tomb:2   | Noticed a royal mummy
 57910 | Tomb:2   | 57910 ||| DRINKING 12 potions of attraction.
 57911 | Tomb:2   | 57911 ||| INVOKING Cleansing Flame.
 57912 | Tomb:2   | 57912 ||| INVOKING Cleansing Flame.
 57913 | Tomb:2   | 57913 ||| INVOKING Summon Divine Warrior.
 57914 | Tomb:2   | 57914 ||| INVOKING Cleansing Flame.
 57914 | Tomb:2   | Noticed a royal mummy
 57915 | Tomb:2   | Reached skill level 17 in Invocations
 57915 | Tomb:2   | 57915 ||| INVOKING Cleansing Flame.
 57916 | Tomb:2   | Noticed a royal mummy
 57918 | Tomb:2   | Noticed a royal mummy
 57922 | Tomb:2   | 57922 ||| INVOKING Cleansing Flame.
 57922 | Tomb:2   | Killed a royal mummy
 57923 | Tomb:2   | 57923 ||| INVOKING Cleansing Flame.
 57925 | Tomb:2   | 57925 ||| INVOKING Cleansing Flame.
 57926 | Tomb:2   | 57926 ||| INVOKING Summon Divine Warrior.
 57927 | Tomb:2   | 57927 ||| INVOKING Cleansing Flame.
 57928 | Tomb:2   | Killed a royal mummy
 57929 | Tomb:2   | Killed a royal mummy
 57931 | Tomb:2   | Killed a royal mummy
 58005 | Tomb:2   | 58005 ||| INVOKING Summon Divine Warrior.
 58165 | Tomb:2   | Reached skill level 18 in Invocations
 58224 | Tomb:2   | 58224 ||| INVOKING Cleansing Flame.
 58354 | Tomb:2   | Identified the +1 trident "Jebum" {venom, rElec Int+3}
 58487 | Tomb:1   | Noticed a royal mummy
 58488 | Tomb:1   | 58488 ||| INVOKING Summon Divine Warrior.
 58494 | Tomb:1   | Killed a royal mummy
 58525 | Tomb:1   | 58525 ||| INVOKING Cleansing Flame.
 58526 | Tomb:1   | 58526 ||| INVOKING Cleansing Flame.
 58527 | Tomb:1   | Noticed a royal mummy
 58529 | Tomb:1   | Noticed a royal mummy
 58530 | Tomb:1   | 58530 ||| INVOKING Cleansing Flame.
 58531 | Tomb:1   | Killed a royal mummy
 58532 | Tomb:1   | Noticed a royal mummy
 58536 | Tomb:1   | 58536 ||| INVOKING Cleansing Flame.
 58537 | Tomb:1   | 58537 ||| INVOKING Cleansing Flame.
 58537 | Tomb:1   | Killed a royal mummy
 58539 | Tomb:1   | 58539 ||| INVOKING Cleansing Flame.
 58540 | Tomb:1   | 58540 ||| INVOKING Cleansing Flame.
 58541 | Tomb:1   | 58541 ||| INVOKING Cleansing Flame.
 58542 | Tomb:1   | 58542 ||| DRINKING 7 potions of magic.
 58543 | Tomb:1   | 58543 ||| INVOKING Cleansing Flame.
 58544 | Tomb:1   | 58544 ||| INVOKING Cleansing Flame.
 58545 | Tomb:1   | 58545 ||| INVOKING Cleansing Flame.
 58545 | Tomb:1   | Killed a royal mummy
 58547 | Tomb:1   | Noticed a royal mummy
 58549 | Tomb:1   | 58549 ||| INVOKING Cleansing Flame.
 58551 | Tomb:1   | Killed a royal mummy
 58636 | Tomb:1   | Noticed a royal mummy
 58637 | Tomb:1   | 58637 ||| INVOKING Summon Divine Warrior.
 58638 | Tomb:1   | 58638 ||| INVOKING Cleansing Flame.
 58639 | Tomb:1   | 58639 ||| INVOKING Cleansing Flame.
 58640 | Tomb:1   | 58640 ||| INVOKING Cleansing Flame.
 58641 | Tomb:1   | 58641 ||| INVOKING Cleansing Flame.
 58641 | Tomb:1   | Killed a royal mummy
 58642 | Tomb:1   | Reached skill level 19 in Invocations
 58723 | Tomb:1   | Noticed a royal mummy
 58732 | Tomb:1   | Killed a royal mummy
 58762 | Tomb:1   | Noticed a royal mummy
 58764 | Tomb:1   | 58764 ||| INVOKING Cleansing Flame.
 58768 | Tomb:1   | Killed a royal mummy
 58902 | Tomb:1   | Noticed a royal mummy
 58903 | Tomb:1   | Noticed a royal mummy
 58912 | Tomb:1   | Killed a royal mummy
 58914 | Tomb:1   | Killed a royal mummy
 59074 | Tomb:1   | Noticed a royal mummy
 59075 | Tomb:1   | 59075 ||| INVOKING Summon Divine Warrior.
 59077 | Tomb:1   | 59077 ||| INVOKING Summon Divine Warrior.
 59084 | Tomb:1   | Killed a royal mummy
 59088 | Tomb:1   | 59088 ||| INVOKING Cleansing Flame.
 59089 | Tomb:1   | 59089 ||| INVOKING Cleansing Flame.
 59207 | Tomb:1   | Was forgiven by Okawaru
 59290 | Tomb:1   | Noticed a royal mummy
 59292 | Tomb:1   | Noticed a royal mummy
 59298 | Tomb:1   | Killed a royal mummy
 59299 | Tomb:1   | Reached skill level 20 in Invocations
 59310 | Tomb:1   | Killed a royal mummy
 59419 | Tomb:1   | Noticed a royal mummy
 59420 | Tomb:1   | 59420 ||| Stepping ~*~*~tactically~*~*~ (hiding).
 59426 | Tomb:1   | 59426 ||| INVOKING Summon Divine Warrior.
 59434 | Tomb:1   | Killed a royal mummy
 59437 | Tomb:1   | Noticed a royal mummy
 59450 | Tomb:1   | Killed a royal mummy
 59470 | Tomb:1   | Noticed a royal mummy
 59481 | Tomb:1   | Killed a royal mummy
 59902 | Tomb:2   | Noticed Boris
 59903 | Tomb:2   | 59903 ||| INVOKING Cleansing Flame.
 59904 | Tomb:2   | 59904 ||| INVOKING Summon Divine Warrior.
 59911 | Tomb:2   | Killed Boris
 59926 | Tomb:2   | 59926 ||| INVOKING Cleansing Flame.
 59927 | Tomb:2   | 59927 ||| INVOKING Cleansing Flame.
 60029 | Tomb:3   | Entered Level 3 of the Tomb of the Ancients
 60030 | Tomb:3   | 60030 ||| DRINKING 8 potions of haste.
 60031 | Tomb:3   | 60031 ||| DRINKING 12 potions of attraction.
 60055 | Tomb:3   | Reached skill level 21 in Invocations
 60063 | Tomb:3   | 60063 ||| DRINKING 3 potions of resistance.
 60064 | Tomb:3   | 60064 ||| INVOKING Summon Divine Warrior.
 60069 | Tomb:3   | 60069 ||| INVOKING Cleansing Flame.
 60087 | Tomb:3   | 60087 ||| INVOKING Cleansing Flame.
 60088 | Tomb:3   | 60088 ||| INVOKING Cleansing Flame.
 60089 | Tomb:3   | 60089 ||| INVOKING Cleansing Flame.
 60108 | Tomb:3   | 60108 ||| INVOKING Cleansing Flame.
 60109 | Tomb:3   | 60109 ||| INVOKING Cleansing Flame.
 60116 | Tomb:3   | Noticed a royal mummy
 60119 | Tomb:3   | Noticed a royal mummy
 60120 | Tomb:3   | 60120 ||| INVOKING Cleansing Flame.
 60121 | Tomb:3   | Noticed a royal mummy
 60123 | Tomb:3   | Killed a royal mummy
 60123 | Tomb:3   | Noticed a royal mummy
 60125 | Tomb:3   | 60125 ||| INVOKING Cleansing Flame.
 60126 | Tomb:3   | 60126 ||| INVOKING Cleansing Flame.
 60126 | Tomb:3   | Gained mutation: Armour fits poorly on your strangely
                  | shaped body. [mutagenic glow]
 60130 | Tomb:3   | 60130 ||| INVOKING Cleansing Flame.
 60130 | Tomb:3   | Killed a royal mummy
 60131 | Tomb:3   | Reached skill level 22 in Invocations
 60131 | Tomb:3   | 60131 ||| INVOKING Cleansing Flame.
 60131 | Tomb:3   | Noticed a royal mummy
 60131 | Tomb:3   | Noticed Khufu
 60133 | Tomb:3   | 60133 ||| INVOKING Summon Divine Warrior.
 60133 | Tomb:3   | Noticed a royal mummy
 60134 | Tomb:3   | HP: 44/197 [death scarab[a royal mummy] (13)]
 60134 | Tomb:3   | Noticed a royal mummy
 60135 | Tomb:3   | 60135 ||| READING 6 scrolls of teleportation.
 60135 | Tomb:3   | HP: 20/197 [royal mummy/divine providence (15)]
 60135 | Tomb:3   | Noticed a royal mummy
 60136 | Tomb:3   | 60136 ||| DRINKING 13 potions of heal wounds.
 60136 | Tomb:3   | HP: 5/197 [royal mummy (19)]
 60137 | Tomb:3   | 60137 ||| DRINKING 12 potions of heal wounds.
 60138 | Tomb:3   | 60138 ||| DRINKING 11 potions of heal wounds.
 60139 | Tomb:3   | 60139 ||| READING 5 scrolls of teleportation.
 60140 | Tomb:3   | 60140 ||| DRINKING 10 potions of heal wounds.
 60142 | Tomb:3   | Gained mutation: You occasionally lose the ability to drink
                  | potions when taking damage. [mutagenic glow]
 60143 | Tomb:3   | 60143 ||| READING 4 scrolls of teleportation.
 60144 | Tomb:3   | 60144 ||| DRINKING 9 potions of heal wounds.
 60149 | Tomb:3   | 60149 ||| INVOKING Summon Divine Warrior.
 60153 | Tomb:3   | Killed a royal mummy
 60153 | Tomb:3   | HP: 46/197 [??? (8)]
 60154 | Tomb:3   | 60154 ||| READING 3 scrolls of teleportation.
 60155 | Tomb:3   | 60155 ||| DRINKING 8 potions of heal wounds.
 60156 | Tomb:3   | 60156 ||| DRINKING 7 potions of heal wounds.
 60156 | Tomb:3   | Found the dreamshard necklace {*Dream Drain}
 60164 | Tomb:3   | Gained mutation: You sometimes lose your temper in combat.
                  | [mutagenic glow]
 60173 | Tomb:3   | Gained mutation: You have hidden genetic defects.
                  | [mutagenic glow]
 60178 | Tomb:3   | 60178 ||| INVOKING Summon Divine Warrior.
 60181 | Tomb:3   | 60181 ||| INVOKING Cleansing Flame.
 60181 | Tomb:3   | HP: 46/197 [??? (8)]
 60182 | Tomb:3   | 60182 ||| READING 2 scrolls of teleportation.
 60183 | Tomb:3   | 60183 ||| DRINKING 6 potions of heal wounds.
 60184 | Tomb:3   | 60184 ||| DRINKING 5 potions of heal wounds.
 60185 | Tomb:3   | Killed a royal mummy
 60187 | Tomb:3   | 60187 ||| INVOKING Cleansing Flame.
 60188 | Tomb:3   | 60188 ||| INVOKING Summon Divine Warrior.
 60189 | Tomb:3   | 60189 ||| DRINKING 6 potions of magic.
 60190 | Tomb:3   | 60190 ||| INVOKING Cleansing Flame.
 60192 | Tomb:3   | 60192 ||| INVOKING Cleansing Flame.
 60194 | Tomb:3   | HP: 45/197 [death scarab[a royal mummy] (10)]
 60195 | Tomb:3   | 60195 ||| READING scroll of teleportation.
 60196 | Tomb:3   | 60196 ||| DRINKING 4 potions of heal wounds.
 60197 | Tomb:3   | 60197 ||| DRINKING 3 potions of heal wounds.
 60211 | Tomb:3   | 60211 ||| INVOKING Summon Divine Warrior.
 60228 | Tomb:3   | 60228 ||| INVOKING Cleansing Flame.
 60228 | Tomb:3   | HP: 42/197 [??? (8)]
 60229 | Tomb:3   | 60229 ||| DRINKING 2 potions of heal wounds.
 60230 | Tomb:3   | 60230 ||| INVOKING Cleansing Flame.
 60231 | Tomb:3   | 60231 ||| INVOKING Cleansing Flame.
 60231 | Tomb:3   | Killed a royal mummy
 60233 | Tomb:3   | 60233 ||| DRINKING potion of heal wounds.
 60234 | Tomb:3   | 60234 ||| INVOKING Cleansing Flame.
 60234 | Tomb:3   | HP: 48/197 [Khufu/divine providence (12)]
 60235 | Tomb:3   | 60235 ||| DRINKING 5 potions of magic.
 60236 | Tomb:3   | 60236 ||| INVOKING Cleansing Flame.
 60236 | Tomb:3   | Killed a royal mummy
 60237 | Tomb:3   | 60237 ||| INVOKING Cleansing Flame.
 60237 | Tomb:3   | Killed Khufu
 60239 | Tomb:3   | 60239 ||| INVOKING Cleansing Flame.
 60240 | Tomb:3   | 60240 ||| INVOKING Cleansing Flame.
 60241 | Tomb:3   | 60241 ||| INVOKING Cleansing Flame.
 60241 | Tomb:3   | Killed a royal mummy
 60241 | Tomb:3   | HP: 25/197 [something (12)]
 60246 | Tomb:3   | 60246 ||| INVOKING Cleansing Flame.
 60247 | Tomb:3   | 60247 ||| DRINKING 4 potions of magic.
 60250 | Tomb:3   | HP: 23/197 [??? (4)]
 60253 | Tomb:3   | 60253 ||| INVOKING Summon Divine Warrior.
 60255 | Tomb:3   | Killed a royal mummy
 60596 | Tomb:3   | 60596 ||| DRINKING 6 potions of mutation.
 60596 | Tomb:3   | Lost mutation: You have very sharp teeth. [potion of
                  | mutation]
 60596 | Tomb:3   | Lost mutation: You sometimes lose your temper in combat.
                  | [potion of mutation]
 60597 | Tomb:3   | 60597 ||| DRINKING 5 potions of mutation.
 60597 | Tomb:3   | Lost mutation: You have sharp fingernails. [potion of
                  | mutation]
 60597 | Tomb:3   | Lost mutation: Your muscles are strong. (Str +4, Int/Dex
                  | -1) [potion of mutation]
 60597 | Tomb:3   | Gained mutation: You are weak. (Str -2) [potion of
                  | mutation]
 60598 | Tomb:3   | 60598 ||| DRINKING 4 potions of mutation.
 60598 | Tomb:3   | Lost mutation: You are weak. (Str -2) [potion of mutation]
 60598 | Tomb:3   | Lost mutation: You have hidden genetic defects. [potion of
                  | mutation]
 60598 | Tomb:3   | Lost mutation: You occasionally lose the ability to drink
                  | potions when taking damage. [potion of mutation]
 60598 | Tomb:3   | Gained mutation: You do not regenerate when monsters are
                  | visible. [potion of mutation]
 60598 | Tomb:3   | Gained mutation: You are strong-willed. (Will+) [potion of
                  | mutation]
 60599 | Tomb:3   | 60599 ||| DRINKING 3 potions of mutation.
 60599 | Tomb:3   | Lost mutation: You are very agile. (Dex +8, Str/Int -2)
                  | [potion of mutation]
 60599 | Tomb:3   | Lost mutation: Armour fits poorly on your strangely shaped
                  | body. [potion of mutation]
 60599 | Tomb:3   | Gained mutation: You are very agile. (Dex +8, Str/Int -2)
                  | [potion of mutation]
 60599 | Tomb:3   | Gained mutation: Armour fits poorly on your strangely
                  | shaped body. [potion of mutation]
 60600 | Tomb:3   | 60600 ||| DRINKING 2 potions of mutation.
 60600 | Tomb:3   | Lost mutation: You are strong-willed. (Will+) [potion of
                  | mutation]
 60600 | Tomb:3   | Lost mutation: Armour fits poorly on your strangely shaped
                  | body. [potion of mutation]
 60600 | Tomb:3   | Lost mutation: You do not regenerate when monsters are
                  | visible. [potion of mutation]
 60600 | Tomb:3   | Gained mutation: You occasionally lose the ability to read
                  | scrolls when taking damage. [potion of mutation]
 60600 | Tomb:3   | Gained mutation: You have sharp fingernails. [potion of
                  | mutation]
 60600 | Tomb:3   | Gained mutation: Your flesh is cold resistant. (rC+)
                  | [potion of mutation]
 60600 | Tomb:3   | Gained mutation: You are covered in fur. (AC +1) [potion of
                  | mutation]
 60601 | Tomb:3   | 60601 ||| DRINKING potion of mutation.
 60601 | Tomb:3   | Lost mutation: You are very agile. (Dex +8, Str/Int -2)
                  | [potion of mutation]
 60601 | Tomb:3   | Lost mutation: You occasionally lose the ability to read
                  | scrolls when taking damage. [potion of mutation]
 60601 | Tomb:3   | Gained mutation: You are dopey. (Int -2) [potion of
                  | mutation]
 60601 | Tomb:3   | Gained mutation: You are weak. (Str -2) [potion of
                  | mutation]
 60601 | Tomb:3   | Lost mutation: Your flesh is cold resistant. (rC+) [potion
                  | of mutation]
 60619 | Tomb:3   | Got a golden rune of Zot
 60702 | Tomb:3   | Identified the +5 long sword of Aweduef {venom, rF+ Stlth+}
 60711 | Tomb:3   | Identified the +2 pair of boots "Hattosoc" {Contam rPois
                  | rC++ Stlth-}
 60715 | Tomb:3   | Identified the +4 dagger of Sunlight {flame, +Blink rC-
                  | Str+2 Dex+7}
 60719 | Tomb:3   | Identified the +5 chain mail of Jeonon {Regen+}
 60720 | Tomb:3   | Identified the +8 flail "Azegedan" {distort, Drain Will-
                  | Dex+6 Stlth+}
 60872 | Tomb:3   | Identified the +1 chain mail of the Bulwark {Rampage rElec
                  | Dex+2}
 60934 | Tomb:3   | 60934 ||| PLANNING PAN
 60934 | Tomb:3   | 60934 ||| UPGRADING to +2 pair of boots "Hattosoc" {Contam
                  | rPois rC++ Stlth-}.
 60944 | Tomb:3   | 60944 ||| SWAPPING to +2 broad axe of holy wrath.
 60945 | Tomb:3   | 60945 ||| UPGRADING to +0 pair of gloves of dexterity.
 60955 | Tomb:3   | 60955 ||| DROPPING -1 pair of boots of the Elven Halls
                  | {-Tele *Slow rC+++ Stlth+}.
 60956 | Tomb:3   | 60956 ||| READING 5 scrolls of enchant weapon.
 60956 | Tomb:3   | 60956 ||| ENCHANTING +2 broad axe of holy wrath.
 60957 | Tomb:3   | 60957 ||| READING 4 scrolls of enchant weapon.
 60957 | Tomb:3   | 60957 ||| ENCHANTING +3 broad axe of holy wrath.
 60958 | Tomb:3   | 60958 ||| READING 3 scrolls of enchant weapon.
 60958 | Tomb:3   | 60958 ||| ENCHANTING +4 broad axe of holy wrath.
 60959 | Tomb:3   | 60959 ||| READING 2 scrolls of enchant weapon.
 60959 | Tomb:3   | 60959 ||| ENCHANTING +5 broad axe of holy wrath.
 60960 | Tomb:3   | 60960 ||| READING scroll of enchant weapon.
 60960 | Tomb:3   | 60960 ||| ENCHANTING +6 broad axe of holy wrath.
 60961 | Tomb:3   | 60961 ||| READING 3 scrolls of enchant armour.
 60961 | Tomb:3   | 60961 ||| ENCHANTING +0 pair of gloves of dexterity.
 60962 | Tomb:3   | 60962 ||| READING 2 scrolls of enchant armour.
 60962 | Tomb:3   | 60962 ||| ENCHANTING +1 pair of gloves of dexterity.
 60963 | Tomb:3   | 60963 ||| DROPPING +6 ring of intelligence.
 61160 | Crypt:3  | 61160 ||| Stepping ~*~*~tactically~*~*~ (stealth).
 61163 | Crypt:3  | 61163 ||| Stepping ~*~*~tactically~*~*~ (stealth).
 61560 | Pan      | Entered Pandemonium
 61675 | Pan      | 61675 ||| Stepping ~*~*~tactically~*~*~ (hiding).
 61690 | Pan      | 61690 ||| Stepping ~*~*~tactically~*~*~ (hiding).
 61705 | Pan      | Reached skill level 23 in Invocations
 61707 | Pan      | 61707 ||| INVOKING Cleansing Flame.
 61728 | Pan      | 61728 ||| Stepping ~*~*~tactically~*~*~ (hiding).
 61910 | Pan      | 61910 ||| Stepping ~*~*~tactically~*~*~ (stealth).
 61913 | Pan      | Gained mutation: You are very weak. (Str -4) [a neqoxec]
 61914 | Pan      | 61914 ||| Stepping ~*~*~tactically~*~*~ (hiding).
 61918 | Pan      | Gained mutation: You do not regenerate when monsters are
                  | visible. [a neqoxec]
 62017 | Pan      | 62017 ||| Stepping ~*~*~tactically~*~*~ (stealth).
 62019 | Pan      | 62019 ||| Stepping ~*~*~tactically~*~*~ (hiding).
 62079 | Pan      | 62079 ||| Stepping ~*~*~tactically~*~*~ (stealth).
 62087 | Pan      | 62087 ||| Stepping ~*~*~tactically~*~*~ (stealth).
 62108 | Pan      | 62108 ||| INVOKING Summon Divine Warrior.
 62314 | Pan      | 62314 ||| Stepping ~*~*~tactically~*~*~ (stealth).
 62317 | Pan      | Gained mutation: Your body sometimes deteriorates upon
                  | taking damage. [a cacodemon]
 62332 | Pan      | Noticed Geriytipt the pandemonium lord
 62333 | Pan      | 62333 ||| Stepping ~*~*~tactically~*~*~ (stealth).
 62385 | Pan      | 62385 ||| Stepping ~*~*~tactically~*~*~ (stealth).
 62395 | Pan      | 62395 ||| Stepping ~*~*~tactically~*~*~ (stealth).
 62430 | Pan      | 62430 ||| INVOKING Summon Divine Warrior.
 62434 | Pan      | 62434 ||| INVOKING Cleansing Flame.
 62438 | Pan      | Killed Geriytipt the pandemonium lord
 62654 | Pan      | 62654 ||| Stepping ~*~*~tactically~*~*~ (hiding).
 62658 | Pan      | 62658 ||| Stepping ~*~*~tactically~*~*~ (hiding).
 62660 | Pan      | 62660 ||| Stepping ~*~*~tactically~*~*~ (hiding).
 62662 | Pan      | 62662 ||| Stepping ~*~*~tactically~*~*~ (hiding).
 62860 | Pan      | 62860 ||| Stepping ~*~*~tactically~*~*~ (hiding).
 62862 | Pan      | 62862 ||| Stepping ~*~*~tactically~*~*~ (hiding).
 62942 | Pan      | 62942 ||| Stepping ~*~*~tactically~*~*~ (stealth).
 62943 | Pan      | 62943 ||| Stepping ~*~*~tactically~*~*~ (stealth).
 62992 | Pan      | 62992 ||| Stepping ~*~*~tactically~*~*~ (stealth).
 62993 | Pan      | 62993 ||| Stepping ~*~*~tactically~*~*~ (stealth).
 62995 | Pan      | 62995 ||| Stepping ~*~*~tactically~*~*~ (stealth).
 62996 | Pan      | 62996 ||| INVOKING Cleansing Flame.
 63007 | Pan      | Reached skill level 24 in Invocations
 63018 | Pan      | Noticed Nyosiv the pandemonium lord
 63019 | Pan      | 63019 ||| INVOKING Cleansing Flame.
 63020 | Pan      | 63020 ||| INVOKING Cleansing Flame.
 63021 | Pan      | 63021 ||| INVOKING Cleansing Flame.
 63022 | Pan      | 63022 ||| INVOKING Summon Divine Warrior.
 63027 | Pan      | Killed Nyosiv the pandemonium lord
 63163 | Pan      | 63163 ||| Stepping ~*~*~tactically~*~*~ (stealth).
 63164 | Pan      | 63164 ||| Stepping ~*~*~tactically~*~*~ (stealth).
 63182 | Pan      | 63182 ||| READING scroll of enchant weapon.
 63182 | Pan      | 63182 ||| ENCHANTING +7 broad axe of holy wrath.
 63647 | Pan      | 63647 ||| Stepping ~*~*~tactically~*~*~ (hiding).
 63648 | Pan      | 63648 ||| Stepping ~*~*~tactically~*~*~ (hiding).
 63650 | Pan      | 63650 ||| INVOKING Cleansing Flame.
 63698 | Pan      | 63698 ||| Stepping ~*~*~tactically~*~*~ (stealth).
 63921 | Pan      | 63921 ||| Stepping ~*~*~tactically~*~*~ (stealth).
 64052 | Pan      | 64052 ||| Stepping ~*~*~tactically~*~*~ (stealth).
 64058 | Pan      | 64058 ||| DRINKING 3 potions of resistance.
 64059 | Pan      | 64059 ||| INVOKING Summon Divine Warrior.
 64062 | Pan      | 64062 ||| INVOKING Cleansing Flame.
 64158 | Pan      | 64158 ||| INVOKING Cleansing Flame.
 64159 | Pan      | 64159 ||| INVOKING Cleansing Flame.
 64266 | Pan      | 64266 ||| INVOKING Summon Divine Warrior.
 64415 | Pan      | 64415 ||| Stepping randomly (cloudy).
 64416 | Pan      | 64416 ||| Stepping randomly (cloudy).
 64500 | Pan      | Reached skill level 25 in Invocations
 64510 | Pan      | Noticed Meostruaf the pandemonium lord
 64515 | Pan      | 64515 ||| INVOKING Cleansing Flame.
 64518 | Pan      | 64518 ||| INVOKING Cleansing Flame.
 64518 | Pan      | Killed Meostruaf the pandemonium lord
 64521 | Pan      | Gained mutation: You are very dopey. (Int -4) [a cacodemon]
 64601 | Pan      | Identified the +3 glaive of Ashenzari's Pride {vorpal,
                  | Str+2 Dex+2}
 64712 | Pan      | 64712 ||| READING scroll of enchant weapon.
 64712 | Pan      | 64712 ||| ENCHANTING +8 broad axe of holy wrath.
 64791 | Pan      | 64791 ||| Stepping randomly (cloudy).
 64792 | Pan      | 64792 ||| Stepping ~*~*~tactically~*~*~ (cloud).
 64807 | Pan      | 64807 ||| INVOKING Cleansing Flame.
 64869 | Pan      | 64869 ||| INVOKING Cleansing Flame.
 65019 | Pan      | 65019 ||| UPGRADING to +4 pair of gloves of Tenacity
                  | {Str+2}.
 65029 | Pan      | 65029 ||| DROPPING +2 pair of gloves of dexterity.
 65041 | Pan      | Entered the realm of Gloorx Vloq.
 65146 | Pan      | 65146 ||| Stepping ~*~*~tactically~*~*~ (stealth).
 65195 | Pan      | 65195 ||| Stepping ~*~*~tactically~*~*~ (stealth).
 65196 | Pan      | 65196 ||| Stepping ~*~*~tactically~*~*~ (stealth).
 65203 | Pan      | 65203 ||| INVOKING Cleansing Flame.
 65221 | Pan      | 65221 ||| Stepping ~*~*~tactically~*~*~ (stealth).
 65224 | Pan      | Noticed Gloorx Vloq
 65225 | Pan      | 65225 ||| Stepping ~*~*~tactically~*~*~ (hiding).
 65236 | Pan      | 65236 ||| INVOKING Summon Divine Warrior.
 65241 | Pan      | 65241 ||| INVOKING Cleansing Flame.
 65242 | Pan      | Reached skill level 26 in Invocations
 65246 | Pan      | Killed Gloorx Vloq
 65256 | Pan      | 65256 ||| INVOKING Cleansing Flame.
 65450 | Pan      | Got a dark rune of Zot
 65451 | Pan      | 65451 ||| Stepping ~*~*~tactically~*~*~ (stealth).
 65604 | Pan      | Found an exit through the horrors of the Abyss.
 65641 | Pan      | 65641 ||| Stepping ~*~*~tactically~*~*~ (stealth).
 65676 | Pan      | 65676 ||| Stepping ~*~*~tactically~*~*~ (stealth).
 65710 | Pan      | 65710 ||| Stepping ~*~*~tactically~*~*~ (stealth).
 65712 | Pan      | 65712 ||| Stepping ~*~*~tactically~*~*~ (stealth).
 65719 | Pan      | Reached skill level 1 in Short Blades
 66032 | Pan      | 66032 ||| Stepping ~*~*~tactically~*~*~ (stealth).
 66050 | Pan      | 66050 ||| Stepping ~*~*~tactically~*~*~ (hiding).
 66233 | Pan      | 66233 ||| Stepping ~*~*~tactically~*~*~ (stealth).
 66255 | Pan      | Reached skill level 3 in Short Blades
 66260 | Pan      | 66260 ||| INVOKING Summon Divine Warrior.
 66263 | Pan      | 66263 ||| INVOKING Cleansing Flame.
 66264 | Pan      | 66264 ||| INVOKING Cleansing Flame.
 66265 | Pan      | 66265 ||| INVOKING Cleansing Flame.
 66331 | Pan      | Noticed Loepn the pandemonium lord
 66338 | Pan      | Killed Loepn the pandemonium lord
 66358 | Pan      | 66358 ||| INVOKING Cleansing Flame.
 66360 | Pan      | Reached skill level 27 in Invocations
 66621 | Pan      | Reached skill level 21 in Shields
 66697 | Pan      | 66697 ||| Stepping randomly (cloudy).
 66700 | Pan      | 66700 ||| Stepping randomly (cloudy).
 66877 | Pan      | 66877 ||| INVOKING Summon Divine Warrior.
 66882 | Pan      | 66882 ||| INVOKING Summon Divine Warrior.
 67003 | Pan      | Gained mutation: You occasionally lose the ability to drink
                  | potions when taking damage. [a neqoxec]
 67018 | Pan      | 67018 ||| DRINKING 4 potions of magic.
 67019 | Pan      | 67019 ||| INVOKING Cleansing Flame.
 67024 | Pan      | 67024 ||| INVOKING Cleansing Flame.
 67035 | Pan      | 67035 ||| INVOKING Cleansing Flame.
 67062 | Pan      | 67062 ||| DRINKING 3 potions of magic.
 67063 | Pan      | 67063 ||| INVOKING Cleansing Flame.
 67068 | Pan      | 67068 ||| INVOKING Cleansing Flame.
 67074 | Pan      | Noticed Qysiherr the pandemonium lord
 67077 | Pan      | 67077 ||| INVOKING Cleansing Flame.
 67078 | Pan      | 67078 ||| INVOKING Cleansing Flame.
 67079 | Pan      | Killed Qysiherr the pandemonium lord
 67080 | Pan      | Reached skill level 24 in Armour
 67331 | Pan      | 67331 ||| Stepping ~*~*~tactically~*~*~ (hiding).
 67332 | Pan      | 67332 ||| Stepping ~*~*~tactically~*~*~ (hiding).
 67339 | Pan      | 67339 ||| Stepping ~*~*~tactically~*~*~ (hiding).
 67347 | Pan      | 67347 ||| Stepping ~*~*~tactically~*~*~ (stealth).
 67351 | Pan      | 67351 ||| Stepping ~*~*~tactically~*~*~ (hiding).
 67387 | Pan      | 67387 ||| Stepping ~*~*~tactically~*~*~ (stealth).
 67389 | Pan      | 67389 ||| Stepping ~*~*~tactically~*~*~ (stealth).
 67821 | Pan      | HP: 33/197 [hellion/damnation (25)]
 67942 | Pan      | 67942 ||| Stepping ~*~*~tactically~*~*~ (stealth).
 67943 | Pan      | 67943 ||| DRINKING potion of heal wounds.
 68045 | Pan      | 68045 ||| Stepping ~*~*~tactically~*~*~ (hiding).
 68094 | Pan      | 68094 ||| DRINKING 2 potions of magic.
 68129 | Pan      | HP: 33/197 [hellion/damnation (19)]
 68130 | Pan      | HP: 11/197 [hellion/damnation (22)]
 68143 | Pan      | 68143 ||| INVOKING Cleansing Flame.
 68382 | Pan      | 68382 ||| DRINKING potion of magic.
 68383 | Pan      | 68383 ||| INVOKING Summon Divine Warrior.
 68724 | Pan      | 68724 ||| Stepping ~*~*~tactically~*~*~ (stealth).
 68725 | Pan      | 68725 ||| Stepping ~*~*~tactically~*~*~ (stealth).
 68727 | Pan      | 68727 ||| Stepping ~*~*~tactically~*~*~ (stealth).
 68728 | Pan      | 68728 ||| Stepping ~*~*~tactically~*~*~ (stealth).
 68729 | Pan      | 68729 ||| Stepping ~*~*~tactically~*~*~ (stealth).
 68730 | Pan      | 68730 ||| Stepping ~*~*~tactically~*~*~ (stealth).
 68731 | Pan      | 68731 ||| Stepping ~*~*~tactically~*~*~ (stealth).
 68958 | Pan      | 68958 ||| Stepping ~*~*~tactically~*~*~ (stealth).
 68959 | Pan      | 68959 ||| Stepping ~*~*~tactically~*~*~ (stealth).
 69339 | Pan      | 69339 ||| Stepping ~*~*~tactically~*~*~ (hiding).
 69341 | Pan      | 69341 ||| Stepping ~*~*~tactically~*~*~ (hiding).
 69380 | Pan      | 69380 ||| Stepping ~*~*~tactically~*~*~ (stealth).
 69527 | Pan      | 69527 ||| Stepping ~*~*~tactically~*~*~ (hiding).
 69528 | Pan      | 69528 ||| Stepping ~*~*~tactically~*~*~ (hiding).
 69573 | Pan      | 69573 ||| Stepping ~*~*~tactically~*~*~ (stealth).
 69574 | Pan      | 69574 ||| Stepping ~*~*~tactically~*~*~ (stealth).
 69584 | Pan      | 69584 ||| Stepping ~*~*~tactically~*~*~ (stealth).
 69585 | Pan      | 69585 ||| Stepping ~*~*~tactically~*~*~ (stealth).
 69731 | Pan      | 69731 ||| Stepping ~*~*~tactically~*~*~ (stealth).
 69732 | Pan      | 69732 ||| Stepping ~*~*~tactically~*~*~ (stealth).
 69733 | Pan      | 69733 ||| Stepping ~*~*~tactically~*~*~ (stealth).
 69735 | Pan      | 69735 ||| Stepping ~*~*~tactically~*~*~ (stealth).
 69751 | Pan      | 69751 ||| Stepping ~*~*~tactically~*~*~ (stealth).
 69768 | Pan      | 69768 ||| Stepping ~*~*~tactically~*~*~ (stealth).
 69826 | Pan      | 69826 ||| Stepping ~*~*~tactically~*~*~ (stealth).
 69978 | Pan      | 69978 ||| Stepping ~*~*~tactically~*~*~ (stealth).
 70044 | Pan      | 70044 ||| Stepping ~*~*~tactically~*~*~ (hiding).
 70104 | Pan      | HP: 42/197 [smoke demon/divine providence (14)]
 70109 | Pan      | HP: 29/197 [smoke demon/divine providence (13)]
 70120 | Pan      | HP: 1/197 [smoke demon/divine providence (15)]
 70128 | Pan      | Killed from afar by a smoke demon

Levels and vault maps discovered:
D:1:      wander_arrival_chamber, layout_loops_cross,
          hellmonk_ecumenical_altar_run_dry, corexii_leaking_fountain,
          nicolae_eternal_life, serial_bayou_lagoon_a, hangedman_decor_opposing
D:2:      layout_basic
D:3:      layout_basic, lemuel_coloured_pillars_altar,
          mainiacjoe_overflow_alcove_1, general_overflow_altar
D:4:      layout_gridville, mainiacjoe_overflow_24_doors, marbit_many_paths
D:5:      kennysheep_spiral_hall, layout_basic, mainiacjoe_overflow_boulevard,
          kennysheep_orc_sif_temple, uniq_eustachio, uniq_pikel,
          uniq_blork_the_orc
D:6:      layout_loops_ring, nicolae_ru_the_path_less_chosen,
          mainiacjoe_overflow_cross_hatched
D:7:      layout_basic, minmay_temple_entry_enclosed_plants
D:8:      layout_rooms, pdpol_temple_overflow_zin_treasury_gozag_greed,
          nzn_wu_jian_contemplation, xom_shifter_show, serial_curves,
          eino_curves_02, eino_curves_03, eino_curves_02, eino_curves_02,
          patterned_corridor, uniq_gastronok
D:9:      layout_roguey, grunt_temple_overflow_growth_and_decay,
          kennysheep_little_box, lightli_temple_of_fire, grunt_dithmenos_smoke,
          uniq_harold
D:10:     layout_long_grid, amcnicky_altar_gilded,
          nicolae_overflow_crystal_walls, nzn_hepliaklqana_mist_gate,
          nicolae_tso_swordbearing_angel, minmay_checkerbox, uniq_josephine
D:11:     layout_loops_corners, david_lair_shrubbed, gammafunk_ghost_icy,
          nicolae_yredelemnul_corpse_copse
D:12:     layout_small_grid, ashenzari_altar_1
D:13:     layout_small_grid, grunt_vaults_entry_tiered, lightli_corner_chamber
D:14:     layout_cross, serial_shops, nicolae_square_shop,
          nicolae_shop_statue_plus, nicolae_shop_hallway_stairs,
          grunt_decor_mini_mirrors, wad_rectangle_vault, uniq_azrael
D:15:     grunt_enter_depths_magical_seal, layout_loops_ring,
          lemuel_freeze_loot_1
Lair:1:   layout_gridlike, grunt_megastairs_1
Lair:2:   layout_big_grid, dummy_spider_entry, beast_lair_carwin_7,
          serial_bayou_shore_b, uniq_sonja
Lair:3:   layout_loops_ring, minmay_shoals_entry_hut, kennysheep_rathole
Lair:4:   layout_misc_corridors
Lair:5:   due_jungle_book, layout_loops_ring, slime_entry_1, basic_altar,
          serial_rivers, chequers_serial_rivers_marsh,
          chequers_serial_rivers_marsh, chequers_serial_rivers_large_a,
          chequers_serial_rivers_small_b
Shoals:1: layout_shoals
Shoals:2: layout_shoals, nicolae_take_the_stairs
Shoals:3: nzn_motion_control, layout_shoals, serial_shops,
          nicolae_lakefront_shop
Shoals:4: shoals_end_hellmonk_lost_city
Spider:1: layout_spider_delve, uniq_donald, uniq_frances
Spider:2: layout_cave_pods, nicolae_spider_rock_and_or_roll
Spider:3: layout_spider_delve, drop_trap, hellmonk_spider_spawner,
          hangedman_spider_tarantella_strand
Spider:4: guppyfry_spider_rune
Orc:1:    layout_caves, basic_altar, portal_ice_cave_entry_pillars_1,
          guppyfry_library_mini, uniq_snorg
Orc:2:    pf_orc_diabolical, layout_diamond_mine, basic_altar
Vaults:1: nicolae_vaults_network_barrier, nicolae_vaults_asterisk,
          v_alt_pattern_2, v_rooms_1, special_room_vaults [special_room_orc],
          nicolae_vaults_three_branches, nicolae_vaults_mini_display_case,
          nicolae_vaults_arrows, vaults_dpeg_emergency_exit, vaults_dpeg_ring,
          nicolae_vaults_shelves_hall, grunt_vaults_hallway_short,
          layout_vaults_maze_snakey
Vaults:2: v_rooms_4, v_misc_5, grunt_vaults_bifocal, vaults_dpeg_encased_lava,
          nicolae_vaults_twisting_passages, ontoclasm_vaults_decontamination,
          ontoclasm_vaults_chip, layout_vaults_chaotic_city
Vaults:3: nicolae_vaults_what_the_h, minmay_crypt_entry_simple_round,
          hangedman_vaults_snaps, nicolae_vaults_little_squares_1,
          hangedman_vaults_restitches, vaults_room_corners,
          layout_vaults_quadrants, uniq_margery, uniq_boris
Vaults:4: hangedman_vaults_nails, nicolae_vaults_network_quincunx
          [nicolae_vaults_network_quincunx_subvault,
          nicolae_vaults_network_quincunx_subvault,
          nicolae_vaults_network_quincunx_subvault,
          nicolae_vaults_network_quincunx_subvault,
          nicolae_vaults_network_quincunx_subvault],
          nicolae_vaults_little_squares_6, v_alt_pattern_3, grunt_vaults_funnel,
          v_alt_pattern_3, vaults_mumra_minichess, v_alt_pattern_2, v_misc_26,
          nicolae_vaults_little_squares_6, ontoclasm_vaults_shout,
          ontoclasm_vaults_loading_screen, layout_vaults_big_cross, uniq_jory
Vaults:5: serial_shops
Crypt:1:  gammafunk_its_a_trap, layout_basic, minmay_misc_feat_alley,
          grunt_megastairs_4, uniq_zenata, uniq_vv, uniq_grunn
Crypt:2:  layout_regular_city, corner_web_ring, lemuel_hellish_altar,
          uniq_frederick
Crypt:3:  evilmike_haunted_forest
Tomb:1
Tomb:2
Tomb:3
Depths:1: minmay_concentric_multi, layout_honeycomb, elyvilon_altar_4,
          grunt_hell_entry_dis_mu, minmay_stone_trees_small, hex_medium,
          uniq_bai_suzhen
Depths:2: kennysheep_treasure_stockpile, layout_basic, minmay_staircase_bubble,
          grunt_pan_entry_spiral, pf_hell_entry_great_geh, minmay_acid_items
Depths:3: kennysheep_four_of_diamonds, layout_small_grid, minmay_misc_feat_iff,
          abyss_entry, rand_demon_pan_entry_5, hell_entry,
          infiniplex_staircase_zigzag_3, serial_bayou_shore_b, uniq_mara
Depths:4: evilmike_zot_entry_argh, layout_cave_shapes, enter_ziggurat_d,
          grunt_mini_vestibule, grunt_pan_entry_in_and_out,
          hangedman_decor_points, hellmonk_okawaru_the_only_friend_you_need
Zot:1:    layout_cathedral_of_symmetry
Zot:2:    layout_gridlike, gammafunk_ghost_berserking_beasts
Zot:3:    lemuel_halls_of_wrath, layout_misc_corridors
Zot:4:    layout_gridlike, gammafunk_ghost_necromancy
Pan:      evilmike_mini_pan_3x3, layout_gridlike, rand_demon_8, layout_chambers,
          grunt_pan_spiral, layout_gridlike, gloorx_vloq, layout_pan_divisions_a
          [pan_division_quadrant_a6, pan_division_quadrant_a3,
          pan_division_quadrant_a3, pan_division_quadrant_a6,
          pan_division_octagon_empty], pan_blood_fountain,
          nicolae_pan_performance_anxiety, layout_basic,
          regret_index_pan_draining_boxed, layout_grid_shapes

Skill      XL: |  1  2  3  4  5  6  7  8  9 10 11 12 13 14 15 16 17 18 19 20 21 22 23 24 25 26 27 |
---------------+----------------------------------------------------------------------------------+-----
Axes           | 2 3 4 5 7 9 10 11 12 13 15 16 17 18 | 18.0
Throwing       | 1 4 5 6 7 10 11 13 14 15 | 15.0
Fighting       | 4 5 7 8 9 10 11 12 13 15 17 19 20 22 25 26 | 26.8
Dodging        | 1 2 3 5 6 8 9 |  9.1
Armour         | 4 5 6 8 9 10 11 12 14 15 17 21 22 23 24 | 24.8
Shields        | 4 7 9 10 11 12 13 14 15 16 17 18 19 20 21 | 21.0
Invocations    | 4 7 10 15 27 | 27.0
Short Blades   | 4 |  4.9

Action                   |  1- 3 |  4- 6 |  7- 9 | 10-12 | 13-15 | 16-18 | 19-21 | 22-24 | 25-27 || total
-------------------------+-------+-------+-------+-------+-------+-------+-------+-------+-------++-------
Melee: War axe           |   107 |   156 |   422 |   562 |       |       |       |       |       ||  1247
       Broad axe         |       |       |       |    65 |   982 |  1615 |  1424 |  1433 |  2451 ||  7970
       Morningstar       |       |       |       |       |    64 |     6 |       |       |       ||    70
       Bite              |       |       |       |       |       |       |       |       |   295 ||   295
Throw: Javelin           |       |    13 |    48 |    66 |    69 |     8 |   144 |    97 |   315 ||   760
       Boomerang         |       |       |       |     9 |    71 |   196 |     1 |     5 |    38 ||   320
Invok: Heroism           |       |       |       |    29 |    29 |    48 |    36 |    46 |    16 ||   204
       Finesse           |       |       |       |       |    11 |    12 |    13 |    16 |     1 ||    53
       Cleansing Flame   |       |       |       |       |       |       |       |       |   104 ||   104
       Summon Divine War |       |       |       |       |       |       |       |       |    33 ||    33
       Brand Weapon With |       |       |       |       |       |       |       |       |     1 ||     1
  Use: Scroll            |     4 |     9 |     5 |     6 |     7 |     2 |     2 |     4 |    25 ||    64
       Potion            |       |     3 |     3 |       |     1 |     3 |     2 |     2 |    41 ||    55
 Stab: Distracted        |       |       |       |     1 |       |       |       |     1 |       ||     2
Armor: Scale mail        |    49 |       |       |       |       |       |       |       |       ||    49
       Pearl dragon scal |    10 |   112 |   314 |   307 |   356 |   369 |   195 |       |       ||  1663
       Crystal plate arm |       |       |       |       |       |       |   157 |   601 |   975 ||  1733
Dodge: Dodged            |    48 |    63 |   197 |   215 |   245 |   339 |   248 |   332 |   502 ||  2189
Block: Buckler           |    16 |    21 |    84 |    11 |       |       |       |       |       ||   132
       Kite shield       |       |       |       |   246 |   467 |  1118 |   770 |   830 |   390 ||  3821
       Reflection        |       |       |       |       |       |    53 |    33 |    23 |    34 ||   143
       Tower shield      |       |       |       |       |       |       |       |       |  1459 ||  1459

Table legend:
 A = Non-vault XP
 B = Vault XP
 C = Vault XP percentage of total XP
 D = Non-vault monster count
 E = Vault monster count
 F = Vault count percentage of total count
                 A         B        C        D         E       F
            +---------+---------+-------+---------+---------+-------
      Total |  924475 |  822301 |  47.1 |    1780 |    1028 |  36.6
            +---------+---------+-------+---------+---------+-------
        D:1 |      64 |       0 |   0.0 |      35 |       0 |   0.0
        D:2 |      39 |       0 |   0.0 |      14 |       0 |   0.0
        D:3 |      61 |       0 |   0.0 |      19 |       0 |   0.0
        D:4 |     525 |       2 |   0.4 |      20 |       1 |   4.8
        D:5 |    1074 |    1205 |  52.9 |      22 |      10 |  31.2
        D:6 |     969 |       0 |   0.0 |      20 |       0 |   0.0
        D:7 |     777 |       0 |   0.0 |      14 |       0 |   0.0
        D:8 |     502 |    1398 |  73.6 |      12 |       1 |   7.7
        D:9 |    3819 |     865 |  18.5 |      46 |       1 |   2.1
       D:10 |    1722 |    2521 |  59.4 |      13 |       7 |  35.0
       D:11 |    4514 |    5163 |  53.4 |      26 |      13 |  33.3
       D:12 |    3162 |       0 |   0.0 |       9 |       0 |   0.0
       D:13 |    6297 |    7947 |  55.8 |      24 |      25 |  51.0
       D:14 |   14350 |    5537 |  27.8 |      30 |      11 |  26.8
       D:15 |    7445 |    5287 |  41.5 |      18 |      10 |  35.7
     Lair:1 |    4391 |     411 |   8.6 |      21 |       1 |   4.5
     Lair:2 |    6900 |    4269 |  38.2 |      23 |      13 |  36.1
     Lair:3 |   11639 |     397 |   3.3 |      43 |      10 |  18.9
     Lair:4 |   12730 |       0 |   0.0 |      34 |       0 |   0.0
     Lair:5 |    9057 |   12680 |  58.3 |      23 |      23 |  50.0
   Shoals:1 |    9655 |       0 |   0.0 |      19 |       0 |   0.0
   Shoals:2 |   20683 |       0 |   0.0 |      41 |       0 |   0.0
   Shoals:3 |   22421 |    3501 |  13.5 |      45 |       5 |  10.0
   Shoals:4 |   24342 |   19110 |  44.0 |      55 |      28 |  33.7
   Spider:1 |   20457 |    2832 |  12.2 |      55 |       2 |   3.5
   Spider:2 |    4863 |    4995 |  50.7 |      10 |       6 |  37.5
   Spider:3 |   30632 |    2896 |   8.6 |      83 |       7 |   7.8
   Spider:4 |   13371 |   17671 |  56.9 |      27 |      29 |  51.8
      Orc:1 |    3839 |    1752 |  31.3 |      33 |      10 |  23.3
      Orc:2 |    2069 |   13852 |  87.0 |      32 |      59 |  64.8
   Vaults:1 |   19657 |   29373 |  59.9 |      26 |      65 |  71.4
   Vaults:2 |   22972 |   12471 |  35.2 |      36 |      18 |  33.3
   Vaults:3 |   26889 |   20929 |  43.8 |      38 |      22 |  36.7
   Vaults:4 |   22477 |   44581 |  66.5 |      29 |      53 |  64.6
   Vaults:5 |    8915 |   96020 |  91.5 |      14 |      84 |  85.7
    Crypt:1 |   18799 |   17598 |  48.4 |      28 |      14 |  33.3
    Crypt:2 |   25311 |    5607 |  18.1 |      37 |      12 |  24.5
    Crypt:3 |       0 |   61652 | 100.0 |       0 |      88 | 100.0
     Tomb:1 |   13573 |   85641 |  86.3 |      27 |      48 |  64.0
     Tomb:2 |   15360 |   38560 |  71.5 |      37 |      53 |  58.9
     Tomb:3 |   10426 |   58102 |  84.8 |      22 |      59 |  72.8
   Depths:1 |   30067 |   23716 |  44.1 |      35 |      25 |  41.7
   Depths:2 |   32151 |   44564 |  58.1 |      42 |      38 |  47.5
   Depths:3 |   33852 |   29318 |  46.4 |      39 |      18 |  31.6
   Depths:4 |   14858 |   21132 |  58.7 |      16 |      25 |  61.0
      Zot:1 |   45569 |       0 |   0.0 |      43 |       0 |   0.0
      Zot:2 |   51624 |       0 |   0.0 |      45 |       0 |   0.0
      Zot:3 |   37009 |   37911 |  50.6 |      32 |      51 |  61.4
      Zot:4 |   27677 |       0 |   0.0 |      21 |       0 |   0.0
    Abyss:2 |   29907 |       0 |   0.0 |      51 |       0 |   0.0
        Pan |  195013 |   80835 |  29.3 |     296 |      83 |  21.9
            +---------+---------+-------+---------+---------+-------
